Workbook
Name Customer: #REF!
Name Regions: #REF!

Sheet Budget
C1: 45292 | D1: 45323 | E1: 45352 | F1: 45383 | G1: 45413 | H1: 45444 | I1: 45474 | J1: 45505 | K1: 45536 | L1: 45566 | M1: 45597 | N1: 45627 | O1: FY 24 | P1: 45658 | Q1: 45689 | R1: 45717 | S1: 45748 | T1: 45778 | U1: 45809 | V1: 45839 | W1: 45870 | X1: 45901 | Y1: 45931 | Z1: 45962 | AA1: 45992 | AB1: FY 24 | AD1: Budget | AF1: Variance
C2: M 01 | D2: M 02 | E2: M 03 | F2: M 04 | G2: M 05 | H2: M 06 | I2: M 07 | J2: M 08 | K2: M 09 | L2: M 10 | M2: M 11 | N2: M 12 | O2: Y 03 | P2: M 01 | Q2: M 02 | R2: M 03 | S2: M 04 | T2: M 05 | U2: M 06 | V2: M 07 | W2: M 08 | X2: M 09 | Y2: M 10 | Z2: M 11 | AA2: M 12 | AB2: Y 03 | AD2: 2025
A5: Income
A6: Project Income - Subcontractors | C6: {=( SUM(('Export (QBO)'!$G$2:$G$99999>=Budget!C$1)*('Export (QBO)'!$G$2:$G$99999<=((EOMONTH(Budget!C$1,0))))*('Export (QBO)'!$J$2:$J$99999=$A6)*('Export (QBO)'!$I$2:$I$99999)) )} -> 0 | D6: {=( SUM(('Export (QBO)'!$G$2:$G$99999>=Budget!D$1)*('Export (QBO)'!$G$2:$G$99999<=((EOMONTH(Budget!D$1,0))))*('Export (QBO)'!$J$2:$J$99999=$A6)*('Export (QBO)'!$I$2:$I$99999)) )} -> 0 | E6: {=( SUM(('Export (QBO)'!$G$2:$G$99999>=Budget!E$1)*('Export (QBO)'!$G$2:$G$99999<=((EOMONTH(Budget!E$1,0))))*('Export (QBO)'!$J$2:$J$99999=$A6)*('Export (QBO)'!$I$2:$I$99999)) )} -> 0 | F6: {=( SUM(('Export (QBO)'!$G$2:$G$99999>=Budget!F$1)*('Export (QBO)'!$G$2:$G$99999<=((EOMONTH(Budget!F$1,0))))*('Export (QBO)'!$J$2:$J$99999=$A6)*('Export (QBO)'!$I$2:$I$99999)) )} -> 0 | G6: {=( SUM(('Export (QBO)'!$G$2:$G$99999>=Budget!G$1)*('Export (QBO)'!$G$2:$G$99999<=((EOMONTH(Budget!G$1,0))))*('Export (QBO)'!$J$2:$J$99999=$A6)*('Export (QBO)'!$I$2:$I$99999)) )} -> 0 | H6: {=( SUM(('Export (QBO)'!$G$2:$G$99999>=Budget!H$1)*('Export (QBO)'!$G$2:$G$99999<=((EOMONTH(Budget!H$1,0))))*('Export (QBO)'!$J$2:$J$99999=$A6)*('Export (QBO)'!$I$2:$I$99999)) )} -> 0 | I6: {=( SUM(('Export (QBO)'!$G$2:$G$99999>=Budget!I$1)*('Export (QBO)'!$G$2:$G$99999<=((EOMONTH(Budget!I$1,0))))*('Export (QBO)'!$J$2:$J$99999=$A6)*('Export (QBO)'!$I$2:$I$99999)) )} -> 20418.38 | J6: {=( SUM(('Export (QBO)'!$G$2:$G$99999>=Budget!J$1)*('Export (QBO)'!$G$2:$G$99999<=((EOMONTH(Budget!J$1,0))))*('Export (QBO)'!$J$2:$J$99999=$A6)*('Export (QBO)'!$I$2:$I$99999)) )} -> 0 | ... N6: {=( SUM(('Export (QBO)'!$G$2:$G$99999>=Budget!N$1)*('Export (QBO)'!$G$2:$G$99999<=((EOMONTH(Budget!N$1,0))))*('Export (QBO)'!$J$2:$J$99999=$A6)*('Export (QBO)'!$I$2:$I$99999)) )} -> 0 | O6: =SUM(C6:N6) -> 20418.38 | P6: {=( SUM(('Export (QBO)'!$G$2:$G$99999>=Budget!P$1)*('Export (QBO)'!$G$2:$G$99999<=((EOMONTH(Budget!P$1,0))))*('Export (QBO)'!$J$2:$J$99999=$A6)*('Export (QBO)'!$I$2:$I$99999)) )} -> 8142.7 | Q6: {=( SUM(('Export (QBO)'!$G$2:$G$99999>=Budget!Q$1)*('Export (QBO)'!$G$2:$G$99999<=((EOMONTH(Budget!Q$1,0))))*('Export (QBO)'!$J$2:$J$99999=$A6)*('Export (QBO)'!$I$2:$I$99999)) )} -> 0 | R6: {=( SUM(('Export (QBO)'!$G$2:$G$99999>=Budget!R$1)*('Export (QBO)'!$G$2:$G$99999<=((EOMONTH(Budget!R$1,0))))*('Export (QBO)'!$J$2:$J$99999=$A6)*('Export (QBO)'!$I$2:$I$99999)) )} -> 0 | S6: {=( SUM(('Export (QBO)'!$G$2:$G$99999>=Budget!S$1)*('Export (QBO)'!$G$2:$G$99999<=((EOMONTH(Budget!S$1,0))))*('Export (QBO)'!$J$2:$J$99999=$A6)*('Export (QBO)'!$I$2:$I$99999)) )} -> 0 | T6: {=( SUM(('Export (QBO)'!$G$2:$G$99999>=Budget!T$1)*('Export (QBO)'!$G$2:$G$99999<=((EOMONTH(Budget!T$1,0))))*('Export (QBO)'!$J$2:$J$99999=$A6)*('Export (QBO)'!$I$2:$I$99999)) )} -> 0 | U6: {=( SUM(('Export (QBO)'!$G$2:$G$99999>=Budget!U$1)*('Export (QBO)'!$G$2:$G$99999<=((EOMONTH(Budget!U$1,0))))*('Export (QBO)'!$J$2:$J$99999=$A6)*('Export (QBO)'!$I$2:$I$99999)) )} -> 0 | V6: {=( SUM(('Export (QBO)'!$G$2:$G$99999>=Budget!V$1)*('Export (QBO)'!$G$2:$G$99999<=((EOMONTH(Budget!V$1,0))))*('Export (QBO)'!$J$2:$J$99999=$A6)*('Export (QBO)'!$I$2:$I$99999)) )} -> 0 | W6: {=( SUM(('Export (QBO)'!$G$2:$G$99999>=Budget!W$1)*('Export (QBO)'!$G$2:$G$99999<=((EOMONTH(Budget!W$1,0))))*('Export (QBO)'!$J$2:$J$99999=$A6)*('Export (QBO)'!$I$2:$I$99999)) )} -> 0 | ... AA6: {=( SUM(('Export (QBO)'!$G$2:$G$99999>=Budget!AA$1)*('Export (QBO)'!$G$2:$G$99999<=((EOMONTH(Budget!AA$1,0))))*('Export (QBO)'!$J$2:$J$99999=$A6)*('Export (QBO)'!$I$2:$I$99999)) )} -> 0 | AB6: =SUM(P6:AA6) -> 8142.7
A7: Project Income - Materials | C7: {=( SUM(('Export (QBO)'!$G$2:$G$99999>=Budget!C$1)*('Export (QBO)'!$G$2:$G$99999<=((EOMONTH(Budget!C$1,0))))*('Export (QBO)'!$J$2:$J$99999=$A7)*('Export (QBO)'!$I$2:$I$99999)) )} -> 0 | D7: {=( SUM(('Export (QBO)'!$G$2:$G$99999>=Budget!D$1)*('Export (QBO)'!$G$2:$G$99999<=((EOMONTH(Budget!D$1,0))))*('Export (QBO)'!$J$2:$J$99999=$A7)*('Export (QBO)'!$I$2:$I$99999)) )} -> 0 | E7: {=( SUM(('Export (QBO)'!$G$2:$G$99999>=Budget!E$1)*('Export (QBO)'!$G$2:$G$99999<=((EOMONTH(Budget!E$1,0))))*('Export (QBO)'!$J$2:$J$99999=$A7)*('Export (QBO)'!$I$2:$I$99999)) )} -> 0 | F7: {=( SUM(('Export (QBO)'!$G$2:$G$99999>=Budget!F$1)*('Export (QBO)'!$G$2:$G$99999<=((EOMONTH(Budget!F$1,0))))*('Export (QBO)'!$J$2:$J$99999=$A7)*('Export (QBO)'!$I$2:$I$99999)) )} -> 0 | G7: {=( SUM(('Export (QBO)'!$G$2:$G$99999>=Budget!G$1)*('Export (QBO)'!$G$2:$G$99999<=((EOMONTH(Budget!G$1,0))))*('Export (QBO)'!$J$2:$J$99999=$A7)*('Export (QBO)'!$I$2:$I$99999)) )} -> 0 | H7: {=( SUM(('Export (QBO)'!$G$2:$G$99999>=Budget!H$1)*('Export (QBO)'!$G$2:$G$99999<=((EOMONTH(Budget!H$1,0))))*('Export (QBO)'!$J$2:$J$99999=$A7)*('Export (QBO)'!$I$2:$I$99999)) )} -> 0 | I7: {=( SUM(('Export (QBO)'!$G$2:$G$99999>=Budget!I$1)*('Export (QBO)'!$G$2:$G$99999<=((EOMONTH(Budget!I$1,0))))*('Export (QBO)'!$J$2:$J$99999=$A7)*('Export (QBO)'!$I$2:$I$99999)) )} -> 5592.03 | J7: {=( SUM(('Export (QBO)'!$G$2:$G$99999>=Budget!J$1)*('Export (QBO)'!$G$2:$G$99999<=((EOMONTH(Budget!J$1,0))))*('Export (QBO)'!$J$2:$J$99999=$A7)*('Export (QBO)'!$I$2:$I$99999)) )} -> 524.32 | ... N7: {=( SUM(('Export (QBO)'!$G$2:$G$99999>=Budget!N$1)*('Export (QBO)'!$G$2:$G$99999<=((EOMONTH(Budget!N$1,0))))*('Export (QBO)'!$J$2:$J$99999=$A7)*('Export (QBO)'!$I$2:$I$99999)) )} -> 10240.18 | O7: =SUM(C7:N7) -> 26805.13 | P7: {=( SUM(('Export (QBO)'!$G$2:$G$99999>=Budget!P$1)*('Export (QBO)'!$G$2:$G$99999<=((EOMONTH(Budget!P$1,0))))*('Export (QBO)'!$J$2:$J$99999=$A7)*('Export (QBO)'!$I$2:$I$99999)) )} -> 5825.32 | Q7: {=( SUM(('Export (QBO)'!$G$2:$G$99999>=Budget!Q$1)*('Export (QBO)'!$G$2:$G$99999<=((EOMONTH(Budget!Q$1,0))))*('Export (QBO)'!$J$2:$J$99999=$A7)*('Export (QBO)'!$I$2:$I$99999)) )} -> 0 | R7: {=( SUM(('Export (QBO)'!$G$2:$G$99999>=Budget!R$1)*('Export (QBO)'!$G$2:$G$99999<=((EOMONTH(Budget!R$1,0))))*('Export (QBO)'!$J$2:$J$99999=$A7)*('Export (QBO)'!$I$2:$I$99999)) )} -> 0 | S7: {=( SUM(('Export (QBO)'!$G$2:$G$99999>=Budget!S$1)*('Export (QBO)'!$G$2:$G$99999<=((EOMONTH(Budget!S$1,0))))*('Export (QBO)'!$J$2:$J$99999=$A7)*('Export (QBO)'!$I$2:$I$99999)) )} -> 0 | T7: {=( SUM(('Export (QBO)'!$G$2:$G$99999>=Budget!T$1)*('Export (QBO)'!$G$2:$G$99999<=((EOMONTH(Budget!T$1,0))))*('Export (QBO)'!$J$2:$J$99999=$A7)*('Export (QBO)'!$I$2:$I$99999)) )} -> 0 | U7: {=( SUM(('Export (QBO)'!$G$2:$G$99999>=Budget!U$1)*('Export (QBO)'!$G$2:$G$99999<=((EOMONTH(Budget!U$1,0))))*('Export (QBO)'!$J$2:$J$99999=$A7)*('Export (QBO)'!$I$2:$I$99999)) )} -> 0 | V7: {=( SUM(('Export (QBO)'!$G$2:$G$99999>=Budget!V$1)*('Export (QBO)'!$G$2:$G$99999<=((EOMONTH(Budget!V$1,0))))*('Export (QBO)'!$J$2:$J$99999=$A7)*('Export (QBO)'!$I$2:$I$99999)) )} -> 0 | W7: {=( SUM(('Export (QBO)'!$G$2:$G$99999>=Budget!W$1)*('Export (QBO)'!$G$2:$G$99999<=((EOMONTH(Budget!W$1,0))))*('Export (QBO)'!$J$2:$J$99999=$A7)*('Export (QBO)'!$I$2:$I$99999)) )} -> 0 | ... AA7: {=( SUM(('Export (QBO)'!$G$2:$G$99999>=Budget!AA$1)*('Export (QBO)'!$G$2:$G$99999<=((EOMONTH(Budget!AA$1,0))))*('Export (QBO)'!$J$2:$J$99999=$A7)*('Export (QBO)'!$I$2:$I$99999)) )} -> 0 | AB7: =SUM(P7:AA7) -> 5825.32
A8: Labour Income - Consulting | C8: {=( SUM(('Export (QBO)'!$G$2:$G$99999>=Budget!C$1)*('Export (QBO)'!$G$2:$G$99999<=((EOMONTH(Budget!C$1,0))))*('Export (QBO)'!$J$2:$J$99999=$A8)*('Export (QBO)'!$I$2:$I$99999)) )} -> 0 | D8: {=( SUM(('Export (QBO)'!$G$2:$G$99999>=Budget!D$1)*('Export (QBO)'!$G$2:$G$99999<=((EOMONTH(Budget!D$1,0))))*('Export (QBO)'!$J$2:$J$99999=$A8)*('Export (QBO)'!$I$2:$I$99999)) )} -> 0 | E8: {=( SUM(('Export (QBO)'!$G$2:$G$99999>=Budget!E$1)*('Export (QBO)'!$G$2:$G$99999<=((EOMONTH(Budget!E$1,0))))*('Export (QBO)'!$J$2:$J$99999=$A8)*('Export (QBO)'!$I$2:$I$99999)) )} -> 0 | F8: {=( SUM(('Export (QBO)'!$G$2:$G$99999>=Budget!F$1)*('Export (QBO)'!$G$2:$G$99999<=((EOMONTH(Budget!F$1,0))))*('Export (QBO)'!$J$2:$J$99999=$A8)*('Export (QBO)'!$I$2:$I$99999)) )} -> 0 | G8: {=( SUM(('Export (QBO)'!$G$2:$G$99999>=Budget!G$1)*('Export (QBO)'!$G$2:$G$99999<=((EOMONTH(Budget!G$1,0))))*('Export (QBO)'!$J$2:$J$99999=$A8)*('Export (QBO)'!$I$2:$I$99999)) )} -> 0 | H8: {=( SUM(('Export (QBO)'!$G$2:$G$99999>=Budget!H$1)*('Export (QBO)'!$G$2:$G$99999<=((EOMONTH(Budget!H$1,0))))*('Export (QBO)'!$J$2:$J$99999=$A8)*('Export (QBO)'!$I$2:$I$99999)) )} -> 0 | I8: {=( SUM(('Export (QBO)'!$G$2:$G$99999>=Budget!I$1)*('Export (QBO)'!$G$2:$G$99999<=((EOMONTH(Budget!I$1,0))))*('Export (QBO)'!$J$2:$J$99999=$A8)*('Export (QBO)'!$I$2:$I$99999)) )} -> 0 | J8: {=( SUM(('Export (QBO)'!$G$2:$G$99999>=Budget!J$1)*('Export (QBO)'!$G$2:$G$99999<=((EOMONTH(Budget!J$1,0))))*('Export (QBO)'!$J$2:$J$99999=$A8)*('Export (QBO)'!$I$2:$I$99999)) )} -> 0 | ... N8: {=( SUM(('Export (QBO)'!$G$2:$G$99999>=Budget!N$1)*('Export (QBO)'!$G$2:$G$99999<=((EOMONTH(Budget!N$1,0))))*('Export (QBO)'!$J$2:$J$99999=$A8)*('Export (QBO)'!$I$2:$I$99999)) )} -> 0 | O8: =SUM(C8:N8) -> 0 | P8: {=( SUM(('Export (QBO)'!$G$2:$G$99999>=Budget!P$1)*('Export (QBO)'!$G$2:$G$99999<=((EOMONTH(Budget!P$1,0))))*('Export (QBO)'!$J$2:$J$99999=$A8)*('Export (QBO)'!$I$2:$I$99999)) )} -> 0 | Q8: {=( SUM(('Export (QBO)'!$G$2:$G$99999>=Budget!Q$1)*('Export (QBO)'!$G$2:$G$99999<=((EOMONTH(Budget!Q$1,0))))*('Export (QBO)'!$J$2:$J$99999=$A8)*('Export (QBO)'!$I$2:$I$99999)) )} -> 0 | R8: {=( SUM(('Export (QBO)'!$G$2:$G$99999>=Budget!R$1)*('Export (QBO)'!$G$2:$G$99999<=((EOMONTH(Budget!R$1,0))))*('Export (QBO)'!$J$2:$J$99999=$A8)*('Export (QBO)'!$I$2:$I$99999)) )} -> 0 | S8: {=( SUM(('Export (QBO)'!$G$2:$G$99999>=Budget!S$1)*('Export (QBO)'!$G$2:$G$99999<=((EOMONTH(Budget!S$1,0))))*('Export (QBO)'!$J$2:$J$99999=$A8)*('Export (QBO)'!$I$2:$I$99999)) )} -> 0 | T8: {=( SUM(('Export (QBO)'!$G$2:$G$99999>=Budget!T$1)*('Export (QBO)'!$G$2:$G$99999<=((EOMONTH(Budget!T$1,0))))*('Export (QBO)'!$J$2:$J$99999=$A8)*('Export (QBO)'!$I$2:$I$99999)) )} -> 0 | U8: {=( SUM(('Export (QBO)'!$G$2:$G$99999>=Budget!U$1)*('Export (QBO)'!$G$2:$G$99999<=((EOMONTH(Budget!U$1,0))))*('Export (QBO)'!$J$2:$J$99999=$A8)*('Export (QBO)'!$I$2:$I$99999)) )} -> 0 | V8: {=( SUM(('Export (QBO)'!$G$2:$G$99999>=Budget!V$1)*('Export (QBO)'!$G$2:$G$99999<=((EOMONTH(Budget!V$1,0))))*('Export (QBO)'!$J$2:$J$99999=$A8)*('Export (QBO)'!$I$2:$I$99999)) )} -> 0 | W8: {=( SUM(('Export (QBO)'!$G$2:$G$99999>=Budget!W$1)*('Export (QBO)'!$G$2:$G$99999<=((EOMONTH(Budget!W$1,0))))*('Export (QBO)'!$J$2:$J$99999=$A8)*('Export (QBO)'!$I$2:$I$99999)) )} -> 0 | ... AA8: {=( SUM(('Export (QBO)'!$G$2:$G$99999>=Budget!AA$1)*('Export (QBO)'!$G$2:$G$99999<=((EOMONTH(Budget!AA$1,0))))*('Export (QBO)'!$J$2:$J$99999=$A8)*('Export (QBO)'!$I$2:$I$99999)) )} -> 0 | AB8: =SUM(P8:AA8) -> 0
A9: Labour - Management ($) | C9: {=( SUM(('Export (QBO)'!$G$2:$G$99999>=Budget!C$1)*('Export (QBO)'!$G$2:$G$99999<=((EOMONTH(Budget!C$1,0))))*('Export (QBO)'!$J$2:$J$99999=$A9)*('Export (QBO)'!$I$2:$I$99999)) )} -> 59893.36 | D9: {=( SUM(('Export (QBO)'!$G$2:$G$99999>=Budget!D$1)*('Export (QBO)'!$G$2:$G$99999<=((EOMONTH(Budget!D$1,0))))*('Export (QBO)'!$J$2:$J$99999=$A9)*('Export (QBO)'!$I$2:$I$99999)) )} -> 659276.28 | E9: {=( SUM(('Export (QBO)'!$G$2:$G$99999>=Budget!E$1)*('Export (QBO)'!$G$2:$G$99999<=((EOMONTH(Budget!E$1,0))))*('Export (QBO)'!$J$2:$J$99999=$A9)*('Export (QBO)'!$I$2:$I$99999)) )} -> 306000 | F9: {=( SUM(('Export (QBO)'!$G$2:$G$99999>=Budget!F$1)*('Export (QBO)'!$G$2:$G$99999<=((EOMONTH(Budget!F$1,0))))*('Export (QBO)'!$J$2:$J$99999=$A9)*('Export (QBO)'!$I$2:$I$99999)) )} -> 336993.54 | G9: {=( SUM(('Export (QBO)'!$G$2:$G$99999>=Budget!G$1)*('Export (QBO)'!$G$2:$G$99999<=((EOMONTH(Budget!G$1,0))))*('Export (QBO)'!$J$2:$J$99999=$A9)*('Export (QBO)'!$I$2:$I$99999)) )} -> 60012.1 | H9: {=( SUM(('Export (QBO)'!$G$2:$G$99999>=Budget!H$1)*('Export (QBO)'!$G$2:$G$99999<=((EOMONTH(Budget!H$1,0))))*('Export (QBO)'!$J$2:$J$99999=$A9)*('Export (QBO)'!$I$2:$I$99999)) )} -> 79191.12 | I9: {=( SUM(('Export (QBO)'!$G$2:$G$99999>=Budget!I$1)*('Export (QBO)'!$G$2:$G$99999<=((EOMONTH(Budget!I$1,0))))*('Export (QBO)'!$J$2:$J$99999=$A9)*('Export (QBO)'!$I$2:$I$99999)) )} -> 228778.35 | J9: {=( SUM(('Export (QBO)'!$G$2:$G$99999>=Budget!J$1)*('Export (QBO)'!$G$2:$G$99999<=((EOMONTH(Budget!J$1,0))))*('Export (QBO)'!$J$2:$J$99999=$A9)*('Export (QBO)'!$I$2:$I$99999)) )} -> 321039.12 | ... N9: {=( SUM(('Export (QBO)'!$G$2:$G$99999>=Budget!N$1)*('Export (QBO)'!$G$2:$G$99999<=((EOMONTH(Budget!N$1,0))))*('Export (QBO)'!$J$2:$J$99999=$A9)*('Export (QBO)'!$I$2:$I$99999)) )} -> 166950.3 | O9: =SUM(C9:N9) -> 3951538.2 | P9: {=( SUM(('Export (QBO)'!$G$2:$G$99999>=Budget!P$1)*('Export (QBO)'!$G$2:$G$99999<=((EOMONTH(Budget!P$1,0))))*('Export (QBO)'!$J$2:$J$99999=$A9)*('Export (QBO)'!$I$2:$I$99999)) )} -> 0 | Q9: {=( SUM(('Export (QBO)'!$G$2:$G$99999>=Budget!Q$1)*('Export (QBO)'!$G$2:$G$99999<=((EOMONTH(Budget!Q$1,0))))*('Export (QBO)'!$J$2:$J$99999=$A9)*('Export (QBO)'!$I$2:$I$99999)) )} -> 0 | R9: {=( SUM(('Export (QBO)'!$G$2:$G$99999>=Budget!R$1)*('Export (QBO)'!$G$2:$G$99999<=((EOMONTH(Budget!R$1,0))))*('Export (QBO)'!$J$2:$J$99999=$A9)*('Export (QBO)'!$I$2:$I$99999)) )} -> 0 | S9: {=( SUM(('Export (QBO)'!$G$2:$G$99999>=Budget!S$1)*('Export (QBO)'!$G$2:$G$99999<=((EOMONTH(Budget!S$1,0))))*('Export (QBO)'!$J$2:$J$99999=$A9)*('Export (QBO)'!$I$2:$I$99999)) )} -> 0 | T9: {=( SUM(('Export (QBO)'!$G$2:$G$99999>=Budget!T$1)*('Export (QBO)'!$G$2:$G$99999<=((EOMONTH(Budget!T$1,0))))*('Export (QBO)'!$J$2:$J$99999=$A9)*('Export (QBO)'!$I$2:$I$99999)) )} -> 0 | U9: {=( SUM(('Export (QBO)'!$G$2:$G$99999>=Budget!U$1)*('Export (QBO)'!$G$2:$G$99999<=((EOMONTH(Budget!U$1,0))))*('Export (QBO)'!$J$2:$J$99999=$A9)*('Export (QBO)'!$I$2:$I$99999)) )} -> 0 | V9: {=( SUM(('Export (QBO)'!$G$2:$G$99999>=Budget!V$1)*('Export (QBO)'!$G$2:$G$99999<=((EOMONTH(Budget!V$1,0))))*('Export (QBO)'!$J$2:$J$99999=$A9)*('Export (QBO)'!$I$2:$I$99999)) )} -> 0 | W9: {=( SUM(('Export (QBO)'!$G$2:$G$99999>=Budget!W$1)*('Export (QBO)'!$G$2:$G$99999<=((EOMONTH(Budget!W$1,0))))*('Export (QBO)'!$J$2:$J$99999=$A9)*('Export (QBO)'!$I$2:$I$99999)) )} -> 0 | ... AA9: {=( SUM(('Export (QBO)'!$G$2:$G$99999>=Budget!AA$1)*('Export (QBO)'!$G$2:$G$99999<=((EOMONTH(Budget!AA$1,0))))*('Export (QBO)'!$J$2:$J$99999=$A9)*('Export (QBO)'!$I$2:$I$99999)) )} -> 0 | AB9: =SUM(P9:AA9) -> 0
A10: Labour - General ($) | C10: {=( SUM(('Export (QBO)'!$G$2:$G$99999>=Budget!C$1)*('Export (QBO)'!$G$2:$G$99999<=((EOMONTH(Budget!C$1,0))))*('Export (QBO)'!$J$2:$J$99999=$A10)*('Export (QBO)'!$I$2:$I$99999)) )} -> 0 | D10: {=( SUM(('Export (QBO)'!$G$2:$G$99999>=Budget!D$1)*('Export (QBO)'!$G$2:$G$99999<=((EOMONTH(Budget!D$1,0))))*('Export (QBO)'!$J$2:$J$99999=$A10)*('Export (QBO)'!$I$2:$I$99999)) )} -> 0 | E10: {=( SUM(('Export (QBO)'!$G$2:$G$99999>=Budget!E$1)*('Export (QBO)'!$G$2:$G$99999<=((EOMONTH(Budget!E$1,0))))*('Export (QBO)'!$J$2:$J$99999=$A10)*('Export (QBO)'!$I$2:$I$99999)) )} -> 0 | F10: {=( SUM(('Export (QBO)'!$G$2:$G$99999>=Budget!F$1)*('Export (QBO)'!$G$2:$G$99999<=((EOMONTH(Budget!F$1,0))))*('Export (QBO)'!$J$2:$J$99999=$A10)*('Export (QBO)'!$I$2:$I$99999)) )} -> 0 | G10: {=( SUM(('Export (QBO)'!$G$2:$G$99999>=Budget!G$1)*('Export (QBO)'!$G$2:$G$99999<=((EOMONTH(Budget!G$1,0))))*('Export (QBO)'!$J$2:$J$99999=$A10)*('Export (QBO)'!$I$2:$I$99999)) )} -> 0 | H10: {=( SUM(('Export (QBO)'!$G$2:$G$99999>=Budget!H$1)*('Export (QBO)'!$G$2:$G$99999<=((EOMONTH(Budget!H$1,0))))*('Export (QBO)'!$J$2:$J$99999=$A10)*('Export (QBO)'!$I$2:$I$99999)) )} -> 0 | I10: {=( SUM(('Export (QBO)'!$G$2:$G$99999>=Budget!I$1)*('Export (QBO)'!$G$2:$G$99999<=((EOMONTH(Budget!I$1,0))))*('Export (QBO)'!$J$2:$J$99999=$A10)*('Export (QBO)'!$I$2:$I$99999)) )} -> 0 | J10: {=( SUM(('Export (QBO)'!$G$2:$G$99999>=Budget!J$1)*('Export (QBO)'!$G$2:$G$99999<=((EOMONTH(Budget!J$1,0))))*('Export (QBO)'!$J$2:$J$99999=$A10)*('Export (QBO)'!$I$2:$I$99999)) )} -> 0 | ... N10: {=( SUM(('Export (QBO)'!$G$2:$G$99999>=Budget!N$1)*('Export (QBO)'!$G$2:$G$99999<=((EOMONTH(Budget!N$1,0))))*('Export (QBO)'!$J$2:$J$99999=$A10)*('Export (QBO)'!$I$2:$I$99999)) )} -> 0 | O10: =SUM(C10:N10) -> 0 | P10: {=( SUM(('Export (QBO)'!$G$2:$G$99999>=Budget!P$1)*('Export (QBO)'!$G$2:$G$99999<=((EOMONTH(Budget!P$1,0))))*('Export (QBO)'!$J$2:$J$99999=$A10)*('Export (QBO)'!$I$2:$I$99999)) )} -> 32305 | Q10: {=( SUM(('Export (QBO)'!$G$2:$G$99999>=Budget!Q$1)*('Export (QBO)'!$G$2:$G$99999<=((EOMONTH(Budget!Q$1,0))))*('Export (QBO)'!$J$2:$J$99999=$A10)*('Export (QBO)'!$I$2:$I$99999)) )} -> 0 | R10: {=( SUM(('Export (QBO)'!$G$2:$G$99999>=Budget!R$1)*('Export (QBO)'!$G$2:$G$99999<=((EOMONTH(Budget!R$1,0))))*('Export (QBO)'!$J$2:$J$99999=$A10)*('Export (QBO)'!$I$2:$I$99999)) )} -> 0 | S10: {=( SUM(('Export (QBO)'!$G$2:$G$99999>=Budget!S$1)*('Export (QBO)'!$G$2:$G$99999<=((EOMONTH(Budget!S$1,0))))*('Export (QBO)'!$J$2:$J$99999=$A10)*('Export (QBO)'!$I$2:$I$99999)) )} -> 0 | T10: {=( SUM(('Export (QBO)'!$G$2:$G$99999>=Budget!T$1)*('Export (QBO)'!$G$2:$G$99999<=((EOMONTH(Budget!T$1,0))))*('Export (QBO)'!$J$2:$J$99999=$A10)*('Export (QBO)'!$I$2:$I$99999)) )} -> 0 | U10: {=( SUM(('Export (QBO)'!$G$2:$G$99999>=Budget!U$1)*('Export (QBO)'!$G$2:$G$99999<=((EOMONTH(Budget!U$1,0))))*('Export (QBO)'!$J$2:$J$99999=$A10)*('Export (QBO)'!$I$2:$I$99999)) )} -> 0 | V10: {=( SUM(('Export (QBO)'!$G$2:$G$99999>=Budget!V$1)*('Export (QBO)'!$G$2:$G$99999<=((EOMONTH(Budget!V$1,0))))*('Export (QBO)'!$J$2:$J$99999=$A10)*('Export (QBO)'!$I$2:$I$99999)) )} -> 0 | W10: {=( SUM(('Export (QBO)'!$G$2:$G$99999>=Budget!W$1)*('Export (QBO)'!$G$2:$G$99999<=((EOMONTH(Budget!W$1,0))))*('Export (QBO)'!$J$2:$J$99999=$A10)*('Export (QBO)'!$I$2:$I$99999)) )} -> 0 | ... AA10: {=( SUM(('Export (QBO)'!$G$2:$G$99999>=Budget!AA$1)*('Export (QBO)'!$G$2:$G$99999<=((EOMONTH(Budget!AA$1,0))))*('Export (QBO)'!$J$2:$J$99999=$A10)*('Export (QBO)'!$I$2:$I$99999)) )} -> 0 | AB10: =SUM(P10:AA10) -> 32305
A11: Labour - Margin (20%) | C11: {=( SUM(('Export (QBO)'!$G$2:$G$99999>=Budget!C$1)*('Export (QBO)'!$G$2:$G$99999<=((EOMONTH(Budget!C$1,0))))*('Export (QBO)'!$J$2:$J$99999=$A11)*('Export (QBO)'!$I$2:$I$99999)) )} -> 0 | D11: {=( SUM(('Export (QBO)'!$G$2:$G$99999>=Budget!D$1)*('Export (QBO)'!$G$2:$G$99999<=((EOMONTH(Budget!D$1,0))))*('Export (QBO)'!$J$2:$J$99999=$A11)*('Export (QBO)'!$I$2:$I$99999)) )} -> 0 | E11: {=( SUM(('Export (QBO)'!$G$2:$G$99999>=Budget!E$1)*('Export (QBO)'!$G$2:$G$99999<=((EOMONTH(Budget!E$1,0))))*('Export (QBO)'!$J$2:$J$99999=$A11)*('Export (QBO)'!$I$2:$I$99999)) )} -> 0 | F11: {=( SUM(('Export (QBO)'!$G$2:$G$99999>=Budget!F$1)*('Export (QBO)'!$G$2:$G$99999<=((EOMONTH(Budget!F$1,0))))*('Export (QBO)'!$J$2:$J$99999=$A11)*('Export (QBO)'!$I$2:$I$99999)) )} -> 0 | G11: {=( SUM(('Export (QBO)'!$G$2:$G$99999>=Budget!G$1)*('Export (QBO)'!$G$2:$G$99999<=((EOMONTH(Budget!G$1,0))))*('Export (QBO)'!$J$2:$J$99999=$A11)*('Export (QBO)'!$I$2:$I$99999)) )} -> 0 | H11: {=( SUM(('Export (QBO)'!$G$2:$G$99999>=Budget!H$1)*('Export (QBO)'!$G$2:$G$99999<=((EOMONTH(Budget!H$1,0))))*('Export (QBO)'!$J$2:$J$99999=$A11)*('Export (QBO)'!$I$2:$I$99999)) )} -> 0 | I11: {=( SUM(('Export (QBO)'!$G$2:$G$99999>=Budget!I$1)*('Export (QBO)'!$G$2:$G$99999<=((EOMONTH(Budget!I$1,0))))*('Export (QBO)'!$J$2:$J$99999=$A11)*('Export (QBO)'!$I$2:$I$99999)) )} -> 0 | J11: {=( SUM(('Export (QBO)'!$G$2:$G$99999>=Budget!J$1)*('Export (QBO)'!$G$2:$G$99999<=((EOMONTH(Budget!J$1,0))))*('Export (QBO)'!$J$2:$J$99999=$A11)*('Export (QBO)'!$I$2:$I$99999)) )} -> 0 | ... N11: {=( SUM(('Export (QBO)'!$G$2:$G$99999>=Budget!N$1)*('Export (QBO)'!$G$2:$G$99999<=((EOMONTH(Budget!N$1,0))))*('Export (QBO)'!$J$2:$J$99999=$A11)*('Export (QBO)'!$I$2:$I$99999)) )} -> 0 | O11: =SUM(C11:N11) -> 0 | P11: {=( SUM(('Export (QBO)'!$G$2:$G$99999>=Budget!P$1)*('Export (QBO)'!$G$2:$G$99999<=((EOMONTH(Budget!P$1,0))))*('Export (QBO)'!$J$2:$J$99999=$A11)*('Export (QBO)'!$I$2:$I$99999)) )} -> 0 | Q11: {=( SUM(('Export (QBO)'!$G$2:$G$99999>=Budget!Q$1)*('Export (QBO)'!$G$2:$G$99999<=((EOMONTH(Budget!Q$1,0))))*('Export (QBO)'!$J$2:$J$99999=$A11)*('Export (QBO)'!$I$2:$I$99999)) )} -> 0 | R11: {=( SUM(('Export (QBO)'!$G$2:$G$99999>=Budget!R$1)*('Export (QBO)'!$G$2:$G$99999<=((EOMONTH(Budget!R$1,0))))*('Export (QBO)'!$J$2:$J$99999=$A11)*('Export (QBO)'!$I$2:$I$99999)) )} -> 0 | S11: {=( SUM(('Export (QBO)'!$G$2:$G$99999>=Budget!S$1)*('Export (QBO)'!$G$2:$G$99999<=((EOMONTH(Budget!S$1,0))))*('Export (QBO)'!$J$2:$J$99999=$A11)*('Export (QBO)'!$I$2:$I$99999)) )} -> 0 | T11: {=( SUM(('Export (QBO)'!$G$2:$G$99999>=Budget!T$1)*('Export (QBO)'!$G$2:$G$99999<=((EOMONTH(Budget!T$1,0))))*('Export (QBO)'!$J$2:$J$99999=$A11)*('Export (QBO)'!$I$2:$I$99999)) )} -> 0 | U11: {=( SUM(('Export (QBO)'!$G$2:$G$99999>=Budget!U$1)*('Export (QBO)'!$G$2:$G$99999<=((EOMONTH(Budget!U$1,0))))*('Export (QBO)'!$J$2:$J$99999=$A11)*('Export (QBO)'!$I$2:$I$99999)) )} -> 0 | V11: {=( SUM(('Export (QBO)'!$G$2:$G$99999>=Budget!V$1)*('Export (QBO)'!$G$2:$G$99999<=((EOMONTH(Budget!V$1,0))))*('Export (QBO)'!$J$2:$J$99999=$A11)*('Export (QBO)'!$I$2:$I$99999)) )} -> 0 | W11: {=( SUM(('Export (QBO)'!$G$2:$G$99999>=Budget!W$1)*('Export (QBO)'!$G$2:$G$99999<=((EOMONTH(Budget!W$1,0))))*('Export (QBO)'!$J$2:$J$99999=$A11)*('Export (QBO)'!$I$2:$I$99999)) )} -> 0 | ... AA11: {=( SUM(('Export (QBO)'!$G$2:$G$99999>=Budget!AA$1)*('Export (QBO)'!$G$2:$G$99999<=((EOMONTH(Budget!AA$1,0))))*('Export (QBO)'!$J$2:$J$99999=$A11)*('Export (QBO)'!$I$2:$I$99999)) )} -> 0 | AB11: =SUM(P11:AA11) -> 0
A12: Miscellaneous Income | C12: {=( SUM(('Export (QBO)'!$G$2:$G$99999>=Budget!C$1)*('Export (QBO)'!$G$2:$G$99999<=((EOMONTH(Budget!C$1,0))))*('Export (QBO)'!$J$2:$J$99999=$A12)*('Export (QBO)'!$I$2:$I$99999)) )} -> 0 | D12: {=( SUM(('Export (QBO)'!$G$2:$G$99999>=Budget!D$1)*('Export (QBO)'!$G$2:$G$99999<=((EOMONTH(Budget!D$1,0))))*('Export (QBO)'!$J$2:$J$99999=$A12)*('Export (QBO)'!$I$2:$I$99999)) )} -> 0 | E12: {=( SUM(('Export (QBO)'!$G$2:$G$99999>=Budget!E$1)*('Export (QBO)'!$G$2:$G$99999<=((EOMONTH(Budget!E$1,0))))*('Export (QBO)'!$J$2:$J$99999=$A12)*('Export (QBO)'!$I$2:$I$99999)) )} -> 0 | F12: {=( SUM(('Export (QBO)'!$G$2:$G$99999>=Budget!F$1)*('Export (QBO)'!$G$2:$G$99999<=((EOMONTH(Budget!F$1,0))))*('Export (QBO)'!$J$2:$J$99999=$A12)*('Export (QBO)'!$I$2:$I$99999)) )} -> 0.3 | G12: {=( SUM(('Export (QBO)'!$G$2:$G$99999>=Budget!G$1)*('Export (QBO)'!$G$2:$G$99999<=((EOMONTH(Budget!G$1,0))))*('Export (QBO)'!$J$2:$J$99999=$A12)*('Export (QBO)'!$I$2:$I$99999)) )} -> 0 | H12: {=( SUM(('Export (QBO)'!$G$2:$G$99999>=Budget!H$1)*('Export (QBO)'!$G$2:$G$99999<=((EOMONTH(Budget!H$1,0))))*('Export (QBO)'!$J$2:$J$99999=$A12)*('Export (QBO)'!$I$2:$I$99999)) )} -> 0 | I12: {=( SUM(('Export (QBO)'!$G$2:$G$99999>=Budget!I$1)*('Export (QBO)'!$G$2:$G$99999<=((EOMONTH(Budget!I$1,0))))*('Export (QBO)'!$J$2:$J$99999=$A12)*('Export (QBO)'!$I$2:$I$99999)) )} -> 0 | J12: {=( SUM(('Export (QBO)'!$G$2:$G$99999>=Budget!J$1)*('Export (QBO)'!$G$2:$G$99999<=((EOMONTH(Budget!J$1,0))))*('Export (QBO)'!$J$2:$J$99999=$A12)*('Export (QBO)'!$I$2:$I$99999)) )} -> 0 | ... N12: {=( SUM(('Export (QBO)'!$G$2:$G$99999>=Budget!N$1)*('Export (QBO)'!$G$2:$G$99999<=((EOMONTH(Budget!N$1,0))))*('Export (QBO)'!$J$2:$J$99999=$A12)*('Export (QBO)'!$I$2:$I$99999)) )} -> 0 | O12: =SUM(C12:N12) -> 0.3 | P12: {=( SUM(('Export (QBO)'!$G$2:$G$99999>=Budget!P$1)*('Export (QBO)'!$G$2:$G$99999<=((EOMONTH(Budget!P$1,0))))*('Export (QBO)'!$J$2:$J$99999=$A12)*('Export (QBO)'!$I$2:$I$99999)) )} -> 0 | Q12: {=( SUM(('Export (QBO)'!$G$2:$G$99999>=Budget!Q$1)*('Export (QBO)'!$G$2:$G$99999<=((EOMONTH(Budget!Q$1,0))))*('Export (QBO)'!$J$2:$J$99999=$A12)*('Export (QBO)'!$I$2:$I$99999)) )} -> 0 | R12: {=( SUM(('Export (QBO)'!$G$2:$G$99999>=Budget!R$1)*('Export (QBO)'!$G$2:$G$99999<=((EOMONTH(Budget!R$1,0))))*('Export (QBO)'!$J$2:$J$99999=$A12)*('Export (QBO)'!$I$2:$I$99999)) )} -> 0 | S12: {=( SUM(('Export (QBO)'!$G$2:$G$99999>=Budget!S$1)*('Export (QBO)'!$G$2:$G$99999<=((EOMONTH(Budget!S$1,0))))*('Export (QBO)'!$J$2:$J$99999=$A12)*('Export (QBO)'!$I$2:$I$99999)) )} -> 0 | T12: {=( SUM(('Export (QBO)'!$G$2:$G$99999>=Budget!T$1)*('Export (QBO)'!$G$2:$G$99999<=((EOMONTH(Budget!T$1,0))))*('Export (QBO)'!$J$2:$J$99999=$A12)*('Export (QBO)'!$I$2:$I$99999)) )} -> 0 | U12: {=( SUM(('Export (QBO)'!$G$2:$G$99999>=Budget!U$1)*('Export (QBO)'!$G$2:$G$99999<=((EOMONTH(Budget!U$1,0))))*('Export (QBO)'!$J$2:$J$99999=$A12)*('Export (QBO)'!$I$2:$I$99999)) )} -> 0 | V12: {=( SUM(('Export (QBO)'!$G$2:$G$99999>=Budget!V$1)*('Export (QBO)'!$G$2:$G$99999<=((EOMONTH(Budget!V$1,0))))*('Export (QBO)'!$J$2:$J$99999=$A12)*('Export (QBO)'!$I$2:$I$99999)) )} -> 0 | W12: {=( SUM(('Export (QBO)'!$G$2:$G$99999>=Budget!W$1)*('Export (QBO)'!$G$2:$G$99999<=((EOMONTH(Budget!W$1,0))))*('Export (QBO)'!$J$2:$J$99999=$A12)*('Export (QBO)'!$I$2:$I$99999)) )} -> 0 | ... AA12: {=( SUM(('Export (QBO)'!$G$2:$G$99999>=Budget!AA$1)*('Export (QBO)'!$G$2:$G$99999<=((EOMONTH(Budget!AA$1,0))))*('Export (QBO)'!$J$2:$J$99999=$A12)*('Export (QBO)'!$I$2:$I$99999)) )} -> 0 | AB12: =SUM(P12:AA12) -> 0
A13: Project Income - General Margin (20%) | C13: {=( SUM(('Export (QBO)'!$G$2:$G$99999>=Budget!C$1)*('Export (QBO)'!$G$2:$G$99999<=((EOMONTH(Budget!C$1,0))))*('Export (QBO)'!$J$2:$J$99999=$A13)*('Export (QBO)'!$I$2:$I$99999)) )} -> 0 | D13: {=( SUM(('Export (QBO)'!$G$2:$G$99999>=Budget!D$1)*('Export (QBO)'!$G$2:$G$99999<=((EOMONTH(Budget!D$1,0))))*('Export (QBO)'!$J$2:$J$99999=$A13)*('Export (QBO)'!$I$2:$I$99999)) )} -> 0 | E13: {=( SUM(('Export (QBO)'!$G$2:$G$99999>=Budget!E$1)*('Export (QBO)'!$G$2:$G$99999<=((EOMONTH(Budget!E$1,0))))*('Export (QBO)'!$J$2:$J$99999=$A13)*('Export (QBO)'!$I$2:$I$99999)) )} -> 0 | F13: {=( SUM(('Export (QBO)'!$G$2:$G$99999>=Budget!F$1)*('Export (QBO)'!$G$2:$G$99999<=((EOMONTH(Budget!F$1,0))))*('Export (QBO)'!$J$2:$J$99999=$A13)*('Export (QBO)'!$I$2:$I$99999)) )} -> 0 | G13: {=( SUM(('Export (QBO)'!$G$2:$G$99999>=Budget!G$1)*('Export (QBO)'!$G$2:$G$99999<=((EOMONTH(Budget!G$1,0))))*('Export (QBO)'!$J$2:$J$99999=$A13)*('Export (QBO)'!$I$2:$I$99999)) )} -> 0 | H13: {=( SUM(('Export (QBO)'!$G$2:$G$99999>=Budget!H$1)*('Export (QBO)'!$G$2:$G$99999<=((EOMONTH(Budget!H$1,0))))*('Export (QBO)'!$J$2:$J$99999=$A13)*('Export (QBO)'!$I$2:$I$99999)) )} -> 0 | I13: {=( SUM(('Export (QBO)'!$G$2:$G$99999>=Budget!I$1)*('Export (QBO)'!$G$2:$G$99999<=((EOMONTH(Budget!I$1,0))))*('Export (QBO)'!$J$2:$J$99999=$A13)*('Export (QBO)'!$I$2:$I$99999)) )} -> 7344.08 | J13: {=( SUM(('Export (QBO)'!$G$2:$G$99999>=Budget!J$1)*('Export (QBO)'!$G$2:$G$99999<=((EOMONTH(Budget!J$1,0))))*('Export (QBO)'!$J$2:$J$99999=$A13)*('Export (QBO)'!$I$2:$I$99999)) )} -> 0 | ... N13: {=( SUM(('Export (QBO)'!$G$2:$G$99999>=Budget!N$1)*('Export (QBO)'!$G$2:$G$99999<=((EOMONTH(Budget!N$1,0))))*('Export (QBO)'!$J$2:$J$99999=$A13)*('Export (QBO)'!$I$2:$I$99999)) )} -> 0 | O13: =SUM(C13:N13) -> 7344.08 | P13: {=( SUM(('Export (QBO)'!$G$2:$G$99999>=Budget!P$1)*('Export (QBO)'!$G$2:$G$99999<=((EOMONTH(Budget!P$1,0))))*('Export (QBO)'!$J$2:$J$99999=$A13)*('Export (QBO)'!$I$2:$I$99999)) )} -> 9651.81 | Q13: {=( SUM(('Export (QBO)'!$G$2:$G$99999>=Budget!Q$1)*('Export (QBO)'!$G$2:$G$99999<=((EOMONTH(Budget!Q$1,0))))*('Export (QBO)'!$J$2:$J$99999=$A13)*('Export (QBO)'!$I$2:$I$99999)) )} -> 0 | R13: {=( SUM(('Export (QBO)'!$G$2:$G$99999>=Budget!R$1)*('Export (QBO)'!$G$2:$G$99999<=((EOMONTH(Budget!R$1,0))))*('Export (QBO)'!$J$2:$J$99999=$A13)*('Export (QBO)'!$I$2:$I$99999)) )} -> 0 | S13: {=( SUM(('Export (QBO)'!$G$2:$G$99999>=Budget!S$1)*('Export (QBO)'!$G$2:$G$99999<=((EOMONTH(Budget!S$1,0))))*('Export (QBO)'!$J$2:$J$99999=$A13)*('Export (QBO)'!$I$2:$I$99999)) )} -> 0 | T13: {=( SUM(('Export (QBO)'!$G$2:$G$99999>=Budget!T$1)*('Export (QBO)'!$G$2:$G$99999<=((EOMONTH(Budget!T$1,0))))*('Export (QBO)'!$J$2:$J$99999=$A13)*('Export (QBO)'!$I$2:$I$99999)) )} -> 0 | U13: {=( SUM(('Export (QBO)'!$G$2:$G$99999>=Budget!U$1)*('Export (QBO)'!$G$2:$G$99999<=((EOMONTH(Budget!U$1,0))))*('Export (QBO)'!$J$2:$J$99999=$A13)*('Export (QBO)'!$I$2:$I$99999)) )} -> 0 | V13: {=( SUM(('Export (QBO)'!$G$2:$G$99999>=Budget!V$1)*('Export (QBO)'!$G$2:$G$99999<=((EOMONTH(Budget!V$1,0))))*('Export (QBO)'!$J$2:$J$99999=$A13)*('Export (QBO)'!$I$2:$I$99999)) )} -> 0 | W13: {=( SUM(('Export (QBO)'!$G$2:$G$99999>=Budget!W$1)*('Export (QBO)'!$G$2:$G$99999<=((EOMONTH(Budget!W$1,0))))*('Export (QBO)'!$J$2:$J$99999=$A13)*('Export (QBO)'!$I$2:$I$99999)) )} -> 0 | ... AA13: {=( SUM(('Export (QBO)'!$G$2:$G$99999>=Budget!AA$1)*('Export (QBO)'!$G$2:$G$99999<=((EOMONTH(Budget!AA$1,0))))*('Export (QBO)'!$J$2:$J$99999=$A13)*('Export (QBO)'!$I$2:$I$99999)) )} -> 0 | AB13: =SUM(P13:AA13) -> 9651.81
A14: Income - Rental | C14: {=( SUM(('Export (QBO)'!$G$2:$G$99999>=Budget!C$1)*('Export (QBO)'!$G$2:$G$99999<=((EOMONTH(Budget!C$1,0))))*('Export (QBO)'!$J$2:$J$99999=$A14)*('Export (QBO)'!$I$2:$I$99999)) )} -> 0 | D14: {=( SUM(('Export (QBO)'!$G$2:$G$99999>=Budget!D$1)*('Export (QBO)'!$G$2:$G$99999<=((EOMONTH(Budget!D$1,0))))*('Export (QBO)'!$J$2:$J$99999=$A14)*('Export (QBO)'!$I$2:$I$99999)) )} -> 0 | E14: {=( SUM(('Export (QBO)'!$G$2:$G$99999>=Budget!E$1)*('Export (QBO)'!$G$2:$G$99999<=((EOMONTH(Budget!E$1,0))))*('Export (QBO)'!$J$2:$J$99999=$A14)*('Export (QBO)'!$I$2:$I$99999)) )} -> 0 | F14: {=( SUM(('Export (QBO)'!$G$2:$G$99999>=Budget!F$1)*('Export (QBO)'!$G$2:$G$99999<=((EOMONTH(Budget!F$1,0))))*('Export (QBO)'!$J$2:$J$99999=$A14)*('Export (QBO)'!$I$2:$I$99999)) )} -> 0 | G14: {=( SUM(('Export (QBO)'!$G$2:$G$99999>=Budget!G$1)*('Export (QBO)'!$G$2:$G$99999<=((EOMONTH(Budget!G$1,0))))*('Export (QBO)'!$J$2:$J$99999=$A14)*('Export (QBO)'!$I$2:$I$99999)) )} -> 0 | H14: {=( SUM(('Export (QBO)'!$G$2:$G$99999>=Budget!H$1)*('Export (QBO)'!$G$2:$G$99999<=((EOMONTH(Budget!H$1,0))))*('Export (QBO)'!$J$2:$J$99999=$A14)*('Export (QBO)'!$I$2:$I$99999)) )} -> 0 | I14: {=( SUM(('Export (QBO)'!$G$2:$G$99999>=Budget!I$1)*('Export (QBO)'!$G$2:$G$99999<=((EOMONTH(Budget!I$1,0))))*('Export (QBO)'!$J$2:$J$99999=$A14)*('Export (QBO)'!$I$2:$I$99999)) )} -> 0 | J14: {=( SUM(('Export (QBO)'!$G$2:$G$99999>=Budget!J$1)*('Export (QBO)'!$G$2:$G$99999<=((EOMONTH(Budget!J$1,0))))*('Export (QBO)'!$J$2:$J$99999=$A14)*('Export (QBO)'!$I$2:$I$99999)) )} -> 0 | ... N14: {=( SUM(('Export (QBO)'!$G$2:$G$99999>=Budget!N$1)*('Export (QBO)'!$G$2:$G$99999<=((EOMONTH(Budget!N$1,0))))*('Export (QBO)'!$J$2:$J$99999=$A14)*('Export (QBO)'!$I$2:$I$99999)) )} -> 0 | O14: =SUM(C14:N14) -> 0 | P14: {=( SUM(('Export (QBO)'!$G$2:$G$99999>=Budget!P$1)*('Export (QBO)'!$G$2:$G$99999<=((EOMONTH(Budget!P$1,0))))*('Export (QBO)'!$J$2:$J$99999=$A14)*('Export (QBO)'!$I$2:$I$99999)) )} -> 1986 | Q14: {=( SUM(('Export (QBO)'!$G$2:$G$99999>=Budget!Q$1)*('Export (QBO)'!$G$2:$G$99999<=((EOMONTH(Budget!Q$1,0))))*('Export (QBO)'!$J$2:$J$99999=$A14)*('Export (QBO)'!$I$2:$I$99999)) )} -> 0 | R14: {=( SUM(('Export (QBO)'!$G$2:$G$99999>=Budget!R$1)*('Export (QBO)'!$G$2:$G$99999<=((EOMONTH(Budget!R$1,0))))*('Export (QBO)'!$J$2:$J$99999=$A14)*('Export (QBO)'!$I$2:$I$99999)) )} -> 0 | S14: {=( SUM(('Export (QBO)'!$G$2:$G$99999>=Budget!S$1)*('Export (QBO)'!$G$2:$G$99999<=((EOMONTH(Budget!S$1,0))))*('Export (QBO)'!$J$2:$J$99999=$A14)*('Export (QBO)'!$I$2:$I$99999)) )} -> 0 | T14: {=( SUM(('Export (QBO)'!$G$2:$G$99999>=Budget!T$1)*('Export (QBO)'!$G$2:$G$99999<=((EOMONTH(Budget!T$1,0))))*('Export (QBO)'!$J$2:$J$99999=$A14)*('Export (QBO)'!$I$2:$I$99999)) )} -> 0 | U14: {=( SUM(('Export (QBO)'!$G$2:$G$99999>=Budget!U$1)*('Export (QBO)'!$G$2:$G$99999<=((EOMONTH(Budget!U$1,0))))*('Export (QBO)'!$J$2:$J$99999=$A14)*('Export (QBO)'!$I$2:$I$99999)) )} -> 0 | V14: {=( SUM(('Export (QBO)'!$G$2:$G$99999>=Budget!V$1)*('Export (QBO)'!$G$2:$G$99999<=((EOMONTH(Budget!V$1,0))))*('Export (QBO)'!$J$2:$J$99999=$A14)*('Export (QBO)'!$I$2:$I$99999)) )} -> 0 | W14: {=( SUM(('Export (QBO)'!$G$2:$G$99999>=Budget!W$1)*('Export (QBO)'!$G$2:$G$99999<=((EOMONTH(Budget!W$1,0))))*('Export (QBO)'!$J$2:$J$99999=$A14)*('Export (QBO)'!$I$2:$I$99999)) )} -> 0 | ... AA14: {=( SUM(('Export (QBO)'!$G$2:$G$99999>=Budget!AA$1)*('Export (QBO)'!$G$2:$G$99999<=((EOMONTH(Budget!AA$1,0))))*('Export (QBO)'!$J$2:$J$99999=$A14)*('Export (QBO)'!$I$2:$I$99999)) )} -> 0 | AB14: =SUM(P14:AA14) -> 1986
A15: Income - Intrest | C15: {=( SUM(('Export (QBO)'!$G$2:$G$99999>=Budget!C$1)*('Export (QBO)'!$G$2:$G$99999<=((EOMONTH(Budget!C$1,0))))*('Export (QBO)'!$J$2:$J$99999=$A15)*('Export (QBO)'!$I$2:$I$99999)) )} -> 0 | D15: {=( SUM(('Export (QBO)'!$G$2:$G$99999>=Budget!D$1)*('Export (QBO)'!$G$2:$G$99999<=((EOMONTH(Budget!D$1,0))))*('Export (QBO)'!$J$2:$J$99999=$A15)*('Export (QBO)'!$I$2:$I$99999)) )} -> 0 | E15: {=( SUM(('Export (QBO)'!$G$2:$G$99999>=Budget!E$1)*('Export (QBO)'!$G$2:$G$99999<=((EOMONTH(Budget!E$1,0))))*('Export (QBO)'!$J$2:$J$99999=$A15)*('Export (QBO)'!$I$2:$I$99999)) )} -> 0 | F15: {=( SUM(('Export (QBO)'!$G$2:$G$99999>=Budget!F$1)*('Export (QBO)'!$G$2:$G$99999<=((EOMONTH(Budget!F$1,0))))*('Export (QBO)'!$J$2:$J$99999=$A15)*('Export (QBO)'!$I$2:$I$99999)) )} -> 0 | G15: {=( SUM(('Export (QBO)'!$G$2:$G$99999>=Budget!G$1)*('Export (QBO)'!$G$2:$G$99999<=((EOMONTH(Budget!G$1,0))))*('Export (QBO)'!$J$2:$J$99999=$A15)*('Export (QBO)'!$I$2:$I$99999)) )} -> 0 | H15: {=( SUM(('Export (QBO)'!$G$2:$G$99999>=Budget!H$1)*('Export (QBO)'!$G$2:$G$99999<=((EOMONTH(Budget!H$1,0))))*('Export (QBO)'!$J$2:$J$99999=$A15)*('Export (QBO)'!$I$2:$I$99999)) )} -> 0 | I15: {=( SUM(('Export (QBO)'!$G$2:$G$99999>=Budget!I$1)*('Export (QBO)'!$G$2:$G$99999<=((EOMONTH(Budget!I$1,0))))*('Export (QBO)'!$J$2:$J$99999=$A15)*('Export (QBO)'!$I$2:$I$99999)) )} -> 0 | J15: {=( SUM(('Export (QBO)'!$G$2:$G$99999>=Budget!J$1)*('Export (QBO)'!$G$2:$G$99999<=((EOMONTH(Budget!J$1,0))))*('Export (QBO)'!$J$2:$J$99999=$A15)*('Export (QBO)'!$I$2:$I$99999)) )} -> 0 | ... N15: {=( SUM(('Export (QBO)'!$G$2:$G$99999>=Budget!N$1)*('Export (QBO)'!$G$2:$G$99999<=((EOMONTH(Budget!N$1,0))))*('Export (QBO)'!$J$2:$J$99999=$A15)*('Export (QBO)'!$I$2:$I$99999)) )} -> 41292.99 | O15: =SUM(C15:N15) -> 44927.62 | P15: {=( SUM(('Export (QBO)'!$G$2:$G$99999>=Budget!P$1)*('Export (QBO)'!$G$2:$G$99999<=((EOMONTH(Budget!P$1,0))))*('Export (QBO)'!$J$2:$J$99999=$A15)*('Export (QBO)'!$I$2:$I$99999)) )} -> 0 | Q15: {=( SUM(('Export (QBO)'!$G$2:$G$99999>=Budget!Q$1)*('Export (QBO)'!$G$2:$G$99999<=((EOMONTH(Budget!Q$1,0))))*('Export (QBO)'!$J$2:$J$99999=$A15)*('Export (QBO)'!$I$2:$I$99999)) )} -> 0 | R15: {=( SUM(('Export (QBO)'!$G$2:$G$99999>=Budget!R$1)*('Export (QBO)'!$G$2:$G$99999<=((EOMONTH(Budget!R$1,0))))*('Export (QBO)'!$J$2:$J$99999=$A15)*('Export (QBO)'!$I$2:$I$99999)) )} -> 0 | S15: {=( SUM(('Export (QBO)'!$G$2:$G$99999>=Budget!S$1)*('Export (QBO)'!$G$2:$G$99999<=((EOMONTH(Budget!S$1,0))))*('Export (QBO)'!$J$2:$J$99999=$A15)*('Export (QBO)'!$I$2:$I$99999)) )} -> 0 | T15: {=( SUM(('Export (QBO)'!$G$2:$G$99999>=Budget!T$1)*('Export (QBO)'!$G$2:$G$99999<=((EOMONTH(Budget!T$1,0))))*('Export (QBO)'!$J$2:$J$99999=$A15)*('Export (QBO)'!$I$2:$I$99999)) )} -> 0 | U15: {=( SUM(('Export (QBO)'!$G$2:$G$99999>=Budget!U$1)*('Export (QBO)'!$G$2:$G$99999<=((EOMONTH(Budget!U$1,0))))*('Export (QBO)'!$J$2:$J$99999=$A15)*('Export (QBO)'!$I$2:$I$99999)) )} -> 0 | V15: {=( SUM(('Export (QBO)'!$G$2:$G$99999>=Budget!V$1)*('Export (QBO)'!$G$2:$G$99999<=((EOMONTH(Budget!V$1,0))))*('Export (QBO)'!$J$2:$J$99999=$A15)*('Export (QBO)'!$I$2:$I$99999)) )} -> 0 | W15: {=( SUM(('Export (QBO)'!$G$2:$G$99999>=Budget!W$1)*('Export (QBO)'!$G$2:$G$99999<=((EOMONTH(Budget!W$1,0))))*('Export (QBO)'!$J$2:$J$99999=$A15)*('Export (QBO)'!$I$2:$I$99999)) )} -> 0 | ... AA15: {=( SUM(('Export (QBO)'!$G$2:$G$99999>=Budget!AA$1)*('Export (QBO)'!$G$2:$G$99999<=((EOMONTH(Budget!AA$1,0))))*('Export (QBO)'!$J$2:$J$99999=$A15)*('Export (QBO)'!$I$2:$I$99999)) )} -> 0 | AB15: =SUM(P15:AA15) -> 0
A17: Total Income | C17: =SUM(C5:C16) -> 59893.36 | D17: =SUM(D5:D16) -> 659276.28 | E17: =SUM(E5:E16) -> 306000 | F17: =SUM(F5:F16) -> 336993.84 | G17: =SUM(G5:G16) -> 60012.1 | H17: =SUM(H5:H16) -> 79191.12 | I17: =SUM(I5:I16) -> 262132.84 | J17: =SUM(J5:J16) -> 321563.44 | ... N17: =SUM(N5:N16) -> 218483.47 | O17: =SUM(C17:N17) -> 4051033.7 | P17: =SUM(P5:P16) -> 57910.83 | Q17: =SUM(Q5:Q16) -> 0 | R17: =SUM(R5:R16) -> 0 | S17: =SUM(S5:S16) -> 0 | T17: =SUM(T5:T16) -> 0 | U17: =SUM(U5:U16) -> 0 | V17: =SUM(V5:V16) -> 0 | W17: =SUM(W5:W16) -> 0 | ... AA17: =SUM(AA5:AA16) -> 0 | AB17: =SUM(P17:AA17) -> 57910.83
A20: Accounts Receivable
A21: Accounts Receivable - Generated | C21: {=-( SUM(('Export (QBO)'!$G$2:$G$99999>=Budget!C$1)*('Export (QBO)'!$G$2:$G$99999<=((EOMONTH(Budget!C$1,0))))*('Export (QBO)'!$J$2:$J$99999=$A21)*('Export (QBO)'!$I$2:$I$99999)) )} -> 0 | D21: {=-( SUM(('Export (QBO)'!$G$2:$G$99999>=Budget!D$1)*('Export (QBO)'!$G$2:$G$99999<=((EOMONTH(Budget!D$1,0))))*('Export (QBO)'!$J$2:$J$99999=$A21)*('Export (QBO)'!$I$2:$I$99999)) )} -> 0 | E21: {=-( SUM(('Export (QBO)'!$G$2:$G$99999>=Budget!E$1)*('Export (QBO)'!$G$2:$G$99999<=((EOMONTH(Budget!E$1,0))))*('Export (QBO)'!$J$2:$J$99999=$A21)*('Export (QBO)'!$I$2:$I$99999)) )} -> 0 | F21: {=-( SUM(('Export (QBO)'!$G$2:$G$99999>=Budget!F$1)*('Export (QBO)'!$G$2:$G$99999<=((EOMONTH(Budget!F$1,0))))*('Export (QBO)'!$J$2:$J$99999=$A21)*('Export (QBO)'!$I$2:$I$99999)) )} -> 0 | G21: {=-( SUM(('Export (QBO)'!$G$2:$G$99999>=Budget!G$1)*('Export (QBO)'!$G$2:$G$99999<=((EOMONTH(Budget!G$1,0))))*('Export (QBO)'!$J$2:$J$99999=$A21)*('Export (QBO)'!$I$2:$I$99999)) )} -> 0 | H21: {=-( SUM(('Export (QBO)'!$G$2:$G$99999>=Budget!H$1)*('Export (QBO)'!$G$2:$G$99999<=((EOMONTH(Budget!H$1,0))))*('Export (QBO)'!$J$2:$J$99999=$A21)*('Export (QBO)'!$I$2:$I$99999)) )} -> 0 | I21: {=-( SUM(('Export (QBO)'!$G$2:$G$99999>=Budget!I$1)*('Export (QBO)'!$G$2:$G$99999<=((EOMONTH(Budget!I$1,0))))*('Export (QBO)'!$J$2:$J$99999=$A21)*('Export (QBO)'!$I$2:$I$99999)) )} -> 0 | J21: {=-( SUM(('Export (QBO)'!$G$2:$G$99999>=Budget!J$1)*('Export (QBO)'!$G$2:$G$99999<=((EOMONTH(Budget!J$1,0))))*('Export (QBO)'!$J$2:$J$99999=$A21)*('Export (QBO)'!$I$2:$I$99999)) )} -> 0 | ... N21: {=-( SUM(('Export (QBO)'!$G$2:$G$99999>=Budget!N$1)*('Export (QBO)'!$G$2:$G$99999<=((EOMONTH(Budget!N$1,0))))*('Export (QBO)'!$J$2:$J$99999=$A21)*('Export (QBO)'!$I$2:$I$99999)) )} -> 0 | O21: =SUM(C21:N21) -> 0 | P21: {=-( SUM(('Export (QBO)'!$G$2:$G$99999>=Budget!P$1)*('Export (QBO)'!$G$2:$G$99999<=((EOMONTH(Budget!P$1,0))))*('Export (QBO)'!$J$2:$J$99999=$A21)*('Export (QBO)'!$I$2:$I$99999)) )} -> -250000 | Q21: {=-( SUM(('Export (QBO)'!$G$2:$G$99999>=Budget!Q$1)*('Export (QBO)'!$G$2:$G$99999<=((EOMONTH(Budget!Q$1,0))))*('Export (QBO)'!$J$2:$J$99999=$A21)*('Export (QBO)'!$I$2:$I$99999)) )} -> 0 | R21: {=-( SUM(('Export (QBO)'!$G$2:$G$99999>=Budget!R$1)*('Export (QBO)'!$G$2:$G$99999<=((EOMONTH(Budget!R$1,0))))*('Export (QBO)'!$J$2:$J$99999=$A21)*('Export (QBO)'!$I$2:$I$99999)) )} -> 0 | S21: {=-( SUM(('Export (QBO)'!$G$2:$G$99999>=Budget!S$1)*('Export (QBO)'!$G$2:$G$99999<=((EOMONTH(Budget!S$1,0))))*('Export (QBO)'!$J$2:$J$99999=$A21)*('Export (QBO)'!$I$2:$I$99999)) )} -> 0 | T21: {=-( SUM(('Export (QBO)'!$G$2:$G$99999>=Budget!T$1)*('Export (QBO)'!$G$2:$G$99999<=((EOMONTH(Budget!T$1,0))))*('Export (QBO)'!$J$2:$J$99999=$A21)*('Export (QBO)'!$I$2:$I$99999)) )} -> 0 | U21: {=-( SUM(('Export (QBO)'!$G$2:$G$99999>=Budget!U$1)*('Export (QBO)'!$G$2:$G$99999<=((EOMONTH(Budget!U$1,0))))*('Export (QBO)'!$J$2:$J$99999=$A21)*('Export (QBO)'!$I$2:$I$99999)) )} -> 0 | V21: {=-( SUM(('Export (QBO)'!$G$2:$G$99999>=Budget!V$1)*('Export (QBO)'!$G$2:$G$99999<=((EOMONTH(Budget!V$1,0))))*('Export (QBO)'!$J$2:$J$99999=$A21)*('Export (QBO)'!$I$2:$I$99999)) )} -> 0 | W21: {=-( SUM(('Export (QBO)'!$G$2:$G$99999>=Budget!W$1)*('Export (QBO)'!$G$2:$G$99999<=((EOMONTH(Budget!W$1,0))))*('Export (QBO)'!$J$2:$J$99999=$A21)*('Export (QBO)'!$I$2:$I$99999)) )} -> 0 | ... AA21: {=-( SUM(('Export (QBO)'!$G$2:$G$99999>=Budget!AA$1)*('Export (QBO)'!$G$2:$G$99999<=((EOMONTH(Budget!AA$1,0))))*('Export (QBO)'!$J$2:$J$99999=$A21)*('Export (QBO)'!$I$2:$I$99999)) )} -> 0 | AB21: =SUM(P21:AA21) -> -250000
A22: Accounts Receivable - Recieved / Clearing | C22: {=-( SUM(('Export (QBO)'!$G$2:$G$99999>=Budget!C$1)*('Export (QBO)'!$G$2:$G$99999<=((EOMONTH(Budget!C$1,0))))*('Export (QBO)'!$J$2:$J$99999=$A22)*('Export (QBO)'!$I$2:$I$99999)) )} -> 0 | D22: {=-( SUM(('Export (QBO)'!$G$2:$G$99999>=Budget!D$1)*('Export (QBO)'!$G$2:$G$99999<=((EOMONTH(Budget!D$1,0))))*('Export (QBO)'!$J$2:$J$99999=$A22)*('Export (QBO)'!$I$2:$I$99999)) )} -> 0 | E22: {=-( SUM(('Export (QBO)'!$G$2:$G$99999>=Budget!E$1)*('Export (QBO)'!$G$2:$G$99999<=((EOMONTH(Budget!E$1,0))))*('Export (QBO)'!$J$2:$J$99999=$A22)*('Export (QBO)'!$I$2:$I$99999)) )} -> 0 | F22: {=-( SUM(('Export (QBO)'!$G$2:$G$99999>=Budget!F$1)*('Export (QBO)'!$G$2:$G$99999<=((EOMONTH(Budget!F$1,0))))*('Export (QBO)'!$J$2:$J$99999=$A22)*('Export (QBO)'!$I$2:$I$99999)) )} -> 0 | G22: {=-( SUM(('Export (QBO)'!$G$2:$G$99999>=Budget!G$1)*('Export (QBO)'!$G$2:$G$99999<=((EOMONTH(Budget!G$1,0))))*('Export (QBO)'!$J$2:$J$99999=$A22)*('Export (QBO)'!$I$2:$I$99999)) )} -> 0 | H22: {=-( SUM(('Export (QBO)'!$G$2:$G$99999>=Budget!H$1)*('Export (QBO)'!$G$2:$G$99999<=((EOMONTH(Budget!H$1,0))))*('Export (QBO)'!$J$2:$J$99999=$A22)*('Export (QBO)'!$I$2:$I$99999)) )} -> 0 | I22: {=-( SUM(('Export (QBO)'!$G$2:$G$99999>=Budget!I$1)*('Export (QBO)'!$G$2:$G$99999<=((EOMONTH(Budget!I$1,0))))*('Export (QBO)'!$J$2:$J$99999=$A22)*('Export (QBO)'!$I$2:$I$99999)) )} -> 0 | J22: {=-( SUM(('Export (QBO)'!$G$2:$G$99999>=Budget!J$1)*('Export (QBO)'!$G$2:$G$99999<=((EOMONTH(Budget!J$1,0))))*('Export (QBO)'!$J$2:$J$99999=$A22)*('Export (QBO)'!$I$2:$I$99999)) )} -> 0 | ... N22: {=-( SUM(('Export (QBO)'!$G$2:$G$99999>=Budget!N$1)*('Export (QBO)'!$G$2:$G$99999<=((EOMONTH(Budget!N$1,0))))*('Export (QBO)'!$J$2:$J$99999=$A22)*('Export (QBO)'!$I$2:$I$99999)) )} -> 0 | O22: =SUM(C22:N22) -> 0 | P22: {=-( SUM(('Export (QBO)'!$G$2:$G$99999>=Budget!P$1)*('Export (QBO)'!$G$2:$G$99999<=((EOMONTH(Budget!P$1,0))))*('Export (QBO)'!$J$2:$J$99999=$A22)*('Export (QBO)'!$I$2:$I$99999)) )} -> 64673.99 | Q22: {=-( SUM(('Export (QBO)'!$G$2:$G$99999>=Budget!Q$1)*('Export (QBO)'!$G$2:$G$99999<=((EOMONTH(Budget!Q$1,0))))*('Export (QBO)'!$J$2:$J$99999=$A22)*('Export (QBO)'!$I$2:$I$99999)) )} -> 0 | R22: {=-( SUM(('Export (QBO)'!$G$2:$G$99999>=Budget!R$1)*('Export (QBO)'!$G$2:$G$99999<=((EOMONTH(Budget!R$1,0))))*('Export (QBO)'!$J$2:$J$99999=$A22)*('Export (QBO)'!$I$2:$I$99999)) )} -> 0 | S22: {=-( SUM(('Export (QBO)'!$G$2:$G$99999>=Budget!S$1)*('Export (QBO)'!$G$2:$G$99999<=((EOMONTH(Budget!S$1,0))))*('Export (QBO)'!$J$2:$J$99999=$A22)*('Export (QBO)'!$I$2:$I$99999)) )} -> 0 | T22: {=-( SUM(('Export (QBO)'!$G$2:$G$99999>=Budget!T$1)*('Export (QBO)'!$G$2:$G$99999<=((EOMONTH(Budget!T$1,0))))*('Export (QBO)'!$J$2:$J$99999=$A22)*('Export (QBO)'!$I$2:$I$99999)) )} -> 0 | U22: {=-( SUM(('Export (QBO)'!$G$2:$G$99999>=Budget!U$1)*('Export (QBO)'!$G$2:$G$99999<=((EOMONTH(Budget!U$1,0))))*('Export (QBO)'!$J$2:$J$99999=$A22)*('Export (QBO)'!$I$2:$I$99999)) )} -> 0 | V22: {=-( SUM(('Export (QBO)'!$G$2:$G$99999>=Budget!V$1)*('Export (QBO)'!$G$2:$G$99999<=((EOMONTH(Budget!V$1,0))))*('Export (QBO)'!$J$2:$J$99999=$A22)*('Export (QBO)'!$I$2:$I$99999)) )} -> 0 | W22: {=-( SUM(('Export (QBO)'!$G$2:$G$99999>=Budget!W$1)*('Export (QBO)'!$G$2:$G$99999<=((EOMONTH(Budget!W$1,0))))*('Export (QBO)'!$J$2:$J$99999=$A22)*('Export (QBO)'!$I$2:$I$99999)) )} -> 0 | ... AA22: {=-( SUM(('Export (QBO)'!$G$2:$G$99999>=Budget!AA$1)*('Export (QBO)'!$G$2:$G$99999<=((EOMONTH(Budget!AA$1,0))))*('Export (QBO)'!$J$2:$J$99999=$A22)*('Export (QBO)'!$I$2:$I$99999)) )} -> 0 | AB22: =SUM(P22:AA22) -> 64673.99
A23: Accounts Recievable - Suspense | C23: {=-( SUM(('Export (QBO)'!$G$2:$G$99999>=Budget!C$1)*('Export (QBO)'!$G$2:$G$99999<=((EOMONTH(Budget!C$1,0))))*('Export (QBO)'!$J$2:$J$99999=$A23)*('Export (QBO)'!$I$2:$I$99999)) )} -> 229267.54 | D23: {=-( SUM(('Export (QBO)'!$G$2:$G$99999>=Budget!D$1)*('Export (QBO)'!$G$2:$G$99999<=((EOMONTH(Budget!D$1,0))))*('Export (QBO)'!$J$2:$J$99999=$A23)*('Export (QBO)'!$I$2:$I$99999)) )} -> -282240.09 | E23: {=-( SUM(('Export (QBO)'!$G$2:$G$99999>=Budget!E$1)*('Export (QBO)'!$G$2:$G$99999<=((EOMONTH(Budget!E$1,0))))*('Export (QBO)'!$J$2:$J$99999=$A23)*('Export (QBO)'!$I$2:$I$99999)) )} -> 163095 | F23: {=-( SUM(('Export (QBO)'!$G$2:$G$99999>=Budget!F$1)*('Export (QBO)'!$G$2:$G$99999<=((EOMONTH(Budget!F$1,0))))*('Export (QBO)'!$J$2:$J$99999=$A23)*('Export (QBO)'!$I$2:$I$99999)) )} -> 1659.7 | G23: {=-( SUM(('Export (QBO)'!$G$2:$G$99999>=Budget!G$1)*('Export (QBO)'!$G$2:$G$99999<=((EOMONTH(Budget!G$1,0))))*('Export (QBO)'!$J$2:$J$99999=$A23)*('Export (QBO)'!$I$2:$I$99999)) )} -> 272989.86 | H23: {=-( SUM(('Export (QBO)'!$G$2:$G$99999>=Budget!H$1)*('Export (QBO)'!$G$2:$G$99999<=((EOMONTH(Budget!H$1,0))))*('Export (QBO)'!$J$2:$J$99999=$A23)*('Export (QBO)'!$I$2:$I$99999)) )} -> 52156.27 | I23: {=-( SUM(('Export (QBO)'!$G$2:$G$99999>=Budget!I$1)*('Export (QBO)'!$G$2:$G$99999<=((EOMONTH(Budget!I$1,0))))*('Export (QBO)'!$J$2:$J$99999=$A23)*('Export (QBO)'!$I$2:$I$99999)) )} -> 120214.56 | J23: {=-( SUM(('Export (QBO)'!$G$2:$G$99999>=Budget!J$1)*('Export (QBO)'!$G$2:$G$99999<=((EOMONTH(Budget!J$1,0))))*('Export (QBO)'!$J$2:$J$99999=$A23)*('Export (QBO)'!$I$2:$I$99999)) )} -> -261534.63 | ... N23: {=-( SUM(('Export (QBO)'!$G$2:$G$99999>=Budget!N$1)*('Export (QBO)'!$G$2:$G$99999<=((EOMONTH(Budget!N$1,0))))*('Export (QBO)'!$J$2:$J$99999=$A23)*('Export (QBO)'!$I$2:$I$99999)) )} -> 229691.36 | O23: =SUM(C23:N23) -> 851694.29 | P23: {=-( SUM(('Export (QBO)'!$G$2:$G$99999>=Budget!P$1)*('Export (QBO)'!$G$2:$G$99999<=((EOMONTH(Budget!P$1,0))))*('Export (QBO)'!$J$2:$J$99999=$A23)*('Export (QBO)'!$I$2:$I$99999)) )} -> 0 | Q23: {=-( SUM(('Export (QBO)'!$G$2:$G$99999>=Budget!Q$1)*('Export (QBO)'!$G$2:$G$99999<=((EOMONTH(Budget!Q$1,0))))*('Export (QBO)'!$J$2:$J$99999=$A23)*('Export (QBO)'!$I$2:$I$99999)) )} -> 0 | R23: {=-( SUM(('Export (QBO)'!$G$2:$G$99999>=Budget!R$1)*('Export (QBO)'!$G$2:$G$99999<=((EOMONTH(Budget!R$1,0))))*('Export (QBO)'!$J$2:$J$99999=$A23)*('Export (QBO)'!$I$2:$I$99999)) )} -> 0 | S23: {=-( SUM(('Export (QBO)'!$G$2:$G$99999>=Budget!S$1)*('Export (QBO)'!$G$2:$G$99999<=((EOMONTH(Budget!S$1,0))))*('Export (QBO)'!$J$2:$J$99999=$A23)*('Export (QBO)'!$I$2:$I$99999)) )} -> 0 | T23: {=-( SUM(('Export (QBO)'!$G$2:$G$99999>=Budget!T$1)*('Export (QBO)'!$G$2:$G$99999<=((EOMONTH(Budget!T$1,0))))*('Export (QBO)'!$J$2:$J$99999=$A23)*('Export (QBO)'!$I$2:$I$99999)) )} -> 0 | U23: {=-( SUM(('Export (QBO)'!$G$2:$G$99999>=Budget!U$1)*('Export (QBO)'!$G$2:$G$99999<=((EOMONTH(Budget!U$1,0))))*('Export (QBO)'!$J$2:$J$99999=$A23)*('Export (QBO)'!$I$2:$I$99999)) )} -> 0 | V23: {=-( SUM(('Export (QBO)'!$G$2:$G$99999>=Budget!V$1)*('Export (QBO)'!$G$2:$G$99999<=((EOMONTH(Budget!V$1,0))))*('Export (QBO)'!$J$2:$J$99999=$A23)*('Export (QBO)'!$I$2:$I$99999)) )} -> 0 | W23: {=-( SUM(('Export (QBO)'!$G$2:$G$99999>=Budget!W$1)*('Export (QBO)'!$G$2:$G$99999<=((EOMONTH(Budget!W$1,0))))*('Export (QBO)'!$J$2:$J$99999=$A23)*('Export (QBO)'!$I$2:$I$99999)) )} -> 0 | ... AA23: {=-( SUM(('Export (QBO)'!$G$2:$G$99999>=Budget!AA$1)*('Export (QBO)'!$G$2:$G$99999<=((EOMONTH(Budget!AA$1,0))))*('Export (QBO)'!$J$2:$J$99999=$A23)*('Export (QBO)'!$I$2:$I$99999)) )} -> 0 | AB23: =SUM(P23:AA23) -> 0
A25: Total Accounts Receivable | C25: =SUM(C20:C24) -> 229267.54 | D25: =SUM(D20:D24) -> -282240.09 | E25: =SUM(E20:E24) -> 163095 | F25: =SUM(F20:F24) -> 1659.7 | G25: =SUM(G20:G24) -> 272989.86 | H25: =SUM(H20:H24) -> 52156.27 | I25: =SUM(I20:I24) -> 120214.56 | J25: =SUM(J20:J24) -> -261534.63 | ... N25: =SUM(N20:N24) -> 229691.36 | O25: =SUM(C25:N25) -> 851694.29 | P25: =SUM(P20:P24) -> -185326.01 | Q25: =SUM(Q20:Q24) -> 0 | R25: =SUM(R20:R24) -> 0 | S25: =SUM(S20:S24) -> 0 | T25: =SUM(T20:T24) -> 0 | U25: =SUM(U20:U24) -> 0 | V25: =SUM(V20:V24) -> 0 | W25: =SUM(W20:W24) -> 0 | ... AA25: =SUM(AA20:AA24) -> 0 | AB25: =SUM(P25:AA25) -> -185326.01
A27: Liability
A28: Liability - Depostis Received | C28: {=-( SUM(('Export (QBO)'!$G$2:$G$99999>=Budget!C$1)*('Export (QBO)'!$G$2:$G$99999<=((EOMONTH(Budget!C$1,0))))*('Export (QBO)'!$J$2:$J$99999=$A28)*('Export (QBO)'!$I$2:$I$99999)) )} -> 0 | D28: {=-( SUM(('Export (QBO)'!$G$2:$G$99999>=Budget!D$1)*('Export (QBO)'!$G$2:$G$99999<=((EOMONTH(Budget!D$1,0))))*('Export (QBO)'!$J$2:$J$99999=$A28)*('Export (QBO)'!$I$2:$I$99999)) )} -> 0 | E28: {=-( SUM(('Export (QBO)'!$G$2:$G$99999>=Budget!E$1)*('Export (QBO)'!$G$2:$G$99999<=((EOMONTH(Budget!E$1,0))))*('Export (QBO)'!$J$2:$J$99999=$A28)*('Export (QBO)'!$I$2:$I$99999)) )} -> 0 | F28: {=-( SUM(('Export (QBO)'!$G$2:$G$99999>=Budget!F$1)*('Export (QBO)'!$G$2:$G$99999<=((EOMONTH(Budget!F$1,0))))*('Export (QBO)'!$J$2:$J$99999=$A28)*('Export (QBO)'!$I$2:$I$99999)) )} -> -306000 | G28: {=-( SUM(('Export (QBO)'!$G$2:$G$99999>=Budget!G$1)*('Export (QBO)'!$G$2:$G$99999<=((EOMONTH(Budget!G$1,0))))*('Export (QBO)'!$J$2:$J$99999=$A28)*('Export (QBO)'!$I$2:$I$99999)) )} -> 0 | H28: {=-( SUM(('Export (QBO)'!$G$2:$G$99999>=Budget!H$1)*('Export (QBO)'!$G$2:$G$99999<=((EOMONTH(Budget!H$1,0))))*('Export (QBO)'!$J$2:$J$99999=$A28)*('Export (QBO)'!$I$2:$I$99999)) )} -> -25000 | I28: {=-( SUM(('Export (QBO)'!$G$2:$G$99999>=Budget!I$1)*('Export (QBO)'!$G$2:$G$99999<=((EOMONTH(Budget!I$1,0))))*('Export (QBO)'!$J$2:$J$99999=$A28)*('Export (QBO)'!$I$2:$I$99999)) )} -> 25000 | J28: {=-( SUM(('Export (QBO)'!$G$2:$G$99999>=Budget!J$1)*('Export (QBO)'!$G$2:$G$99999<=((EOMONTH(Budget!J$1,0))))*('Export (QBO)'!$J$2:$J$99999=$A28)*('Export (QBO)'!$I$2:$I$99999)) )} -> 12141.62 | ... N28: {=-( SUM(('Export (QBO)'!$G$2:$G$99999>=Budget!N$1)*('Export (QBO)'!$G$2:$G$99999<=((EOMONTH(Budget!N$1,0))))*('Export (QBO)'!$J$2:$J$99999=$A28)*('Export (QBO)'!$I$2:$I$99999)) )} -> 107102.26 | O28: =SUM(C28:N28) -> 820116.71 | P28: {=-( SUM(('Export (QBO)'!$G$2:$G$99999>=Budget!P$1)*('Export (QBO)'!$G$2:$G$99999<=((EOMONTH(Budget!P$1,0))))*('Export (QBO)'!$J$2:$J$99999=$A28)*('Export (QBO)'!$I$2:$I$99999)) )} -> -250000 | Q28: {=-( SUM(('Export (QBO)'!$G$2:$G$99999>=Budget!Q$1)*('Export (QBO)'!$G$2:$G$99999<=((EOMONTH(Budget!Q$1,0))))*('Export (QBO)'!$J$2:$J$99999=$A28)*('Export (QBO)'!$I$2:$I$99999)) )} -> 0 | R28: {=-( SUM(('Export (QBO)'!$G$2:$G$99999>=Budget!R$1)*('Export (QBO)'!$G$2:$G$99999<=((EOMONTH(Budget!R$1,0))))*('Export (QBO)'!$J$2:$J$99999=$A28)*('Export (QBO)'!$I$2:$I$99999)) )} -> 0 | S28: {=-( SUM(('Export (QBO)'!$G$2:$G$99999>=Budget!S$1)*('Export (QBO)'!$G$2:$G$99999<=((EOMONTH(Budget!S$1,0))))*('Export (QBO)'!$J$2:$J$99999=$A28)*('Export (QBO)'!$I$2:$I$99999)) )} -> 0 | T28: {=-( SUM(('Export (QBO)'!$G$2:$G$99999>=Budget!T$1)*('Export (QBO)'!$G$2:$G$99999<=((EOMONTH(Budget!T$1,0))))*('Export (QBO)'!$J$2:$J$99999=$A28)*('Export (QBO)'!$I$2:$I$99999)) )} -> 0 | U28: {=-( SUM(('Export (QBO)'!$G$2:$G$99999>=Budget!U$1)*('Export (QBO)'!$G$2:$G$99999<=((EOMONTH(Budget!U$1,0))))*('Export (QBO)'!$J$2:$J$99999=$A28)*('Export (QBO)'!$I$2:$I$99999)) )} -> 0 | V28: {=-( SUM(('Export (QBO)'!$G$2:$G$99999>=Budget!V$1)*('Export (QBO)'!$G$2:$G$99999<=((EOMONTH(Budget!V$1,0))))*('Export (QBO)'!$J$2:$J$99999=$A28)*('Export (QBO)'!$I$2:$I$99999)) )} -> 0 | W28: {=-( SUM(('Export (QBO)'!$G$2:$G$99999>=Budget!W$1)*('Export (QBO)'!$G$2:$G$99999<=((EOMONTH(Budget!W$1,0))))*('Export (QBO)'!$J$2:$J$99999=$A28)*('Export (QBO)'!$I$2:$I$99999)) )} -> 0 | ... AA28: {=-( SUM(('Export (QBO)'!$G$2:$G$99999>=Budget!AA$1)*('Export (QBO)'!$G$2:$G$99999<=((EOMONTH(Budget!AA$1,0))))*('Export (QBO)'!$J$2:$J$99999=$A28)*('Export (QBO)'!$I$2:$I$99999)) )} -> 0 | AB28: =SUM(P28:AA28) -> -250000
A29: Liability - Depostis Applied | C29: {=-( SUM(('Export (QBO)'!$G$2:$G$99999>=Budget!C$1)*('Export (QBO)'!$G$2:$G$99999<=((EOMONTH(Budget!C$1,0))))*('Export (QBO)'!$J$2:$J$99999=$A29)*('Export (QBO)'!$I$2:$I$99999)) )} -> 0 | D29: {=-( SUM(('Export (QBO)'!$G$2:$G$99999>=Budget!D$1)*('Export (QBO)'!$G$2:$G$99999<=((EOMONTH(Budget!D$1,0))))*('Export (QBO)'!$J$2:$J$99999=$A29)*('Export (QBO)'!$I$2:$I$99999)) )} -> 0 | E29: {=-( SUM(('Export (QBO)'!$G$2:$G$99999>=Budget!E$1)*('Export (QBO)'!$G$2:$G$99999<=((EOMONTH(Budget!E$1,0))))*('Export (QBO)'!$J$2:$J$99999=$A29)*('Export (QBO)'!$I$2:$I$99999)) )} -> 0 | F29: {=-( SUM(('Export (QBO)'!$G$2:$G$99999>=Budget!F$1)*('Export (QBO)'!$G$2:$G$99999<=((EOMONTH(Budget!F$1,0))))*('Export (QBO)'!$J$2:$J$99999=$A29)*('Export (QBO)'!$I$2:$I$99999)) )} -> 0 | G29: {=-( SUM(('Export (QBO)'!$G$2:$G$99999>=Budget!G$1)*('Export (QBO)'!$G$2:$G$99999<=((EOMONTH(Budget!G$1,0))))*('Export (QBO)'!$J$2:$J$99999=$A29)*('Export (QBO)'!$I$2:$I$99999)) )} -> 0 | H29: {=-( SUM(('Export (QBO)'!$G$2:$G$99999>=Budget!H$1)*('Export (QBO)'!$G$2:$G$99999<=((EOMONTH(Budget!H$1,0))))*('Export (QBO)'!$J$2:$J$99999=$A29)*('Export (QBO)'!$I$2:$I$99999)) )} -> 0 | I29: {=-( SUM(('Export (QBO)'!$G$2:$G$99999>=Budget!I$1)*('Export (QBO)'!$G$2:$G$99999<=((EOMONTH(Budget!I$1,0))))*('Export (QBO)'!$J$2:$J$99999=$A29)*('Export (QBO)'!$I$2:$I$99999)) )} -> 0 | J29: {=-( SUM(('Export (QBO)'!$G$2:$G$99999>=Budget!J$1)*('Export (QBO)'!$G$2:$G$99999<=((EOMONTH(Budget!J$1,0))))*('Export (QBO)'!$J$2:$J$99999=$A29)*('Export (QBO)'!$I$2:$I$99999)) )} -> 0 | ... N29: {=-( SUM(('Export (QBO)'!$G$2:$G$99999>=Budget!N$1)*('Export (QBO)'!$G$2:$G$99999<=((EOMONTH(Budget!N$1,0))))*('Export (QBO)'!$J$2:$J$99999=$A29)*('Export (QBO)'!$I$2:$I$99999)) )} -> 0 | O29: =SUM(C29:N29) -> 0 | P29: {=-( SUM(('Export (QBO)'!$G$2:$G$99999>=Budget!P$1)*('Export (QBO)'!$G$2:$G$99999<=((EOMONTH(Budget!P$1,0))))*('Export (QBO)'!$J$2:$J$99999=$A29)*('Export (QBO)'!$I$2:$I$99999)) )} -> 60806.37 | Q29: {=-( SUM(('Export (QBO)'!$G$2:$G$99999>=Budget!Q$1)*('Export (QBO)'!$G$2:$G$99999<=((EOMONTH(Budget!Q$1,0))))*('Export (QBO)'!$J$2:$J$99999=$A29)*('Export (QBO)'!$I$2:$I$99999)) )} -> 0 | R29: {=-( SUM(('Export (QBO)'!$G$2:$G$99999>=Budget!R$1)*('Export (QBO)'!$G$2:$G$99999<=((EOMONTH(Budget!R$1,0))))*('Export (QBO)'!$J$2:$J$99999=$A29)*('Export (QBO)'!$I$2:$I$99999)) )} -> 0 | S29: {=-( SUM(('Export (QBO)'!$G$2:$G$99999>=Budget!S$1)*('Export (QBO)'!$G$2:$G$99999<=((EOMONTH(Budget!S$1,0))))*('Export (QBO)'!$J$2:$J$99999=$A29)*('Export (QBO)'!$I$2:$I$99999)) )} -> 0 | T29: {=-( SUM(('Export (QBO)'!$G$2:$G$99999>=Budget!T$1)*('Export (QBO)'!$G$2:$G$99999<=((EOMONTH(Budget!T$1,0))))*('Export (QBO)'!$J$2:$J$99999=$A29)*('Export (QBO)'!$I$2:$I$99999)) )} -> 0 | U29: {=-( SUM(('Export (QBO)'!$G$2:$G$99999>=Budget!U$1)*('Export (QBO)'!$G$2:$G$99999<=((EOMONTH(Budget!U$1,0))))*('Export (QBO)'!$J$2:$J$99999=$A29)*('Export (QBO)'!$I$2:$I$99999)) )} -> 0 | V29: {=-( SUM(('Export (QBO)'!$G$2:$G$99999>=Budget!V$1)*('Export (QBO)'!$G$2:$G$99999<=((EOMONTH(Budget!V$1,0))))*('Export (QBO)'!$J$2:$J$99999=$A29)*('Export (QBO)'!$I$2:$I$99999)) )} -> 0 | W29: {=-( SUM(('Export (QBO)'!$G$2:$G$99999>=Budget!W$1)*('Export (QBO)'!$G$2:$G$99999<=((EOMONTH(Budget!W$1,0))))*('Export (QBO)'!$J$2:$J$99999=$A29)*('Export (QBO)'!$I$2:$I$99999)) )} -> 0 | ... AA29: {=-( SUM(('Export (QBO)'!$G$2:$G$99999>=Budget!AA$1)*('Export (QBO)'!$G$2:$G$99999<=((EOMONTH(Budget!AA$1,0))))*('Export (QBO)'!$J$2:$J$99999=$A29)*('Export (QBO)'!$I$2:$I$99999)) )} -> 0 | AB29: =SUM(P29:AA29) -> 60806.37
A31: Total Liability | C31: =SUM(C27:C30) -> 0 | D31: =SUM(D27:D30) -> 0 | E31: =SUM(E27:E30) -> 0 | F31: =SUM(F27:F30) -> -306000 | G31: =SUM(G27:G30) -> 0 | H31: =SUM(H27:H30) -> -25000 | I31: =SUM(I27:I30) -> 25000 | J31: =SUM(J27:J30) -> 12141.62 | ... N31: =SUM(N27:N30) -> 107102.26 | O31: =SUM(C31:N31) -> 820116.71 | P31: =SUM(P27:P30) -> -189193.63 | Q31: =SUM(Q27:Q30) -> 0 | R31: =SUM(R27:R30) -> 0 | S31: =SUM(S27:S30) -> 0 | T31: =SUM(T27:T30) -> 0 | U31: =SUM(U27:U30) -> 0 | V31: =SUM(V27:V30) -> 0 | W31: =SUM(W27:W30) -> 0 | ... AA31: =SUM(AA27:AA30) -> 0 | AB31: =SUM(P31:AA31) -> -189193.63
A33: Banking
A34: Bank Fees | C34: {=( SUM(('Export (QBO)'!$G$2:$G$99999>=Budget!C$1)*('Export (QBO)'!$G$2:$G$99999<=((EOMONTH(Budget!C$1,0))))*('Export (QBO)'!$J$2:$J$99999=$A34)*('Export (QBO)'!$I$2:$I$99999)) )} -> 184.63 | D34: {=( SUM(('Export (QBO)'!$G$2:$G$99999>=Budget!D$1)*('Export (QBO)'!$G$2:$G$99999<=((EOMONTH(Budget!D$1,0))))*('Export (QBO)'!$J$2:$J$99999=$A34)*('Export (QBO)'!$I$2:$I$99999)) )} -> 679.78 | E34: {=( SUM(('Export (QBO)'!$G$2:$G$99999>=Budget!E$1)*('Export (QBO)'!$G$2:$G$99999<=((EOMONTH(Budget!E$1,0))))*('Export (QBO)'!$J$2:$J$99999=$A34)*('Export (QBO)'!$I$2:$I$99999)) )} -> 663.42 | F34: {=( SUM(('Export (QBO)'!$G$2:$G$99999>=Budget!F$1)*('Export (QBO)'!$G$2:$G$99999<=((EOMONTH(Budget!F$1,0))))*('Export (QBO)'!$J$2:$J$99999=$A34)*('Export (QBO)'!$I$2:$I$99999)) )} -> 505.12 | G34: {=( SUM(('Export (QBO)'!$G$2:$G$99999>=Budget!G$1)*('Export (QBO)'!$G$2:$G$99999<=((EOMONTH(Budget!G$1,0))))*('Export (QBO)'!$J$2:$J$99999=$A34)*('Export (QBO)'!$I$2:$I$99999)) )} -> 647.52 | H34: {=( SUM(('Export (QBO)'!$G$2:$G$99999>=Budget!H$1)*('Export (QBO)'!$G$2:$G$99999<=((EOMONTH(Budget!H$1,0))))*('Export (QBO)'!$J$2:$J$99999=$A34)*('Export (QBO)'!$I$2:$I$99999)) )} -> 499.43 | I34: {=( SUM(('Export (QBO)'!$G$2:$G$99999>=Budget!I$1)*('Export (QBO)'!$G$2:$G$99999<=((EOMONTH(Budget!I$1,0))))*('Export (QBO)'!$J$2:$J$99999=$A34)*('Export (QBO)'!$I$2:$I$99999)) )} -> 784.44 | J34: {=( SUM(('Export (QBO)'!$G$2:$G$99999>=Budget!J$1)*('Export (QBO)'!$G$2:$G$99999<=((EOMONTH(Budget!J$1,0))))*('Export (QBO)'!$J$2:$J$99999=$A34)*('Export (QBO)'!$I$2:$I$99999)) )} -> 460.56 | ... N34: {=( SUM(('Export (QBO)'!$G$2:$G$99999>=Budget!N$1)*('Export (QBO)'!$G$2:$G$99999<=((EOMONTH(Budget!N$1,0))))*('Export (QBO)'!$J$2:$J$99999=$A34)*('Export (QBO)'!$I$2:$I$99999)) )} -> 502.06 | O34: =SUM(C34:N34) -> 37130.59 | P34: {=( SUM(('Export (QBO)'!$G$2:$G$99999>=Budget!P$1)*('Export (QBO)'!$G$2:$G$99999<=((EOMONTH(Budget!P$1,0))))*('Export (QBO)'!$J$2:$J$99999=$A34)*('Export (QBO)'!$I$2:$I$99999)) )} -> 0 | Q34: {=( SUM(('Export (QBO)'!$G$2:$G$99999>=Budget!Q$1)*('Export (QBO)'!$G$2:$G$99999<=((EOMONTH(Budget!Q$1,0))))*('Export (QBO)'!$J$2:$J$99999=$A34)*('Export (QBO)'!$I$2:$I$99999)) )} -> 0 | R34: {=( SUM(('Export (QBO)'!$G$2:$G$99999>=Budget!R$1)*('Export (QBO)'!$G$2:$G$99999<=((EOMONTH(Budget!R$1,0))))*('Export (QBO)'!$J$2:$J$99999=$A34)*('Export (QBO)'!$I$2:$I$99999)) )} -> 0 | S34: {=( SUM(('Export (QBO)'!$G$2:$G$99999>=Budget!S$1)*('Export (QBO)'!$G$2:$G$99999<=((EOMONTH(Budget!S$1,0))))*('Export (QBO)'!$J$2:$J$99999=$A34)*('Export (QBO)'!$I$2:$I$99999)) )} -> 0 | T34: {=( SUM(('Export (QBO)'!$G$2:$G$99999>=Budget!T$1)*('Export (QBO)'!$G$2:$G$99999<=((EOMONTH(Budget!T$1,0))))*('Export (QBO)'!$J$2:$J$99999=$A34)*('Export (QBO)'!$I$2:$I$99999)) )} -> 0 | U34: {=( SUM(('Export (QBO)'!$G$2:$G$99999>=Budget!U$1)*('Export (QBO)'!$G$2:$G$99999<=((EOMONTH(Budget!U$1,0))))*('Export (QBO)'!$J$2:$J$99999=$A34)*('Export (QBO)'!$I$2:$I$99999)) )} -> 0 | V34: {=( SUM(('Export (QBO)'!$G$2:$G$99999>=Budget!V$1)*('Export (QBO)'!$G$2:$G$99999<=((EOMONTH(Budget!V$1,0))))*('Export (QBO)'!$J$2:$J$99999=$A34)*('Export (QBO)'!$I$2:$I$99999)) )} -> 0 | W34: {=( SUM(('Export (QBO)'!$G$2:$G$99999>=Budget!W$1)*('Export (QBO)'!$G$2:$G$99999<=((EOMONTH(Budget!W$1,0))))*('Export (QBO)'!$J$2:$J$99999=$A34)*('Export (QBO)'!$I$2:$I$99999)) )} -> 0 | ... AA34: {=( SUM(('Export (QBO)'!$G$2:$G$99999>=Budget!AA$1)*('Export (QBO)'!$G$2:$G$99999<=((EOMONTH(Budget!AA$1,0))))*('Export (QBO)'!$J$2:$J$99999=$A34)*('Export (QBO)'!$I$2:$I$99999)) )} -> 0 | AB34: =SUM(P34:AA34) -> 0
A35: Bank Interest | C35: {=( SUM(('Export (QBO)'!$G$2:$G$99999>=Budget!C$1)*('Export (QBO)'!$G$2:$G$99999<=((EOMONTH(Budget!C$1,0))))*('Export (QBO)'!$J$2:$J$99999=$A35)*('Export (QBO)'!$I$2:$I$99999)) )} -> 0 | D35: {=( SUM(('Export (QBO)'!$G$2:$G$99999>=Budget!D$1)*('Export (QBO)'!$G$2:$G$99999<=((EOMONTH(Budget!D$1,0))))*('Export (QBO)'!$J$2:$J$99999=$A35)*('Export (QBO)'!$I$2:$I$99999)) )} -> 0 | E35: {=( SUM(('Export (QBO)'!$G$2:$G$99999>=Budget!E$1)*('Export (QBO)'!$G$2:$G$99999<=((EOMONTH(Budget!E$1,0))))*('Export (QBO)'!$J$2:$J$99999=$A35)*('Export (QBO)'!$I$2:$I$99999)) )} -> 0 | F35: {=( SUM(('Export (QBO)'!$G$2:$G$99999>=Budget!F$1)*('Export (QBO)'!$G$2:$G$99999<=((EOMONTH(Budget!F$1,0))))*('Export (QBO)'!$J$2:$J$99999=$A35)*('Export (QBO)'!$I$2:$I$99999)) )} -> 0 | G35: {=( SUM(('Export (QBO)'!$G$2:$G$99999>=Budget!G$1)*('Export (QBO)'!$G$2:$G$99999<=((EOMONTH(Budget!G$1,0))))*('Export (QBO)'!$J$2:$J$99999=$A35)*('Export (QBO)'!$I$2:$I$99999)) )} -> 0 | H35: {=( SUM(('Export (QBO)'!$G$2:$G$99999>=Budget!H$1)*('Export (QBO)'!$G$2:$G$99999<=((EOMONTH(Budget!H$1,0))))*('Export (QBO)'!$J$2:$J$99999=$A35)*('Export (QBO)'!$I$2:$I$99999)) )} -> 0 | I35: {=( SUM(('Export (QBO)'!$G$2:$G$99999>=Budget!I$1)*('Export (QBO)'!$G$2:$G$99999<=((EOMONTH(Budget!I$1,0))))*('Export (QBO)'!$J$2:$J$99999=$A35)*('Export (QBO)'!$I$2:$I$99999)) )} -> 0 | J35: {=( SUM(('Export (QBO)'!$G$2:$G$99999>=Budget!J$1)*('Export (QBO)'!$G$2:$G$99999<=((EOMONTH(Budget!J$1,0))))*('Export (QBO)'!$J$2:$J$99999=$A35)*('Export (QBO)'!$I$2:$I$99999)) )} -> 0 | ... N35: {=( SUM(('Export (QBO)'!$G$2:$G$99999>=Budget!N$1)*('Export (QBO)'!$G$2:$G$99999<=((EOMONTH(Budget!N$1,0))))*('Export (QBO)'!$J$2:$J$99999=$A35)*('Export (QBO)'!$I$2:$I$99999)) )} -> 0 | O35: =SUM(C35:N35) -> 0 | P35: {=( SUM(('Export (QBO)'!$G$2:$G$99999>=Budget!P$1)*('Export (QBO)'!$G$2:$G$99999<=((EOMONTH(Budget!P$1,0))))*('Export (QBO)'!$J$2:$J$99999=$A35)*('Export (QBO)'!$I$2:$I$99999)) )} -> 0 | Q35: {=( SUM(('Export (QBO)'!$G$2:$G$99999>=Budget!Q$1)*('Export (QBO)'!$G$2:$G$99999<=((EOMONTH(Budget!Q$1,0))))*('Export (QBO)'!$J$2:$J$99999=$A35)*('Export (QBO)'!$I$2:$I$99999)) )} -> 0 | R35: {=( SUM(('Export (QBO)'!$G$2:$G$99999>=Budget!R$1)*('Export (QBO)'!$G$2:$G$99999<=((EOMONTH(Budget!R$1,0))))*('Export (QBO)'!$J$2:$J$99999=$A35)*('Export (QBO)'!$I$2:$I$99999)) )} -> 0 | S35: {=( SUM(('Export (QBO)'!$G$2:$G$99999>=Budget!S$1)*('Export (QBO)'!$G$2:$G$99999<=((EOMONTH(Budget!S$1,0))))*('Export (QBO)'!$J$2:$J$99999=$A35)*('Export (QBO)'!$I$2:$I$99999)) )} -> 0 | T35: {=( SUM(('Export (QBO)'!$G$2:$G$99999>=Budget!T$1)*('Export (QBO)'!$G$2:$G$99999<=((EOMONTH(Budget!T$1,0))))*('Export (QBO)'!$J$2:$J$99999=$A35)*('Export (QBO)'!$I$2:$I$99999)) )} -> 0 | U35: {=( SUM(('Export (QBO)'!$G$2:$G$99999>=Budget!U$1)*('Export (QBO)'!$G$2:$G$99999<=((EOMONTH(Budget!U$1,0))))*('Export (QBO)'!$J$2:$J$99999=$A35)*('Export (QBO)'!$I$2:$I$99999)) )} -> 0 | V35: {=( SUM(('Export (QBO)'!$G$2:$G$99999>=Budget!V$1)*('Export (QBO)'!$G$2:$G$99999<=((EOMONTH(Budget!V$1,0))))*('Export (QBO)'!$J$2:$J$99999=$A35)*('Export (QBO)'!$I$2:$I$99999)) )} -> 0 | W35: {=( SUM(('Export (QBO)'!$G$2:$G$99999>=Budget!W$1)*('Export (QBO)'!$G$2:$G$99999<=((EOMONTH(Budget!W$1,0))))*('Export (QBO)'!$J$2:$J$99999=$A35)*('Export (QBO)'!$I$2:$I$99999)) )} -> 0 | ... AA35: {=( SUM(('Export (QBO)'!$G$2:$G$99999>=Budget!AA$1)*('Export (QBO)'!$G$2:$G$99999<=((EOMONTH(Budget!AA$1,0))))*('Export (QBO)'!$J$2:$J$99999=$A35)*('Export (QBO)'!$I$2:$I$99999)) )} -> 0 | AB35: =SUM(P35:AA35) -> 0
A36: Bank Account | C36: {=( SUM(('Export (QBO)'!$G$2:$G$99999>=Budget!C$1)*('Export (QBO)'!$G$2:$G$99999<=((EOMONTH(Budget!C$1,0))))*('Export (QBO)'!$J$2:$J$99999=$A36)*('Export (QBO)'!$I$2:$I$99999)) )} -> 0 | D36: {=( SUM(('Export (QBO)'!$G$2:$G$99999>=Budget!D$1)*('Export (QBO)'!$G$2:$G$99999<=((EOMONTH(Budget!D$1,0))))*('Export (QBO)'!$J$2:$J$99999=$A36)*('Export (QBO)'!$I$2:$I$99999)) )} -> 0 | E36: {=( SUM(('Export (QBO)'!$G$2:$G$99999>=Budget!E$1)*('Export (QBO)'!$G$2:$G$99999<=((EOMONTH(Budget!E$1,0))))*('Export (QBO)'!$J$2:$J$99999=$A36)*('Export (QBO)'!$I$2:$I$99999)) )} -> 0 | F36: {=( SUM(('Export (QBO)'!$G$2:$G$99999>=Budget!F$1)*('Export (QBO)'!$G$2:$G$99999<=((EOMONTH(Budget!F$1,0))))*('Export (QBO)'!$J$2:$J$99999=$A36)*('Export (QBO)'!$I$2:$I$99999)) )} -> 0 | G36: {=( SUM(('Export (QBO)'!$G$2:$G$99999>=Budget!G$1)*('Export (QBO)'!$G$2:$G$99999<=((EOMONTH(Budget!G$1,0))))*('Export (QBO)'!$J$2:$J$99999=$A36)*('Export (QBO)'!$I$2:$I$99999)) )} -> 0 | H36: {=( SUM(('Export (QBO)'!$G$2:$G$99999>=Budget!H$1)*('Export (QBO)'!$G$2:$G$99999<=((EOMONTH(Budget!H$1,0))))*('Export (QBO)'!$J$2:$J$99999=$A36)*('Export (QBO)'!$I$2:$I$99999)) )} -> 0 | I36: {=( SUM(('Export (QBO)'!$G$2:$G$99999>=Budget!I$1)*('Export (QBO)'!$G$2:$G$99999<=((EOMONTH(Budget!I$1,0))))*('Export (QBO)'!$J$2:$J$99999=$A36)*('Export (QBO)'!$I$2:$I$99999)) )} -> 0 | J36: {=( SUM(('Export (QBO)'!$G$2:$G$99999>=Budget!J$1)*('Export (QBO)'!$G$2:$G$99999<=((EOMONTH(Budget!J$1,0))))*('Export (QBO)'!$J$2:$J$99999=$A36)*('Export (QBO)'!$I$2:$I$99999)) )} -> 0 | ... N36: {=( SUM(('Export (QBO)'!$G$2:$G$99999>=Budget!N$1)*('Export (QBO)'!$G$2:$G$99999<=((EOMONTH(Budget!N$1,0))))*('Export (QBO)'!$J$2:$J$99999=$A36)*('Export (QBO)'!$I$2:$I$99999)) )} -> 0 | O36: =SUM(C36:N36) -> 0 | P36: {=( SUM(('Export (QBO)'!$G$2:$G$99999>=Budget!P$1)*('Export (QBO)'!$G$2:$G$99999<=((EOMONTH(Budget!P$1,0))))*('Export (QBO)'!$J$2:$J$99999=$A36)*('Export (QBO)'!$I$2:$I$99999)) )} -> 0 | Q36: {=( SUM(('Export (QBO)'!$G$2:$G$99999>=Budget!Q$1)*('Export (QBO)'!$G$2:$G$99999<=((EOMONTH(Budget!Q$1,0))))*('Export (QBO)'!$J$2:$J$99999=$A36)*('Export (QBO)'!$I$2:$I$99999)) )} -> 0 | R36: {=( SUM(('Export (QBO)'!$G$2:$G$99999>=Budget!R$1)*('Export (QBO)'!$G$2:$G$99999<=((EOMONTH(Budget!R$1,0))))*('Export (QBO)'!$J$2:$J$99999=$A36)*('Export (QBO)'!$I$2:$I$99999)) )} -> 0 | S36: {=( SUM(('Export (QBO)'!$G$2:$G$99999>=Budget!S$1)*('Export (QBO)'!$G$2:$G$99999<=((EOMONTH(Budget!S$1,0))))*('Export (QBO)'!$J$2:$J$99999=$A36)*('Export (QBO)'!$I$2:$I$99999)) )} -> 0 | T36: {=( SUM(('Export (QBO)'!$G$2:$G$99999>=Budget!T$1)*('Export (QBO)'!$G$2:$G$99999<=((EOMONTH(Budget!T$1,0))))*('Export (QBO)'!$J$2:$J$99999=$A36)*('Export (QBO)'!$I$2:$I$99999)) )} -> 0 | U36: {=( SUM(('Export (QBO)'!$G$2:$G$99999>=Budget!U$1)*('Export (QBO)'!$G$2:$G$99999<=((EOMONTH(Budget!U$1,0))))*('Export (QBO)'!$J$2:$J$99999=$A36)*('Export (QBO)'!$I$2:$I$99999)) )} -> 0 | V36: {=( SUM(('Export (QBO)'!$G$2:$G$99999>=Budget!V$1)*('Export (QBO)'!$G$2:$G$99999<=((EOMONTH(Budget!V$1,0))))*('Export (QBO)'!$J$2:$J$99999=$A36)*('Export (QBO)'!$I$2:$I$99999)) )} -> 0 | W36: {=( SUM(('Export (QBO)'!$G$2:$G$99999>=Budget!W$1)*('Export (QBO)'!$G$2:$G$99999<=((EOMONTH(Budget!W$1,0))))*('Export (QBO)'!$J$2:$J$99999=$A36)*('Export (QBO)'!$I$2:$I$99999)) )} -> 0 | ... AA36: {=( SUM(('Export (QBO)'!$G$2:$G$99999>=Budget!AA$1)*('Export (QBO)'!$G$2:$G$99999<=((EOMONTH(Budget!AA$1,0))))*('Export (QBO)'!$J$2:$J$99999=$A36)*('Export (QBO)'!$I$2:$I$99999)) )} -> 0 | AB36: =SUM(P36:AA36) -> 0
A38: Total Banking | C38: =SUM(C33:C37) -> 184.63 | D38: =SUM(D33:D37) -> 679.78 | E38: =SUM(E33:E37) -> 663.42 | F38: =SUM(F33:F37) -> 505.12 | G38: =SUM(G33:G37) -> 647.52 | H38: =SUM(H33:H37) -> 499.43 | I38: =SUM(I33:I37) -> 784.44 | J38: =SUM(J33:J37) -> 460.56 | ... N38: =SUM(N33:N37) -> 502.06 | O38: =SUM(C38:N38) -> 37130.59 | P38: =SUM(P33:P37) -> 0 | Q38: =SUM(Q33:Q37) -> 0 | R38: =SUM(R33:R37) -> 0 | S38: =SUM(S33:S37) -> 0 | T38: =SUM(T33:T37) -> 0 | U38: =SUM(U33:U37) -> 0 | V38: =SUM(V33:V37) -> 0 | W38: =SUM(W33:W37) -> 0 | ... AA38: =SUM(AA33:AA37) -> 0 | AB38: =SUM(P38:AA38) -> 0
A41: Labour
A42: Payroll - Salary | C42: {=( SUM(('Export (QBO)'!$G$2:$G$99999>=Budget!C$1)*('Export (QBO)'!$G$2:$G$99999<=((EOMONTH(Budget!C$1,0))))*('Export (QBO)'!$J$2:$J$99999=$A42)*('Export (QBO)'!$I$2:$I$99999)) )} -> 0 | D42: {=( SUM(('Export (QBO)'!$G$2:$G$99999>=Budget!D$1)*('Export (QBO)'!$G$2:$G$99999<=((EOMONTH(Budget!D$1,0))))*('Export (QBO)'!$J$2:$J$99999=$A42)*('Export (QBO)'!$I$2:$I$99999)) )} -> 21538.46 | E42: {=( SUM(('Export (QBO)'!$G$2:$G$99999>=Budget!E$1)*('Export (QBO)'!$G$2:$G$99999<=((EOMONTH(Budget!E$1,0))))*('Export (QBO)'!$J$2:$J$99999=$A42)*('Export (QBO)'!$I$2:$I$99999)) )} -> 21566.25 | F42: {=( SUM(('Export (QBO)'!$G$2:$G$99999>=Budget!F$1)*('Export (QBO)'!$G$2:$G$99999<=((EOMONTH(Budget!F$1,0))))*('Export (QBO)'!$J$2:$J$99999=$A42)*('Export (QBO)'!$I$2:$I$99999)) )} -> 21547.7 | G42: {=( SUM(('Export (QBO)'!$G$2:$G$99999>=Budget!G$1)*('Export (QBO)'!$G$2:$G$99999<=((EOMONTH(Budget!G$1,0))))*('Export (QBO)'!$J$2:$J$99999=$A42)*('Export (QBO)'!$I$2:$I$99999)) )} -> 21538.46 | H42: {=( SUM(('Export (QBO)'!$G$2:$G$99999>=Budget!H$1)*('Export (QBO)'!$G$2:$G$99999<=((EOMONTH(Budget!H$1,0))))*('Export (QBO)'!$J$2:$J$99999=$A42)*('Export (QBO)'!$I$2:$I$99999)) )} -> 31538.46 | I42: {=( SUM(('Export (QBO)'!$G$2:$G$99999>=Budget!I$1)*('Export (QBO)'!$G$2:$G$99999<=((EOMONTH(Budget!I$1,0))))*('Export (QBO)'!$J$2:$J$99999=$A42)*('Export (QBO)'!$I$2:$I$99999)) )} -> 32307.69 | J42: {=( SUM(('Export (QBO)'!$G$2:$G$99999>=Budget!J$1)*('Export (QBO)'!$G$2:$G$99999<=((EOMONTH(Budget!J$1,0))))*('Export (QBO)'!$J$2:$J$99999=$A42)*('Export (QBO)'!$I$2:$I$99999)) )} -> 41462.31 | ... N42: {=( SUM(('Export (QBO)'!$G$2:$G$99999>=Budget!N$1)*('Export (QBO)'!$G$2:$G$99999<=((EOMONTH(Budget!N$1,0))))*('Export (QBO)'!$J$2:$J$99999=$A42)*('Export (QBO)'!$I$2:$I$99999)) )} -> 21538.46 | O42: =SUM(C42:N42) -> 277213.42 | P42: {=( SUM(('Export (QBO)'!$G$2:$G$99999>=Budget!P$1)*('Export (QBO)'!$G$2:$G$99999<=((EOMONTH(Budget!P$1,0))))*('Export (QBO)'!$J$2:$J$99999=$A42)*('Export (QBO)'!$I$2:$I$99999)) )} -> 0 | Q42: {=( SUM(('Export (QBO)'!$G$2:$G$99999>=Budget!Q$1)*('Export (QBO)'!$G$2:$G$99999<=((EOMONTH(Budget!Q$1,0))))*('Export (QBO)'!$J$2:$J$99999=$A42)*('Export (QBO)'!$I$2:$I$99999)) )} -> 0 | R42: {=( SUM(('Export (QBO)'!$G$2:$G$99999>=Budget!R$1)*('Export (QBO)'!$G$2:$G$99999<=((EOMONTH(Budget!R$1,0))))*('Export (QBO)'!$J$2:$J$99999=$A42)*('Export (QBO)'!$I$2:$I$99999)) )} -> 0 | S42: {=( SUM(('Export (QBO)'!$G$2:$G$99999>=Budget!S$1)*('Export (QBO)'!$G$2:$G$99999<=((EOMONTH(Budget!S$1,0))))*('Export (QBO)'!$J$2:$J$99999=$A42)*('Export (QBO)'!$I$2:$I$99999)) )} -> 0 | T42: {=( SUM(('Export (QBO)'!$G$2:$G$99999>=Budget!T$1)*('Export (QBO)'!$G$2:$G$99999<=((EOMONTH(Budget!T$1,0))))*('Export (QBO)'!$J$2:$J$99999=$A42)*('Export (QBO)'!$I$2:$I$99999)) )} -> 0 | U42: {=( SUM(('Export (QBO)'!$G$2:$G$99999>=Budget!U$1)*('Export (QBO)'!$G$2:$G$99999<=((EOMONTH(Budget!U$1,0))))*('Export (QBO)'!$J$2:$J$99999=$A42)*('Export (QBO)'!$I$2:$I$99999)) )} -> 0 | V42: {=( SUM(('Export (QBO)'!$G$2:$G$99999>=Budget!V$1)*('Export (QBO)'!$G$2:$G$99999<=((EOMONTH(Budget!V$1,0))))*('Export (QBO)'!$J$2:$J$99999=$A42)*('Export (QBO)'!$I$2:$I$99999)) )} -> 0 | W42: {=( SUM(('Export (QBO)'!$G$2:$G$99999>=Budget!W$1)*('Export (QBO)'!$G$2:$G$99999<=((EOMONTH(Budget!W$1,0))))*('Export (QBO)'!$J$2:$J$99999=$A42)*('Export (QBO)'!$I$2:$I$99999)) )} -> 0 | ... AA42: {=( SUM(('Export (QBO)'!$G$2:$G$99999>=Budget!AA$1)*('Export (QBO)'!$G$2:$G$99999<=((EOMONTH(Budget!AA$1,0))))*('Export (QBO)'!$J$2:$J$99999=$A42)*('Export (QBO)'!$I$2:$I$99999)) )} -> 0 | AB42: =SUM(P42:AA42) -> 0
A43: Payroll - Hourly | C43: {=( SUM(('Export (QBO)'!$G$2:$G$99999>=Budget!C$1)*('Export (QBO)'!$G$2:$G$99999<=((EOMONTH(Budget!C$1,0))))*('Export (QBO)'!$J$2:$J$99999=$A43)*('Export (QBO)'!$I$2:$I$99999)) )} -> 60932.76 | D43: {=( SUM(('Export (QBO)'!$G$2:$G$99999>=Budget!D$1)*('Export (QBO)'!$G$2:$G$99999<=((EOMONTH(Budget!D$1,0))))*('Export (QBO)'!$J$2:$J$99999=$A43)*('Export (QBO)'!$I$2:$I$99999)) )} -> 50681.72 | E43: {=( SUM(('Export (QBO)'!$G$2:$G$99999>=Budget!E$1)*('Export (QBO)'!$G$2:$G$99999<=((EOMONTH(Budget!E$1,0))))*('Export (QBO)'!$J$2:$J$99999=$A43)*('Export (QBO)'!$I$2:$I$99999)) )} -> 43268.88 | F43: {=( SUM(('Export (QBO)'!$G$2:$G$99999>=Budget!F$1)*('Export (QBO)'!$G$2:$G$99999<=((EOMONTH(Budget!F$1,0))))*('Export (QBO)'!$J$2:$J$99999=$A43)*('Export (QBO)'!$I$2:$I$99999)) )} -> 64797.05 | G43: {=( SUM(('Export (QBO)'!$G$2:$G$99999>=Budget!G$1)*('Export (QBO)'!$G$2:$G$99999<=((EOMONTH(Budget!G$1,0))))*('Export (QBO)'!$J$2:$J$99999=$A43)*('Export (QBO)'!$I$2:$I$99999)) )} -> 56459.38 | H43: {=( SUM(('Export (QBO)'!$G$2:$G$99999>=Budget!H$1)*('Export (QBO)'!$G$2:$G$99999<=((EOMONTH(Budget!H$1,0))))*('Export (QBO)'!$J$2:$J$99999=$A43)*('Export (QBO)'!$I$2:$I$99999)) )} -> 33334.49 | I43: {=( SUM(('Export (QBO)'!$G$2:$G$99999>=Budget!I$1)*('Export (QBO)'!$G$2:$G$99999<=((EOMONTH(Budget!I$1,0))))*('Export (QBO)'!$J$2:$J$99999=$A43)*('Export (QBO)'!$I$2:$I$99999)) )} -> 73494.9 | J43: {=( SUM(('Export (QBO)'!$G$2:$G$99999>=Budget!J$1)*('Export (QBO)'!$G$2:$G$99999<=((EOMONTH(Budget!J$1,0))))*('Export (QBO)'!$J$2:$J$99999=$A43)*('Export (QBO)'!$I$2:$I$99999)) )} -> 21535.34 | ... N43: {=( SUM(('Export (QBO)'!$G$2:$G$99999>=Budget!N$1)*('Export (QBO)'!$G$2:$G$99999<=((EOMONTH(Budget!N$1,0))))*('Export (QBO)'!$J$2:$J$99999=$A43)*('Export (QBO)'!$I$2:$I$99999)) )} -> 38589.28 | O43: =SUM(C43:N43) -> 525212.64 | P43: {=( SUM(('Export (QBO)'!$G$2:$G$99999>=Budget!P$1)*('Export (QBO)'!$G$2:$G$99999<=((EOMONTH(Budget!P$1,0))))*('Export (QBO)'!$J$2:$J$99999=$A43)*('Export (QBO)'!$I$2:$I$99999)) )} -> 0 | Q43: {=( SUM(('Export (QBO)'!$G$2:$G$99999>=Budget!Q$1)*('Export (QBO)'!$G$2:$G$99999<=((EOMONTH(Budget!Q$1,0))))*('Export (QBO)'!$J$2:$J$99999=$A43)*('Export (QBO)'!$I$2:$I$99999)) )} -> 0 | R43: {=( SUM(('Export (QBO)'!$G$2:$G$99999>=Budget!R$1)*('Export (QBO)'!$G$2:$G$99999<=((EOMONTH(Budget!R$1,0))))*('Export (QBO)'!$J$2:$J$99999=$A43)*('Export (QBO)'!$I$2:$I$99999)) )} -> 0 | S43: {=( SUM(('Export (QBO)'!$G$2:$G$99999>=Budget!S$1)*('Export (QBO)'!$G$2:$G$99999<=((EOMONTH(Budget!S$1,0))))*('Export (QBO)'!$J$2:$J$99999=$A43)*('Export (QBO)'!$I$2:$I$99999)) )} -> 0 | T43: {=( SUM(('Export (QBO)'!$G$2:$G$99999>=Budget!T$1)*('Export (QBO)'!$G$2:$G$99999<=((EOMONTH(Budget!T$1,0))))*('Export (QBO)'!$J$2:$J$99999=$A43)*('Export (QBO)'!$I$2:$I$99999)) )} -> 0 | U43: {=( SUM(('Export (QBO)'!$G$2:$G$99999>=Budget!U$1)*('Export (QBO)'!$G$2:$G$99999<=((EOMONTH(Budget!U$1,0))))*('Export (QBO)'!$J$2:$J$99999=$A43)*('Export (QBO)'!$I$2:$I$99999)) )} -> 0 | V43: {=( SUM(('Export (QBO)'!$G$2:$G$99999>=Budget!V$1)*('Export (QBO)'!$G$2:$G$99999<=((EOMONTH(Budget!V$1,0))))*('Export (QBO)'!$J$2:$J$99999=$A43)*('Export (QBO)'!$I$2:$I$99999)) )} -> 0 | W43: {=( SUM(('Export (QBO)'!$G$2:$G$99999>=Budget!W$1)*('Export (QBO)'!$G$2:$G$99999<=((EOMONTH(Budget!W$1,0))))*('Export (QBO)'!$J$2:$J$99999=$A43)*('Export (QBO)'!$I$2:$I$99999)) )} -> 0 | ... AA43: {=( SUM(('Export (QBO)'!$G$2:$G$99999>=Budget!AA$1)*('Export (QBO)'!$G$2:$G$99999<=((EOMONTH(Budget!AA$1,0))))*('Export (QBO)'!$J$2:$J$99999=$A43)*('Export (QBO)'!$I$2:$I$99999)) )} -> 0 | AB43: =SUM(P43:AA43) -> 0
A44: Payroll - Employee Benefits (Paid) | C44: {=( SUM(('Export (QBO)'!$G$2:$G$99999>=Budget!C$1)*('Export (QBO)'!$G$2:$G$99999<=((EOMONTH(Budget!C$1,0))))*('Export (QBO)'!$J$2:$J$99999=$A44)*('Export (QBO)'!$I$2:$I$99999)) )} -> 2657.09 | D44: {=( SUM(('Export (QBO)'!$G$2:$G$99999>=Budget!D$1)*('Export (QBO)'!$G$2:$G$99999<=((EOMONTH(Budget!D$1,0))))*('Export (QBO)'!$J$2:$J$99999=$A44)*('Export (QBO)'!$I$2:$I$99999)) )} -> 1475.94 | E44: {=( SUM(('Export (QBO)'!$G$2:$G$99999>=Budget!E$1)*('Export (QBO)'!$G$2:$G$99999<=((EOMONTH(Budget!E$1,0))))*('Export (QBO)'!$J$2:$J$99999=$A44)*('Export (QBO)'!$I$2:$I$99999)) )} -> 1475.94 | F44: {=( SUM(('Export (QBO)'!$G$2:$G$99999>=Budget!F$1)*('Export (QBO)'!$G$2:$G$99999<=((EOMONTH(Budget!F$1,0))))*('Export (QBO)'!$J$2:$J$99999=$A44)*('Export (QBO)'!$I$2:$I$99999)) )} -> 2582.82 | G44: {=( SUM(('Export (QBO)'!$G$2:$G$99999>=Budget!G$1)*('Export (QBO)'!$G$2:$G$99999<=((EOMONTH(Budget!G$1,0))))*('Export (QBO)'!$J$2:$J$99999=$A44)*('Export (QBO)'!$I$2:$I$99999)) )} -> 890.2 | H44: {=( SUM(('Export (QBO)'!$G$2:$G$99999>=Budget!H$1)*('Export (QBO)'!$G$2:$G$99999<=((EOMONTH(Budget!H$1,0))))*('Export (QBO)'!$J$2:$J$99999=$A44)*('Export (QBO)'!$I$2:$I$99999)) )} -> 2080.21 | I44: {=( SUM(('Export (QBO)'!$G$2:$G$99999>=Budget!I$1)*('Export (QBO)'!$G$2:$G$99999<=((EOMONTH(Budget!I$1,0))))*('Export (QBO)'!$J$2:$J$99999=$A44)*('Export (QBO)'!$I$2:$I$99999)) )} -> 2722.81 | J44: {=( SUM(('Export (QBO)'!$G$2:$G$99999>=Budget!J$1)*('Export (QBO)'!$G$2:$G$99999<=((EOMONTH(Budget!J$1,0))))*('Export (QBO)'!$J$2:$J$99999=$A44)*('Export (QBO)'!$I$2:$I$99999)) )} -> 2586.16 | ... N44: {=( SUM(('Export (QBO)'!$G$2:$G$99999>=Budget!N$1)*('Export (QBO)'!$G$2:$G$99999<=((EOMONTH(Budget!N$1,0))))*('Export (QBO)'!$J$2:$J$99999=$A44)*('Export (QBO)'!$I$2:$I$99999)) )} -> 2869.2 | O44: =SUM(C44:N44) -> 20260.11 | P44: {=( SUM(('Export (QBO)'!$G$2:$G$99999>=Budget!P$1)*('Export (QBO)'!$G$2:$G$99999<=((EOMONTH(Budget!P$1,0))))*('Export (QBO)'!$J$2:$J$99999=$A44)*('Export (QBO)'!$I$2:$I$99999)) )} -> 1392.02 | Q44: {=( SUM(('Export (QBO)'!$G$2:$G$99999>=Budget!Q$1)*('Export (QBO)'!$G$2:$G$99999<=((EOMONTH(Budget!Q$1,0))))*('Export (QBO)'!$J$2:$J$99999=$A44)*('Export (QBO)'!$I$2:$I$99999)) )} -> 0 | R44: {=( SUM(('Export (QBO)'!$G$2:$G$99999>=Budget!R$1)*('Export (QBO)'!$G$2:$G$99999<=((EOMONTH(Budget!R$1,0))))*('Export (QBO)'!$J$2:$J$99999=$A44)*('Export (QBO)'!$I$2:$I$99999)) )} -> 0 | S44: {=( SUM(('Export (QBO)'!$G$2:$G$99999>=Budget!S$1)*('Export (QBO)'!$G$2:$G$99999<=((EOMONTH(Budget!S$1,0))))*('Export (QBO)'!$J$2:$J$99999=$A44)*('Export (QBO)'!$I$2:$I$99999)) )} -> 0 | T44: {=( SUM(('Export (QBO)'!$G$2:$G$99999>=Budget!T$1)*('Export (QBO)'!$G$2:$G$99999<=((EOMONTH(Budget!T$1,0))))*('Export (QBO)'!$J$2:$J$99999=$A44)*('Export (QBO)'!$I$2:$I$99999)) )} -> 0 | U44: {=( SUM(('Export (QBO)'!$G$2:$G$99999>=Budget!U$1)*('Export (QBO)'!$G$2:$G$99999<=((EOMONTH(Budget!U$1,0))))*('Export (QBO)'!$J$2:$J$99999=$A44)*('Export (QBO)'!$I$2:$I$99999)) )} -> 0 | V44: {=( SUM(('Export (QBO)'!$G$2:$G$99999>=Budget!V$1)*('Export (QBO)'!$G$2:$G$99999<=((EOMONTH(Budget!V$1,0))))*('Export (QBO)'!$J$2:$J$99999=$A44)*('Export (QBO)'!$I$2:$I$99999)) )} -> 0 | W44: {=( SUM(('Export (QBO)'!$G$2:$G$99999>=Budget!W$1)*('Export (QBO)'!$G$2:$G$99999<=((EOMONTH(Budget!W$1,0))))*('Export (QBO)'!$J$2:$J$99999=$A44)*('Export (QBO)'!$I$2:$I$99999)) )} -> 0 | ... AA44: {=( SUM(('Export (QBO)'!$G$2:$G$99999>=Budget!AA$1)*('Export (QBO)'!$G$2:$G$99999<=((EOMONTH(Budget!AA$1,0))))*('Export (QBO)'!$J$2:$J$99999=$A44)*('Export (QBO)'!$I$2:$I$99999)) )} -> 0 | AB44: =SUM(P44:AA44) -> 1392.02
A45: Payroll - Employee Benefits (Collected) | C45: {=( SUM(('Export (QBO)'!$G$2:$G$99999>=Budget!C$1)*('Export (QBO)'!$G$2:$G$99999<=((EOMONTH(Budget!C$1,0))))*('Export (QBO)'!$J$2:$J$99999=$A45)*('Export (QBO)'!$I$2:$I$99999)) )} -> 0 | D45: {=( SUM(('Export (QBO)'!$G$2:$G$99999>=Budget!D$1)*('Export (QBO)'!$G$2:$G$99999<=((EOMONTH(Budget!D$1,0))))*('Export (QBO)'!$J$2:$J$99999=$A45)*('Export (QBO)'!$I$2:$I$99999)) )} -> 0 | E45: {=( SUM(('Export (QBO)'!$G$2:$G$99999>=Budget!E$1)*('Export (QBO)'!$G$2:$G$99999<=((EOMONTH(Budget!E$1,0))))*('Export (QBO)'!$J$2:$J$99999=$A45)*('Export (QBO)'!$I$2:$I$99999)) )} -> 0 | F45: {=( SUM(('Export (QBO)'!$G$2:$G$99999>=Budget!F$1)*('Export (QBO)'!$G$2:$G$99999<=((EOMONTH(Budget!F$1,0))))*('Export (QBO)'!$J$2:$J$99999=$A45)*('Export (QBO)'!$I$2:$I$99999)) )} -> 0 | G45: {=( SUM(('Export (QBO)'!$G$2:$G$99999>=Budget!G$1)*('Export (QBO)'!$G$2:$G$99999<=((EOMONTH(Budget!G$1,0))))*('Export (QBO)'!$J$2:$J$99999=$A45)*('Export (QBO)'!$I$2:$I$99999)) )} -> 0 | H45: {=( SUM(('Export (QBO)'!$G$2:$G$99999>=Budget!H$1)*('Export (QBO)'!$G$2:$G$99999<=((EOMONTH(Budget!H$1,0))))*('Export (QBO)'!$J$2:$J$99999=$A45)*('Export (QBO)'!$I$2:$I$99999)) )} -> 0 | I45: {=( SUM(('Export (QBO)'!$G$2:$G$99999>=Budget!I$1)*('Export (QBO)'!$G$2:$G$99999<=((EOMONTH(Budget!I$1,0))))*('Export (QBO)'!$J$2:$J$99999=$A45)*('Export (QBO)'!$I$2:$I$99999)) )} -> 0 | J45: {=( SUM(('Export (QBO)'!$G$2:$G$99999>=Budget!J$1)*('Export (QBO)'!$G$2:$G$99999<=((EOMONTH(Budget!J$1,0))))*('Export (QBO)'!$J$2:$J$99999=$A45)*('Export (QBO)'!$I$2:$I$99999)) )} -> 0 | ... N45: {=( SUM(('Export (QBO)'!$G$2:$G$99999>=Budget!N$1)*('Export (QBO)'!$G$2:$G$99999<=((EOMONTH(Budget!N$1,0))))*('Export (QBO)'!$J$2:$J$99999=$A45)*('Export (QBO)'!$I$2:$I$99999)) )} -> 0 | O45: =SUM(C45:N45) -> 0 | P45: {=( SUM(('Export (QBO)'!$G$2:$G$99999>=Budget!P$1)*('Export (QBO)'!$G$2:$G$99999<=((EOMONTH(Budget!P$1,0))))*('Export (QBO)'!$J$2:$J$99999=$A45)*('Export (QBO)'!$I$2:$I$99999)) )} -> 0 | Q45: {=( SUM(('Export (QBO)'!$G$2:$G$99999>=Budget!Q$1)*('Export (QBO)'!$G$2:$G$99999<=((EOMONTH(Budget!Q$1,0))))*('Export (QBO)'!$J$2:$J$99999=$A45)*('Export (QBO)'!$I$2:$I$99999)) )} -> 0 | R45: {=( SUM(('Export (QBO)'!$G$2:$G$99999>=Budget!R$1)*('Export (QBO)'!$G$2:$G$99999<=((EOMONTH(Budget!R$1,0))))*('Export (QBO)'!$J$2:$J$99999=$A45)*('Export (QBO)'!$I$2:$I$99999)) )} -> 0 | S45: {=( SUM(('Export (QBO)'!$G$2:$G$99999>=Budget!S$1)*('Export (QBO)'!$G$2:$G$99999<=((EOMONTH(Budget!S$1,0))))*('Export (QBO)'!$J$2:$J$99999=$A45)*('Export (QBO)'!$I$2:$I$99999)) )} -> 0 | T45: {=( SUM(('Export (QBO)'!$G$2:$G$99999>=Budget!T$1)*('Export (QBO)'!$G$2:$G$99999<=((EOMONTH(Budget!T$1,0))))*('Export (QBO)'!$J$2:$J$99999=$A45)*('Export (QBO)'!$I$2:$I$99999)) )} -> 0 | U45: {=( SUM(('Export (QBO)'!$G$2:$G$99999>=Budget!U$1)*('Export (QBO)'!$G$2:$G$99999<=((EOMONTH(Budget!U$1,0))))*('Export (QBO)'!$J$2:$J$99999=$A45)*('Export (QBO)'!$I$2:$I$99999)) )} -> 0 | V45: {=( SUM(('Export (QBO)'!$G$2:$G$99999>=Budget!V$1)*('Export (QBO)'!$G$2:$G$99999<=((EOMONTH(Budget!V$1,0))))*('Export (QBO)'!$J$2:$J$99999=$A45)*('Export (QBO)'!$I$2:$I$99999)) )} -> 0 | W45: {=( SUM(('Export (QBO)'!$G$2:$G$99999>=Budget!W$1)*('Export (QBO)'!$G$2:$G$99999<=((EOMONTH(Budget!W$1,0))))*('Export (QBO)'!$J$2:$J$99999=$A45)*('Export (QBO)'!$I$2:$I$99999)) )} -> 0 | ... AA45: {=( SUM(('Export (QBO)'!$G$2:$G$99999>=Budget!AA$1)*('Export (QBO)'!$G$2:$G$99999<=((EOMONTH(Budget!AA$1,0))))*('Export (QBO)'!$J$2:$J$99999=$A45)*('Export (QBO)'!$I$2:$I$99999)) )} -> 0 | AB45: =SUM(P45:AA45) -> 0
A46: Payroll - WCB (Employees) | C46: {=( SUM(('Export (QBO)'!$G$2:$G$99999>=Budget!C$1)*('Export (QBO)'!$G$2:$G$99999<=((EOMONTH(Budget!C$1,0))))*('Export (QBO)'!$J$2:$J$99999=$A46)*('Export (QBO)'!$I$2:$I$99999)) )} -> 1724.44 | D46: {=( SUM(('Export (QBO)'!$G$2:$G$99999>=Budget!D$1)*('Export (QBO)'!$G$2:$G$99999<=((EOMONTH(Budget!D$1,0))))*('Export (QBO)'!$J$2:$J$99999=$A46)*('Export (QBO)'!$I$2:$I$99999)) )} -> 2043.87 | E46: {=( SUM(('Export (QBO)'!$G$2:$G$99999>=Budget!E$1)*('Export (QBO)'!$G$2:$G$99999<=((EOMONTH(Budget!E$1,0))))*('Export (QBO)'!$J$2:$J$99999=$A46)*('Export (QBO)'!$I$2:$I$99999)) )} -> 1834.08 | F46: {=( SUM(('Export (QBO)'!$G$2:$G$99999>=Budget!F$1)*('Export (QBO)'!$G$2:$G$99999<=((EOMONTH(Budget!F$1,0))))*('Export (QBO)'!$J$2:$J$99999=$A46)*('Export (QBO)'!$I$2:$I$99999)) )} -> 5565.56 | G46: {=( SUM(('Export (QBO)'!$G$2:$G$99999>=Budget!G$1)*('Export (QBO)'!$G$2:$G$99999<=((EOMONTH(Budget!G$1,0))))*('Export (QBO)'!$J$2:$J$99999=$A46)*('Export (QBO)'!$I$2:$I$99999)) )} -> 1869.54 | H46: {=( SUM(('Export (QBO)'!$G$2:$G$99999>=Budget!H$1)*('Export (QBO)'!$G$2:$G$99999<=((EOMONTH(Budget!H$1,0))))*('Export (QBO)'!$J$2:$J$99999=$A46)*('Export (QBO)'!$I$2:$I$99999)) )} -> 1602.35 | I46: {=( SUM(('Export (QBO)'!$G$2:$G$99999>=Budget!I$1)*('Export (QBO)'!$G$2:$G$99999<=((EOMONTH(Budget!I$1,0))))*('Export (QBO)'!$J$2:$J$99999=$A46)*('Export (QBO)'!$I$2:$I$99999)) )} -> 2493.81 | J46: {=( SUM(('Export (QBO)'!$G$2:$G$99999>=Budget!J$1)*('Export (QBO)'!$G$2:$G$99999<=((EOMONTH(Budget!J$1,0))))*('Export (QBO)'!$J$2:$J$99999=$A46)*('Export (QBO)'!$I$2:$I$99999)) )} -> 1176.04 | ... N46: {=( SUM(('Export (QBO)'!$G$2:$G$99999>=Budget!N$1)*('Export (QBO)'!$G$2:$G$99999<=((EOMONTH(Budget!N$1,0))))*('Export (QBO)'!$J$2:$J$99999=$A46)*('Export (QBO)'!$I$2:$I$99999)) )} -> 646.18 | O46: =SUM(C46:N46) -> 21795.69 | P46: {=( SUM(('Export (QBO)'!$G$2:$G$99999>=Budget!P$1)*('Export (QBO)'!$G$2:$G$99999<=((EOMONTH(Budget!P$1,0))))*('Export (QBO)'!$J$2:$J$99999=$A46)*('Export (QBO)'!$I$2:$I$99999)) )} -> 0 | Q46: {=( SUM(('Export (QBO)'!$G$2:$G$99999>=Budget!Q$1)*('Export (QBO)'!$G$2:$G$99999<=((EOMONTH(Budget!Q$1,0))))*('Export (QBO)'!$J$2:$J$99999=$A46)*('Export (QBO)'!$I$2:$I$99999)) )} -> 0 | R46: {=( SUM(('Export (QBO)'!$G$2:$G$99999>=Budget!R$1)*('Export (QBO)'!$G$2:$G$99999<=((EOMONTH(Budget!R$1,0))))*('Export (QBO)'!$J$2:$J$99999=$A46)*('Export (QBO)'!$I$2:$I$99999)) )} -> 0 | S46: {=( SUM(('Export (QBO)'!$G$2:$G$99999>=Budget!S$1)*('Export (QBO)'!$G$2:$G$99999<=((EOMONTH(Budget!S$1,0))))*('Export (QBO)'!$J$2:$J$99999=$A46)*('Export (QBO)'!$I$2:$I$99999)) )} -> 0 | T46: {=( SUM(('Export (QBO)'!$G$2:$G$99999>=Budget!T$1)*('Export (QBO)'!$G$2:$G$99999<=((EOMONTH(Budget!T$1,0))))*('Export (QBO)'!$J$2:$J$99999=$A46)*('Export (QBO)'!$I$2:$I$99999)) )} -> 0 | U46: {=( SUM(('Export (QBO)'!$G$2:$G$99999>=Budget!U$1)*('Export (QBO)'!$G$2:$G$99999<=((EOMONTH(Budget!U$1,0))))*('Export (QBO)'!$J$2:$J$99999=$A46)*('Export (QBO)'!$I$2:$I$99999)) )} -> 0 | V46: {=( SUM(('Export (QBO)'!$G$2:$G$99999>=Budget!V$1)*('Export (QBO)'!$G$2:$G$99999<=((EOMONTH(Budget!V$1,0))))*('Export (QBO)'!$J$2:$J$99999=$A46)*('Export (QBO)'!$I$2:$I$99999)) )} -> 0 | W46: {=( SUM(('Export (QBO)'!$G$2:$G$99999>=Budget!W$1)*('Export (QBO)'!$G$2:$G$99999<=((EOMONTH(Budget!W$1,0))))*('Export (QBO)'!$J$2:$J$99999=$A46)*('Export (QBO)'!$I$2:$I$99999)) )} -> 0 | ... AA46: {=( SUM(('Export (QBO)'!$G$2:$G$99999>=Budget!AA$1)*('Export (QBO)'!$G$2:$G$99999<=((EOMONTH(Budget!AA$1,0))))*('Export (QBO)'!$J$2:$J$99999=$A46)*('Export (QBO)'!$I$2:$I$99999)) )} -> 0 | AB46: =SUM(P46:AA46) -> 0
A47: Payroll - CPP + EI | C47: {=( SUM(('Export (QBO)'!$G$2:$G$99999>=Budget!C$1)*('Export (QBO)'!$G$2:$G$99999<=((EOMONTH(Budget!C$1,0))))*('Export (QBO)'!$J$2:$J$99999=$A47)*('Export (QBO)'!$I$2:$I$99999)) )} -> 4898.64 | D47: {=( SUM(('Export (QBO)'!$G$2:$G$99999>=Budget!D$1)*('Export (QBO)'!$G$2:$G$99999<=((EOMONTH(Budget!D$1,0))))*('Export (QBO)'!$J$2:$J$99999=$A47)*('Export (QBO)'!$I$2:$I$99999)) )} -> 5808.36 | E47: {=( SUM(('Export (QBO)'!$G$2:$G$99999>=Budget!E$1)*('Export (QBO)'!$G$2:$G$99999<=((EOMONTH(Budget!E$1,0))))*('Export (QBO)'!$J$2:$J$99999=$A47)*('Export (QBO)'!$I$2:$I$99999)) )} -> 5032.25 | F47: {=( SUM(('Export (QBO)'!$G$2:$G$99999>=Budget!F$1)*('Export (QBO)'!$G$2:$G$99999<=((EOMONTH(Budget!F$1,0))))*('Export (QBO)'!$J$2:$J$99999=$A47)*('Export (QBO)'!$I$2:$I$99999)) )} -> 6472.25 | G47: {=( SUM(('Export (QBO)'!$G$2:$G$99999>=Budget!G$1)*('Export (QBO)'!$G$2:$G$99999<=((EOMONTH(Budget!G$1,0))))*('Export (QBO)'!$J$2:$J$99999=$A47)*('Export (QBO)'!$I$2:$I$99999)) )} -> 4102.91 | H47: {=( SUM(('Export (QBO)'!$G$2:$G$99999>=Budget!H$1)*('Export (QBO)'!$G$2:$G$99999<=((EOMONTH(Budget!H$1,0))))*('Export (QBO)'!$J$2:$J$99999=$A47)*('Export (QBO)'!$I$2:$I$99999)) )} -> 3251.27 | I47: {=( SUM(('Export (QBO)'!$G$2:$G$99999>=Budget!I$1)*('Export (QBO)'!$G$2:$G$99999<=((EOMONTH(Budget!I$1,0))))*('Export (QBO)'!$J$2:$J$99999=$A47)*('Export (QBO)'!$I$2:$I$99999)) )} -> 4123.28 | J47: {=( SUM(('Export (QBO)'!$G$2:$G$99999>=Budget!J$1)*('Export (QBO)'!$G$2:$G$99999<=((EOMONTH(Budget!J$1,0))))*('Export (QBO)'!$J$2:$J$99999=$A47)*('Export (QBO)'!$I$2:$I$99999)) )} -> 1840.04 | ... N47: {=( SUM(('Export (QBO)'!$G$2:$G$99999>=Budget!N$1)*('Export (QBO)'!$G$2:$G$99999<=((EOMONTH(Budget!N$1,0))))*('Export (QBO)'!$J$2:$J$99999=$A47)*('Export (QBO)'!$I$2:$I$99999)) )} -> 1066.05 | O47: =SUM(C47:N47) -> 40643.49 | P47: {=( SUM(('Export (QBO)'!$G$2:$G$99999>=Budget!P$1)*('Export (QBO)'!$G$2:$G$99999<=((EOMONTH(Budget!P$1,0))))*('Export (QBO)'!$J$2:$J$99999=$A47)*('Export (QBO)'!$I$2:$I$99999)) )} -> 0 | Q47: {=( SUM(('Export (QBO)'!$G$2:$G$99999>=Budget!Q$1)*('Export (QBO)'!$G$2:$G$99999<=((EOMONTH(Budget!Q$1,0))))*('Export (QBO)'!$J$2:$J$99999=$A47)*('Export (QBO)'!$I$2:$I$99999)) )} -> 0 | R47: {=( SUM(('Export (QBO)'!$G$2:$G$99999>=Budget!R$1)*('Export (QBO)'!$G$2:$G$99999<=((EOMONTH(Budget!R$1,0))))*('Export (QBO)'!$J$2:$J$99999=$A47)*('Export (QBO)'!$I$2:$I$99999)) )} -> 0 | S47: {=( SUM(('Export (QBO)'!$G$2:$G$99999>=Budget!S$1)*('Export (QBO)'!$G$2:$G$99999<=((EOMONTH(Budget!S$1,0))))*('Export (QBO)'!$J$2:$J$99999=$A47)*('Export (QBO)'!$I$2:$I$99999)) )} -> 0 | T47: {=( SUM(('Export (QBO)'!$G$2:$G$99999>=Budget!T$1)*('Export (QBO)'!$G$2:$G$99999<=((EOMONTH(Budget!T$1,0))))*('Export (QBO)'!$J$2:$J$99999=$A47)*('Export (QBO)'!$I$2:$I$99999)) )} -> 0 | U47: {=( SUM(('Export (QBO)'!$G$2:$G$99999>=Budget!U$1)*('Export (QBO)'!$G$2:$G$99999<=((EOMONTH(Budget!U$1,0))))*('Export (QBO)'!$J$2:$J$99999=$A47)*('Export (QBO)'!$I$2:$I$99999)) )} -> 0 | V47: {=( SUM(('Export (QBO)'!$G$2:$G$99999>=Budget!V$1)*('Export (QBO)'!$G$2:$G$99999<=((EOMONTH(Budget!V$1,0))))*('Export (QBO)'!$J$2:$J$99999=$A47)*('Export (QBO)'!$I$2:$I$99999)) )} -> 0 | W47: {=( SUM(('Export (QBO)'!$G$2:$G$99999>=Budget!W$1)*('Export (QBO)'!$G$2:$G$99999<=((EOMONTH(Budget!W$1,0))))*('Export (QBO)'!$J$2:$J$99999=$A47)*('Export (QBO)'!$I$2:$I$99999)) )} -> 0 | ... AA47: {=( SUM(('Export (QBO)'!$G$2:$G$99999>=Budget!AA$1)*('Export (QBO)'!$G$2:$G$99999<=((EOMONTH(Budget!AA$1,0))))*('Export (QBO)'!$J$2:$J$99999=$A47)*('Export (QBO)'!$I$2:$I$99999)) )} -> 0 | AB47: =SUM(P47:AA47) -> 0
A48: Payroll - Interest & Penalties | C48: {=( SUM(('Export (QBO)'!$G$2:$G$99999>=Budget!C$1)*('Export (QBO)'!$G$2:$G$99999<=((EOMONTH(Budget!C$1,0))))*('Export (QBO)'!$J$2:$J$99999=$A48)*('Export (QBO)'!$I$2:$I$99999)) )} -> 0 | D48: {=( SUM(('Export (QBO)'!$G$2:$G$99999>=Budget!D$1)*('Export (QBO)'!$G$2:$G$99999<=((EOMONTH(Budget!D$1,0))))*('Export (QBO)'!$J$2:$J$99999=$A48)*('Export (QBO)'!$I$2:$I$99999)) )} -> 0 | E48: {=( SUM(('Export (QBO)'!$G$2:$G$99999>=Budget!E$1)*('Export (QBO)'!$G$2:$G$99999<=((EOMONTH(Budget!E$1,0))))*('Export (QBO)'!$J$2:$J$99999=$A48)*('Export (QBO)'!$I$2:$I$99999)) )} -> 0 | F48: {=( SUM(('Export (QBO)'!$G$2:$G$99999>=Budget!F$1)*('Export (QBO)'!$G$2:$G$99999<=((EOMONTH(Budget!F$1,0))))*('Export (QBO)'!$J$2:$J$99999=$A48)*('Export (QBO)'!$I$2:$I$99999)) )} -> 0 | G48: {=( SUM(('Export (QBO)'!$G$2:$G$99999>=Budget!G$1)*('Export (QBO)'!$G$2:$G$99999<=((EOMONTH(Budget!G$1,0))))*('Export (QBO)'!$J$2:$J$99999=$A48)*('Export (QBO)'!$I$2:$I$99999)) )} -> 0 | H48: {=( SUM(('Export (QBO)'!$G$2:$G$99999>=Budget!H$1)*('Export (QBO)'!$G$2:$G$99999<=((EOMONTH(Budget!H$1,0))))*('Export (QBO)'!$J$2:$J$99999=$A48)*('Export (QBO)'!$I$2:$I$99999)) )} -> 0 | I48: {=( SUM(('Export (QBO)'!$G$2:$G$99999>=Budget!I$1)*('Export (QBO)'!$G$2:$G$99999<=((EOMONTH(Budget!I$1,0))))*('Export (QBO)'!$J$2:$J$99999=$A48)*('Export (QBO)'!$I$2:$I$99999)) )} -> 0 | J48: {=( SUM(('Export (QBO)'!$G$2:$G$99999>=Budget!J$1)*('Export (QBO)'!$G$2:$G$99999<=((EOMONTH(Budget!J$1,0))))*('Export (QBO)'!$J$2:$J$99999=$A48)*('Export (QBO)'!$I$2:$I$99999)) )} -> 0 | ... N48: {=( SUM(('Export (QBO)'!$G$2:$G$99999>=Budget!N$1)*('Export (QBO)'!$G$2:$G$99999<=((EOMONTH(Budget!N$1,0))))*('Export (QBO)'!$J$2:$J$99999=$A48)*('Export (QBO)'!$I$2:$I$99999)) )} -> 0 | O48: =SUM(C48:N48) -> 0 | P48: {=( SUM(('Export (QBO)'!$G$2:$G$99999>=Budget!P$1)*('Export (QBO)'!$G$2:$G$99999<=((EOMONTH(Budget!P$1,0))))*('Export (QBO)'!$J$2:$J$99999=$A48)*('Export (QBO)'!$I$2:$I$99999)) )} -> 0 | Q48: {=( SUM(('Export (QBO)'!$G$2:$G$99999>=Budget!Q$1)*('Export (QBO)'!$G$2:$G$99999<=((EOMONTH(Budget!Q$1,0))))*('Export (QBO)'!$J$2:$J$99999=$A48)*('Export (QBO)'!$I$2:$I$99999)) )} -> 0 | R48: {=( SUM(('Export (QBO)'!$G$2:$G$99999>=Budget!R$1)*('Export (QBO)'!$G$2:$G$99999<=((EOMONTH(Budget!R$1,0))))*('Export (QBO)'!$J$2:$J$99999=$A48)*('Export (QBO)'!$I$2:$I$99999)) )} -> 0 | S48: {=( SUM(('Export (QBO)'!$G$2:$G$99999>=Budget!S$1)*('Export (QBO)'!$G$2:$G$99999<=((EOMONTH(Budget!S$1,0))))*('Export (QBO)'!$J$2:$J$99999=$A48)*('Export (QBO)'!$I$2:$I$99999)) )} -> 0 | T48: {=( SUM(('Export (QBO)'!$G$2:$G$99999>=Budget!T$1)*('Export (QBO)'!$G$2:$G$99999<=((EOMONTH(Budget!T$1,0))))*('Export (QBO)'!$J$2:$J$99999=$A48)*('Export (QBO)'!$I$2:$I$99999)) )} -> 0 | U48: {=( SUM(('Export (QBO)'!$G$2:$G$99999>=Budget!U$1)*('Export (QBO)'!$G$2:$G$99999<=((EOMONTH(Budget!U$1,0))))*('Export (QBO)'!$J$2:$J$99999=$A48)*('Export (QBO)'!$I$2:$I$99999)) )} -> 0 | V48: {=( SUM(('Export (QBO)'!$G$2:$G$99999>=Budget!V$1)*('Export (QBO)'!$G$2:$G$99999<=((EOMONTH(Budget!V$1,0))))*('Export (QBO)'!$J$2:$J$99999=$A48)*('Export (QBO)'!$I$2:$I$99999)) )} -> 0 | W48: {=( SUM(('Export (QBO)'!$G$2:$G$99999>=Budget!W$1)*('Export (QBO)'!$G$2:$G$99999<=((EOMONTH(Budget!W$1,0))))*('Export (QBO)'!$J$2:$J$99999=$A48)*('Export (QBO)'!$I$2:$I$99999)) )} -> 0 | ... AA48: {=( SUM(('Export (QBO)'!$G$2:$G$99999>=Budget!AA$1)*('Export (QBO)'!$G$2:$G$99999<=((EOMONTH(Budget!AA$1,0))))*('Export (QBO)'!$J$2:$J$99999=$A48)*('Export (QBO)'!$I$2:$I$99999)) )} -> 0 | AB48: =SUM(P48:AA48) -> 0
A49: Health Spending - Scott | C49: {=( SUM(('Export (QBO)'!$G$2:$G$99999>=Budget!C$1)*('Export (QBO)'!$G$2:$G$99999<=((EOMONTH(Budget!C$1,0))))*('Export (QBO)'!$J$2:$J$99999=$A49)*('Export (QBO)'!$I$2:$I$99999)) )} -> 0 | D49: {=( SUM(('Export (QBO)'!$G$2:$G$99999>=Budget!D$1)*('Export (QBO)'!$G$2:$G$99999<=((EOMONTH(Budget!D$1,0))))*('Export (QBO)'!$J$2:$J$99999=$A49)*('Export (QBO)'!$I$2:$I$99999)) )} -> 0 | E49: {=( SUM(('Export (QBO)'!$G$2:$G$99999>=Budget!E$1)*('Export (QBO)'!$G$2:$G$99999<=((EOMONTH(Budget!E$1,0))))*('Export (QBO)'!$J$2:$J$99999=$A49)*('Export (QBO)'!$I$2:$I$99999)) )} -> 0 | F49: {=( SUM(('Export (QBO)'!$G$2:$G$99999>=Budget!F$1)*('Export (QBO)'!$G$2:$G$99999<=((EOMONTH(Budget!F$1,0))))*('Export (QBO)'!$J$2:$J$99999=$A49)*('Export (QBO)'!$I$2:$I$99999)) )} -> 0 | G49: {=( SUM(('Export (QBO)'!$G$2:$G$99999>=Budget!G$1)*('Export (QBO)'!$G$2:$G$99999<=((EOMONTH(Budget!G$1,0))))*('Export (QBO)'!$J$2:$J$99999=$A49)*('Export (QBO)'!$I$2:$I$99999)) )} -> 0 | H49: {=( SUM(('Export (QBO)'!$G$2:$G$99999>=Budget!H$1)*('Export (QBO)'!$G$2:$G$99999<=((EOMONTH(Budget!H$1,0))))*('Export (QBO)'!$J$2:$J$99999=$A49)*('Export (QBO)'!$I$2:$I$99999)) )} -> 0 | I49: {=( SUM(('Export (QBO)'!$G$2:$G$99999>=Budget!I$1)*('Export (QBO)'!$G$2:$G$99999<=((EOMONTH(Budget!I$1,0))))*('Export (QBO)'!$J$2:$J$99999=$A49)*('Export (QBO)'!$I$2:$I$99999)) )} -> 0 | J49: {=( SUM(('Export (QBO)'!$G$2:$G$99999>=Budget!J$1)*('Export (QBO)'!$G$2:$G$99999<=((EOMONTH(Budget!J$1,0))))*('Export (QBO)'!$J$2:$J$99999=$A49)*('Export (QBO)'!$I$2:$I$99999)) )} -> 0 | ... N49: {=( SUM(('Export (QBO)'!$G$2:$G$99999>=Budget!N$1)*('Export (QBO)'!$G$2:$G$99999<=((EOMONTH(Budget!N$1,0))))*('Export (QBO)'!$J$2:$J$99999=$A49)*('Export (QBO)'!$I$2:$I$99999)) )} -> 0 | O49: =SUM(C49:N49) -> 1045 | P49: {=( SUM(('Export (QBO)'!$G$2:$G$99999>=Budget!P$1)*('Export (QBO)'!$G$2:$G$99999<=((EOMONTH(Budget!P$1,0))))*('Export (QBO)'!$J$2:$J$99999=$A49)*('Export (QBO)'!$I$2:$I$99999)) )} -> 0 | Q49: {=( SUM(('Export (QBO)'!$G$2:$G$99999>=Budget!Q$1)*('Export (QBO)'!$G$2:$G$99999<=((EOMONTH(Budget!Q$1,0))))*('Export (QBO)'!$J$2:$J$99999=$A49)*('Export (QBO)'!$I$2:$I$99999)) )} -> 0 | R49: {=( SUM(('Export (QBO)'!$G$2:$G$99999>=Budget!R$1)*('Export (QBO)'!$G$2:$G$99999<=((EOMONTH(Budget!R$1,0))))*('Export (QBO)'!$J$2:$J$99999=$A49)*('Export (QBO)'!$I$2:$I$99999)) )} -> 0 | S49: {=( SUM(('Export (QBO)'!$G$2:$G$99999>=Budget!S$1)*('Export (QBO)'!$G$2:$G$99999<=((EOMONTH(Budget!S$1,0))))*('Export (QBO)'!$J$2:$J$99999=$A49)*('Export (QBO)'!$I$2:$I$99999)) )} -> 0 | T49: {=( SUM(('Export (QBO)'!$G$2:$G$99999>=Budget!T$1)*('Export (QBO)'!$G$2:$G$99999<=((EOMONTH(Budget!T$1,0))))*('Export (QBO)'!$J$2:$J$99999=$A49)*('Export (QBO)'!$I$2:$I$99999)) )} -> 0 | U49: {=( SUM(('Export (QBO)'!$G$2:$G$99999>=Budget!U$1)*('Export (QBO)'!$G$2:$G$99999<=((EOMONTH(Budget!U$1,0))))*('Export (QBO)'!$J$2:$J$99999=$A49)*('Export (QBO)'!$I$2:$I$99999)) )} -> 0 | V49: {=( SUM(('Export (QBO)'!$G$2:$G$99999>=Budget!V$1)*('Export (QBO)'!$G$2:$G$99999<=((EOMONTH(Budget!V$1,0))))*('Export (QBO)'!$J$2:$J$99999=$A49)*('Export (QBO)'!$I$2:$I$99999)) )} -> 0 | W49: {=( SUM(('Export (QBO)'!$G$2:$G$99999>=Budget!W$1)*('Export (QBO)'!$G$2:$G$99999<=((EOMONTH(Budget!W$1,0))))*('Export (QBO)'!$J$2:$J$99999=$A49)*('Export (QBO)'!$I$2:$I$99999)) )} -> 0 | ... AA49: {=( SUM(('Export (QBO)'!$G$2:$G$99999>=Budget!AA$1)*('Export (QBO)'!$G$2:$G$99999<=((EOMONTH(Budget!AA$1,0))))*('Export (QBO)'!$J$2:$J$99999=$A49)*('Export (QBO)'!$I$2:$I$99999)) )} -> 0 | AB49: =SUM(P49:AA49) -> 0
A51: Total Payroll | C51: =SUM(C41:C50) -> 70212.93 | D51: =SUM(D41:D50) -> 81548.35 | E51: =SUM(E41:E50) -> 73177.4 | F51: =SUM(F41:F50) -> 100965.38 | G51: =SUM(G41:G50) -> 84860.49 | H51: =SUM(H41:H50) -> 71806.78 | I51: =SUM(I41:I50) -> 115142.49 | J51: =SUM(J41:J50) -> 68599.89 | ... N51: =SUM(N41:N50) -> 64709.17 | O51: =SUM(C51:N51) -> 886170.35 | P51: =SUM(P41:P50) -> 1392.02 | Q51: =SUM(Q41:Q50) -> 0 | R51: =SUM(R41:R50) -> 0 | S51: =SUM(S41:S50) -> 0 | T51: =SUM(T41:T50) -> 0 | U51: =SUM(U41:U50) -> 0 | V51: =SUM(V41:V50) -> 0 | W51: =SUM(W41:W50) -> 0 | ... AA51: =SUM(AA41:AA50) -> 0 | AB51: =SUM(P51:AA51) -> 1392.02
A53: Expenses
A54: Accounting | C54: {=( SUM(('Export (QBO)'!$G$2:$G$99999>=Budget!C$1)*('Export (QBO)'!$G$2:$G$99999<=((EOMONTH(Budget!C$1,0))))*('Export (QBO)'!$J$2:$J$99999=$A54)*('Export (QBO)'!$I$2:$I$99999)) )} -> -8749.13 | D54: {=( SUM(('Export (QBO)'!$G$2:$G$99999>=Budget!D$1)*('Export (QBO)'!$G$2:$G$99999<=((EOMONTH(Budget!D$1,0))))*('Export (QBO)'!$J$2:$J$99999=$A54)*('Export (QBO)'!$I$2:$I$99999)) )} -> 47926.88 | E54: {=( SUM(('Export (QBO)'!$G$2:$G$99999>=Budget!E$1)*('Export (QBO)'!$G$2:$G$99999<=((EOMONTH(Budget!E$1,0))))*('Export (QBO)'!$J$2:$J$99999=$A54)*('Export (QBO)'!$I$2:$I$99999)) )} -> 0 | F54: {=( SUM(('Export (QBO)'!$G$2:$G$99999>=Budget!F$1)*('Export (QBO)'!$G$2:$G$99999<=((EOMONTH(Budget!F$1,0))))*('Export (QBO)'!$J$2:$J$99999=$A54)*('Export (QBO)'!$I$2:$I$99999)) )} -> 3210 | G54: {=( SUM(('Export (QBO)'!$G$2:$G$99999>=Budget!G$1)*('Export (QBO)'!$G$2:$G$99999<=((EOMONTH(Budget!G$1,0))))*('Export (QBO)'!$J$2:$J$99999=$A54)*('Export (QBO)'!$I$2:$I$99999)) )} -> 0 | H54: {=( SUM(('Export (QBO)'!$G$2:$G$99999>=Budget!H$1)*('Export (QBO)'!$G$2:$G$99999<=((EOMONTH(Budget!H$1,0))))*('Export (QBO)'!$J$2:$J$99999=$A54)*('Export (QBO)'!$I$2:$I$99999)) )} -> 3679 | I54: {=( SUM(('Export (QBO)'!$G$2:$G$99999>=Budget!I$1)*('Export (QBO)'!$G$2:$G$99999<=((EOMONTH(Budget!I$1,0))))*('Export (QBO)'!$J$2:$J$99999=$A54)*('Export (QBO)'!$I$2:$I$99999)) )} -> 2928 | J54: {=( SUM(('Export (QBO)'!$G$2:$G$99999>=Budget!J$1)*('Export (QBO)'!$G$2:$G$99999<=((EOMONTH(Budget!J$1,0))))*('Export (QBO)'!$J$2:$J$99999=$A54)*('Export (QBO)'!$I$2:$I$99999)) )} -> 0 | ... N54: {=( SUM(('Export (QBO)'!$G$2:$G$99999>=Budget!N$1)*('Export (QBO)'!$G$2:$G$99999<=((EOMONTH(Budget!N$1,0))))*('Export (QBO)'!$J$2:$J$99999=$A54)*('Export (QBO)'!$I$2:$I$99999)) )} -> 427.33 | O54: =SUM(C54:N54) -> 71410.1 | P54: {=( SUM(('Export (QBO)'!$G$2:$G$99999>=Budget!P$1)*('Export (QBO)'!$G$2:$G$99999<=((EOMONTH(Budget!P$1,0))))*('Export (QBO)'!$J$2:$J$99999=$A54)*('Export (QBO)'!$I$2:$I$99999)) )} -> 0 | Q54: {=( SUM(('Export (QBO)'!$G$2:$G$99999>=Budget!Q$1)*('Export (QBO)'!$G$2:$G$99999<=((EOMONTH(Budget!Q$1,0))))*('Export (QBO)'!$J$2:$J$99999=$A54)*('Export (QBO)'!$I$2:$I$99999)) )} -> 0 | R54: {=( SUM(('Export (QBO)'!$G$2:$G$99999>=Budget!R$1)*('Export (QBO)'!$G$2:$G$99999<=((EOMONTH(Budget!R$1,0))))*('Export (QBO)'!$J$2:$J$99999=$A54)*('Export (QBO)'!$I$2:$I$99999)) )} -> 0 | S54: {=( SUM(('Export (QBO)'!$G$2:$G$99999>=Budget!S$1)*('Export (QBO)'!$G$2:$G$99999<=((EOMONTH(Budget!S$1,0))))*('Export (QBO)'!$J$2:$J$99999=$A54)*('Export (QBO)'!$I$2:$I$99999)) )} -> 0 | T54: {=( SUM(('Export (QBO)'!$G$2:$G$99999>=Budget!T$1)*('Export (QBO)'!$G$2:$G$99999<=((EOMONTH(Budget!T$1,0))))*('Export (QBO)'!$J$2:$J$99999=$A54)*('Export (QBO)'!$I$2:$I$99999)) )} -> 0 | U54: {=( SUM(('Export (QBO)'!$G$2:$G$99999>=Budget!U$1)*('Export (QBO)'!$G$2:$G$99999<=((EOMONTH(Budget!U$1,0))))*('Export (QBO)'!$J$2:$J$99999=$A54)*('Export (QBO)'!$I$2:$I$99999)) )} -> 0 | V54: {=( SUM(('Export (QBO)'!$G$2:$G$99999>=Budget!V$1)*('Export (QBO)'!$G$2:$G$99999<=((EOMONTH(Budget!V$1,0))))*('Export (QBO)'!$J$2:$J$99999=$A54)*('Export (QBO)'!$I$2:$I$99999)) )} -> 0 | W54: {=( SUM(('Export (QBO)'!$G$2:$G$99999>=Budget!W$1)*('Export (QBO)'!$G$2:$G$99999<=((EOMONTH(Budget!W$1,0))))*('Export (QBO)'!$J$2:$J$99999=$A54)*('Export (QBO)'!$I$2:$I$99999)) )} -> 0 | ... AA54: {=( SUM(('Export (QBO)'!$G$2:$G$99999>=Budget!AA$1)*('Export (QBO)'!$G$2:$G$99999<=((EOMONTH(Budget!AA$1,0))))*('Export (QBO)'!$J$2:$J$99999=$A54)*('Export (QBO)'!$I$2:$I$99999)) )} -> 0 | AB54: =SUM(P54:AA54) -> 0
A55: Communications | C55: {=( SUM(('Export (QBO)'!$G$2:$G$99999>=Budget!C$1)*('Export (QBO)'!$G$2:$G$99999<=((EOMONTH(Budget!C$1,0))))*('Export (QBO)'!$J$2:$J$99999=$A55)*('Export (QBO)'!$I$2:$I$99999)) )} -> 0 | D55: {=( SUM(('Export (QBO)'!$G$2:$G$99999>=Budget!D$1)*('Export (QBO)'!$G$2:$G$99999<=((EOMONTH(Budget!D$1,0))))*('Export (QBO)'!$J$2:$J$99999=$A55)*('Export (QBO)'!$I$2:$I$99999)) )} -> 0 | E55: {=( SUM(('Export (QBO)'!$G$2:$G$99999>=Budget!E$1)*('Export (QBO)'!$G$2:$G$99999<=((EOMONTH(Budget!E$1,0))))*('Export (QBO)'!$J$2:$J$99999=$A55)*('Export (QBO)'!$I$2:$I$99999)) )} -> 0 | F55: {=( SUM(('Export (QBO)'!$G$2:$G$99999>=Budget!F$1)*('Export (QBO)'!$G$2:$G$99999<=((EOMONTH(Budget!F$1,0))))*('Export (QBO)'!$J$2:$J$99999=$A55)*('Export (QBO)'!$I$2:$I$99999)) )} -> 0 | G55: {=( SUM(('Export (QBO)'!$G$2:$G$99999>=Budget!G$1)*('Export (QBO)'!$G$2:$G$99999<=((EOMONTH(Budget!G$1,0))))*('Export (QBO)'!$J$2:$J$99999=$A55)*('Export (QBO)'!$I$2:$I$99999)) )} -> 0 | H55: {=( SUM(('Export (QBO)'!$G$2:$G$99999>=Budget!H$1)*('Export (QBO)'!$G$2:$G$99999<=((EOMONTH(Budget!H$1,0))))*('Export (QBO)'!$J$2:$J$99999=$A55)*('Export (QBO)'!$I$2:$I$99999)) )} -> 0 | I55: {=( SUM(('Export (QBO)'!$G$2:$G$99999>=Budget!I$1)*('Export (QBO)'!$G$2:$G$99999<=((EOMONTH(Budget!I$1,0))))*('Export (QBO)'!$J$2:$J$99999=$A55)*('Export (QBO)'!$I$2:$I$99999)) )} -> 0 | J55: {=( SUM(('Export (QBO)'!$G$2:$G$99999>=Budget!J$1)*('Export (QBO)'!$G$2:$G$99999<=((EOMONTH(Budget!J$1,0))))*('Export (QBO)'!$J$2:$J$99999=$A55)*('Export (QBO)'!$I$2:$I$99999)) )} -> 0 | ... N55: {=( SUM(('Export (QBO)'!$G$2:$G$99999>=Budget!N$1)*('Export (QBO)'!$G$2:$G$99999<=((EOMONTH(Budget!N$1,0))))*('Export (QBO)'!$J$2:$J$99999=$A55)*('Export (QBO)'!$I$2:$I$99999)) )} -> 0 | O55: =SUM(C55:N55) -> 0 | P55: {=( SUM(('Export (QBO)'!$G$2:$G$99999>=Budget!P$1)*('Export (QBO)'!$G$2:$G$99999<=((EOMONTH(Budget!P$1,0))))*('Export (QBO)'!$J$2:$J$99999=$A55)*('Export (QBO)'!$I$2:$I$99999)) )} -> 0 | Q55: {=( SUM(('Export (QBO)'!$G$2:$G$99999>=Budget!Q$1)*('Export (QBO)'!$G$2:$G$99999<=((EOMONTH(Budget!Q$1,0))))*('Export (QBO)'!$J$2:$J$99999=$A55)*('Export (QBO)'!$I$2:$I$99999)) )} -> 0 | R55: {=( SUM(('Export (QBO)'!$G$2:$G$99999>=Budget!R$1)*('Export (QBO)'!$G$2:$G$99999<=((EOMONTH(Budget!R$1,0))))*('Export (QBO)'!$J$2:$J$99999=$A55)*('Export (QBO)'!$I$2:$I$99999)) )} -> 0 | S55: {=( SUM(('Export (QBO)'!$G$2:$G$99999>=Budget!S$1)*('Export (QBO)'!$G$2:$G$99999<=((EOMONTH(Budget!S$1,0))))*('Export (QBO)'!$J$2:$J$99999=$A55)*('Export (QBO)'!$I$2:$I$99999)) )} -> 0 | T55: {=( SUM(('Export (QBO)'!$G$2:$G$99999>=Budget!T$1)*('Export (QBO)'!$G$2:$G$99999<=((EOMONTH(Budget!T$1,0))))*('Export (QBO)'!$J$2:$J$99999=$A55)*('Export (QBO)'!$I$2:$I$99999)) )} -> 0 | U55: {=( SUM(('Export (QBO)'!$G$2:$G$99999>=Budget!U$1)*('Export (QBO)'!$G$2:$G$99999<=((EOMONTH(Budget!U$1,0))))*('Export (QBO)'!$J$2:$J$99999=$A55)*('Export (QBO)'!$I$2:$I$99999)) )} -> 0 | V55: {=( SUM(('Export (QBO)'!$G$2:$G$99999>=Budget!V$1)*('Export (QBO)'!$G$2:$G$99999<=((EOMONTH(Budget!V$1,0))))*('Export (QBO)'!$J$2:$J$99999=$A55)*('Export (QBO)'!$I$2:$I$99999)) )} -> 0 | W55: {=( SUM(('Export (QBO)'!$G$2:$G$99999>=Budget!W$1)*('Export (QBO)'!$G$2:$G$99999<=((EOMONTH(Budget!W$1,0))))*('Export (QBO)'!$J$2:$J$99999=$A55)*('Export (QBO)'!$I$2:$I$99999)) )} -> 0 | ... AA55: {=( SUM(('Export (QBO)'!$G$2:$G$99999>=Budget!AA$1)*('Export (QBO)'!$G$2:$G$99999<=((EOMONTH(Budget!AA$1,0))))*('Export (QBO)'!$J$2:$J$99999=$A55)*('Export (QBO)'!$I$2:$I$99999)) )} -> 0 | AB55: =SUM(P55:AA55) -> 0
A56: Computer - Hardware | C56: {=( SUM(('Export (QBO)'!$G$2:$G$99999>=Budget!C$1)*('Export (QBO)'!$G$2:$G$99999<=((EOMONTH(Budget!C$1,0))))*('Export (QBO)'!$J$2:$J$99999=$A56)*('Export (QBO)'!$I$2:$I$99999)) )} -> 0 | D56: {=( SUM(('Export (QBO)'!$G$2:$G$99999>=Budget!D$1)*('Export (QBO)'!$G$2:$G$99999<=((EOMONTH(Budget!D$1,0))))*('Export (QBO)'!$J$2:$J$99999=$A56)*('Export (QBO)'!$I$2:$I$99999)) )} -> 0 | E56: {=( SUM(('Export (QBO)'!$G$2:$G$99999>=Budget!E$1)*('Export (QBO)'!$G$2:$G$99999<=((EOMONTH(Budget!E$1,0))))*('Export (QBO)'!$J$2:$J$99999=$A56)*('Export (QBO)'!$I$2:$I$99999)) )} -> 0 | F56: {=( SUM(('Export (QBO)'!$G$2:$G$99999>=Budget!F$1)*('Export (QBO)'!$G$2:$G$99999<=((EOMONTH(Budget!F$1,0))))*('Export (QBO)'!$J$2:$J$99999=$A56)*('Export (QBO)'!$I$2:$I$99999)) )} -> 0 | G56: {=( SUM(('Export (QBO)'!$G$2:$G$99999>=Budget!G$1)*('Export (QBO)'!$G$2:$G$99999<=((EOMONTH(Budget!G$1,0))))*('Export (QBO)'!$J$2:$J$99999=$A56)*('Export (QBO)'!$I$2:$I$99999)) )} -> 0 | H56: {=( SUM(('Export (QBO)'!$G$2:$G$99999>=Budget!H$1)*('Export (QBO)'!$G$2:$G$99999<=((EOMONTH(Budget!H$1,0))))*('Export (QBO)'!$J$2:$J$99999=$A56)*('Export (QBO)'!$I$2:$I$99999)) )} -> 0 | I56: {=( SUM(('Export (QBO)'!$G$2:$G$99999>=Budget!I$1)*('Export (QBO)'!$G$2:$G$99999<=((EOMONTH(Budget!I$1,0))))*('Export (QBO)'!$J$2:$J$99999=$A56)*('Export (QBO)'!$I$2:$I$99999)) )} -> 0 | J56: {=( SUM(('Export (QBO)'!$G$2:$G$99999>=Budget!J$1)*('Export (QBO)'!$G$2:$G$99999<=((EOMONTH(Budget!J$1,0))))*('Export (QBO)'!$J$2:$J$99999=$A56)*('Export (QBO)'!$I$2:$I$99999)) )} -> 0 | ... N56: {=( SUM(('Export (QBO)'!$G$2:$G$99999>=Budget!N$1)*('Export (QBO)'!$G$2:$G$99999<=((EOMONTH(Budget!N$1,0))))*('Export (QBO)'!$J$2:$J$99999=$A56)*('Export (QBO)'!$I$2:$I$99999)) )} -> 0 | O56: =SUM(C56:N56) -> 1412.37 | P56: {=( SUM(('Export (QBO)'!$G$2:$G$99999>=Budget!P$1)*('Export (QBO)'!$G$2:$G$99999<=((EOMONTH(Budget!P$1,0))))*('Export (QBO)'!$J$2:$J$99999=$A56)*('Export (QBO)'!$I$2:$I$99999)) )} -> 0 | Q56: {=( SUM(('Export (QBO)'!$G$2:$G$99999>=Budget!Q$1)*('Export (QBO)'!$G$2:$G$99999<=((EOMONTH(Budget!Q$1,0))))*('Export (QBO)'!$J$2:$J$99999=$A56)*('Export (QBO)'!$I$2:$I$99999)) )} -> 0 | R56: {=( SUM(('Export (QBO)'!$G$2:$G$99999>=Budget!R$1)*('Export (QBO)'!$G$2:$G$99999<=((EOMONTH(Budget!R$1,0))))*('Export (QBO)'!$J$2:$J$99999=$A56)*('Export (QBO)'!$I$2:$I$99999)) )} -> 0 | S56: {=( SUM(('Export (QBO)'!$G$2:$G$99999>=Budget!S$1)*('Export (QBO)'!$G$2:$G$99999<=((EOMONTH(Budget!S$1,0))))*('Export (QBO)'!$J$2:$J$99999=$A56)*('Export (QBO)'!$I$2:$I$99999)) )} -> 0 | T56: {=( SUM(('Export (QBO)'!$G$2:$G$99999>=Budget!T$1)*('Export (QBO)'!$G$2:$G$99999<=((EOMONTH(Budget!T$1,0))))*('Export (QBO)'!$J$2:$J$99999=$A56)*('Export (QBO)'!$I$2:$I$99999)) )} -> 0 | U56: {=( SUM(('Export (QBO)'!$G$2:$G$99999>=Budget!U$1)*('Export (QBO)'!$G$2:$G$99999<=((EOMONTH(Budget!U$1,0))))*('Export (QBO)'!$J$2:$J$99999=$A56)*('Export (QBO)'!$I$2:$I$99999)) )} -> 0 | V56: {=( SUM(('Export (QBO)'!$G$2:$G$99999>=Budget!V$1)*('Export (QBO)'!$G$2:$G$99999<=((EOMONTH(Budget!V$1,0))))*('Export (QBO)'!$J$2:$J$99999=$A56)*('Export (QBO)'!$I$2:$I$99999)) )} -> 0 | W56: {=( SUM(('Export (QBO)'!$G$2:$G$99999>=Budget!W$1)*('Export (QBO)'!$G$2:$G$99999<=((EOMONTH(Budget!W$1,0))))*('Export (QBO)'!$J$2:$J$99999=$A56)*('Export (QBO)'!$I$2:$I$99999)) )} -> 0 | ... AA56: {=( SUM(('Export (QBO)'!$G$2:$G$99999>=Budget!AA$1)*('Export (QBO)'!$G$2:$G$99999<=((EOMONTH(Budget!AA$1,0))))*('Export (QBO)'!$J$2:$J$99999=$A56)*('Export (QBO)'!$I$2:$I$99999)) )} -> 0 | AB56: =SUM(P56:AA56) -> 0
A57: Subscriptions | C57: {=( SUM(('Export (QBO)'!$G$2:$G$99999>=Budget!C$1)*('Export (QBO)'!$G$2:$G$99999<=((EOMONTH(Budget!C$1,0))))*('Export (QBO)'!$J$2:$J$99999=$A57)*('Export (QBO)'!$I$2:$I$99999)) )} -> 0 | D57: {=( SUM(('Export (QBO)'!$G$2:$G$99999>=Budget!D$1)*('Export (QBO)'!$G$2:$G$99999<=((EOMONTH(Budget!D$1,0))))*('Export (QBO)'!$J$2:$J$99999=$A57)*('Export (QBO)'!$I$2:$I$99999)) )} -> 0 | E57: {=( SUM(('Export (QBO)'!$G$2:$G$99999>=Budget!E$1)*('Export (QBO)'!$G$2:$G$99999<=((EOMONTH(Budget!E$1,0))))*('Export (QBO)'!$J$2:$J$99999=$A57)*('Export (QBO)'!$I$2:$I$99999)) )} -> 0 | F57: {=( SUM(('Export (QBO)'!$G$2:$G$99999>=Budget!F$1)*('Export (QBO)'!$G$2:$G$99999<=((EOMONTH(Budget!F$1,0))))*('Export (QBO)'!$J$2:$J$99999=$A57)*('Export (QBO)'!$I$2:$I$99999)) )} -> 0 | G57: {=( SUM(('Export (QBO)'!$G$2:$G$99999>=Budget!G$1)*('Export (QBO)'!$G$2:$G$99999<=((EOMONTH(Budget!G$1,0))))*('Export (QBO)'!$J$2:$J$99999=$A57)*('Export (QBO)'!$I$2:$I$99999)) )} -> 0 | H57: {=( SUM(('Export (QBO)'!$G$2:$G$99999>=Budget!H$1)*('Export (QBO)'!$G$2:$G$99999<=((EOMONTH(Budget!H$1,0))))*('Export (QBO)'!$J$2:$J$99999=$A57)*('Export (QBO)'!$I$2:$I$99999)) )} -> 0 | I57: {=( SUM(('Export (QBO)'!$G$2:$G$99999>=Budget!I$1)*('Export (QBO)'!$G$2:$G$99999<=((EOMONTH(Budget!I$1,0))))*('Export (QBO)'!$J$2:$J$99999=$A57)*('Export (QBO)'!$I$2:$I$99999)) )} -> 0 | J57: {=( SUM(('Export (QBO)'!$G$2:$G$99999>=Budget!J$1)*('Export (QBO)'!$G$2:$G$99999<=((EOMONTH(Budget!J$1,0))))*('Export (QBO)'!$J$2:$J$99999=$A57)*('Export (QBO)'!$I$2:$I$99999)) )} -> 0 | ... N57: {=( SUM(('Export (QBO)'!$G$2:$G$99999>=Budget!N$1)*('Export (QBO)'!$G$2:$G$99999<=((EOMONTH(Budget!N$1,0))))*('Export (QBO)'!$J$2:$J$99999=$A57)*('Export (QBO)'!$I$2:$I$99999)) )} -> 0 | O57: =SUM(C57:N57) -> 0 | P57: {=( SUM(('Export (QBO)'!$G$2:$G$99999>=Budget!P$1)*('Export (QBO)'!$G$2:$G$99999<=((EOMONTH(Budget!P$1,0))))*('Export (QBO)'!$J$2:$J$99999=$A57)*('Export (QBO)'!$I$2:$I$99999)) )} -> 11.19 | Q57: {=( SUM(('Export (QBO)'!$G$2:$G$99999>=Budget!Q$1)*('Export (QBO)'!$G$2:$G$99999<=((EOMONTH(Budget!Q$1,0))))*('Export (QBO)'!$J$2:$J$99999=$A57)*('Export (QBO)'!$I$2:$I$99999)) )} -> 0 | R57: {=( SUM(('Export (QBO)'!$G$2:$G$99999>=Budget!R$1)*('Export (QBO)'!$G$2:$G$99999<=((EOMONTH(Budget!R$1,0))))*('Export (QBO)'!$J$2:$J$99999=$A57)*('Export (QBO)'!$I$2:$I$99999)) )} -> 0 | S57: {=( SUM(('Export (QBO)'!$G$2:$G$99999>=Budget!S$1)*('Export (QBO)'!$G$2:$G$99999<=((EOMONTH(Budget!S$1,0))))*('Export (QBO)'!$J$2:$J$99999=$A57)*('Export (QBO)'!$I$2:$I$99999)) )} -> 0 | T57: {=( SUM(('Export (QBO)'!$G$2:$G$99999>=Budget!T$1)*('Export (QBO)'!$G$2:$G$99999<=((EOMONTH(Budget!T$1,0))))*('Export (QBO)'!$J$2:$J$99999=$A57)*('Export (QBO)'!$I$2:$I$99999)) )} -> 0 | U57: {=( SUM(('Export (QBO)'!$G$2:$G$99999>=Budget!U$1)*('Export (QBO)'!$G$2:$G$99999<=((EOMONTH(Budget!U$1,0))))*('Export (QBO)'!$J$2:$J$99999=$A57)*('Export (QBO)'!$I$2:$I$99999)) )} -> 0 | V57: {=( SUM(('Export (QBO)'!$G$2:$G$99999>=Budget!V$1)*('Export (QBO)'!$G$2:$G$99999<=((EOMONTH(Budget!V$1,0))))*('Export (QBO)'!$J$2:$J$99999=$A57)*('Export (QBO)'!$I$2:$I$99999)) )} -> 0 | W57: {=( SUM(('Export (QBO)'!$G$2:$G$99999>=Budget!W$1)*('Export (QBO)'!$G$2:$G$99999<=((EOMONTH(Budget!W$1,0))))*('Export (QBO)'!$J$2:$J$99999=$A57)*('Export (QBO)'!$I$2:$I$99999)) )} -> 0 | ... AA57: {=( SUM(('Export (QBO)'!$G$2:$G$99999>=Budget!AA$1)*('Export (QBO)'!$G$2:$G$99999<=((EOMONTH(Budget!AA$1,0))))*('Export (QBO)'!$J$2:$J$99999=$A57)*('Export (QBO)'!$I$2:$I$99999)) )} -> 0 | AB57: =SUM(P57:AA57) -> 11.19
A58: Computer - Software | C58: {=( SUM(('Export (QBO)'!$G$2:$G$99999>=Budget!C$1)*('Export (QBO)'!$G$2:$G$99999<=((EOMONTH(Budget!C$1,0))))*('Export (QBO)'!$J$2:$J$99999=$A58)*('Export (QBO)'!$I$2:$I$99999)) )} -> 234.99 | D58: {=( SUM(('Export (QBO)'!$G$2:$G$99999>=Budget!D$1)*('Export (QBO)'!$G$2:$G$99999<=((EOMONTH(Budget!D$1,0))))*('Export (QBO)'!$J$2:$J$99999=$A58)*('Export (QBO)'!$I$2:$I$99999)) )} -> 260.43 | E58: {=( SUM(('Export (QBO)'!$G$2:$G$99999>=Budget!E$1)*('Export (QBO)'!$G$2:$G$99999<=((EOMONTH(Budget!E$1,0))))*('Export (QBO)'!$J$2:$J$99999=$A58)*('Export (QBO)'!$I$2:$I$99999)) )} -> 1395.53 | F58: {=( SUM(('Export (QBO)'!$G$2:$G$99999>=Budget!F$1)*('Export (QBO)'!$G$2:$G$99999<=((EOMONTH(Budget!F$1,0))))*('Export (QBO)'!$J$2:$J$99999=$A58)*('Export (QBO)'!$I$2:$I$99999)) )} -> 367.35 | G58: {=( SUM(('Export (QBO)'!$G$2:$G$99999>=Budget!G$1)*('Export (QBO)'!$G$2:$G$99999<=((EOMONTH(Budget!G$1,0))))*('Export (QBO)'!$J$2:$J$99999=$A58)*('Export (QBO)'!$I$2:$I$99999)) )} -> 162.36 | H58: {=( SUM(('Export (QBO)'!$G$2:$G$99999>=Budget!H$1)*('Export (QBO)'!$G$2:$G$99999<=((EOMONTH(Budget!H$1,0))))*('Export (QBO)'!$J$2:$J$99999=$A58)*('Export (QBO)'!$I$2:$I$99999)) )} -> 381.09 | I58: {=( SUM(('Export (QBO)'!$G$2:$G$99999>=Budget!I$1)*('Export (QBO)'!$G$2:$G$99999<=((EOMONTH(Budget!I$1,0))))*('Export (QBO)'!$J$2:$J$99999=$A58)*('Export (QBO)'!$I$2:$I$99999)) )} -> 117 | J58: {=( SUM(('Export (QBO)'!$G$2:$G$99999>=Budget!J$1)*('Export (QBO)'!$G$2:$G$99999<=((EOMONTH(Budget!J$1,0))))*('Export (QBO)'!$J$2:$J$99999=$A58)*('Export (QBO)'!$I$2:$I$99999)) )} -> 1746.71 | ... N58: {=( SUM(('Export (QBO)'!$G$2:$G$99999>=Budget!N$1)*('Export (QBO)'!$G$2:$G$99999<=((EOMONTH(Budget!N$1,0))))*('Export (QBO)'!$J$2:$J$99999=$A58)*('Export (QBO)'!$I$2:$I$99999)) )} -> 302.34 | O58: =SUM(C58:N58) -> 7096.11 | P58: {=( SUM(('Export (QBO)'!$G$2:$G$99999>=Budget!P$1)*('Export (QBO)'!$G$2:$G$99999<=((EOMONTH(Budget!P$1,0))))*('Export (QBO)'!$J$2:$J$99999=$A58)*('Export (QBO)'!$I$2:$I$99999)) )} -> 0 | Q58: {=( SUM(('Export (QBO)'!$G$2:$G$99999>=Budget!Q$1)*('Export (QBO)'!$G$2:$G$99999<=((EOMONTH(Budget!Q$1,0))))*('Export (QBO)'!$J$2:$J$99999=$A58)*('Export (QBO)'!$I$2:$I$99999)) )} -> 0 | R58: {=( SUM(('Export (QBO)'!$G$2:$G$99999>=Budget!R$1)*('Export (QBO)'!$G$2:$G$99999<=((EOMONTH(Budget!R$1,0))))*('Export (QBO)'!$J$2:$J$99999=$A58)*('Export (QBO)'!$I$2:$I$99999)) )} -> 0 | S58: {=( SUM(('Export (QBO)'!$G$2:$G$99999>=Budget!S$1)*('Export (QBO)'!$G$2:$G$99999<=((EOMONTH(Budget!S$1,0))))*('Export (QBO)'!$J$2:$J$99999=$A58)*('Export (QBO)'!$I$2:$I$99999)) )} -> 0 | T58: {=( SUM(('Export (QBO)'!$G$2:$G$99999>=Budget!T$1)*('Export (QBO)'!$G$2:$G$99999<=((EOMONTH(Budget!T$1,0))))*('Export (QBO)'!$J$2:$J$99999=$A58)*('Export (QBO)'!$I$2:$I$99999)) )} -> 0 | U58: {=( SUM(('Export (QBO)'!$G$2:$G$99999>=Budget!U$1)*('Export (QBO)'!$G$2:$G$99999<=((EOMONTH(Budget!U$1,0))))*('Export (QBO)'!$J$2:$J$99999=$A58)*('Export (QBO)'!$I$2:$I$99999)) )} -> 0 | V58: {=( SUM(('Export (QBO)'!$G$2:$G$99999>=Budget!V$1)*('Export (QBO)'!$G$2:$G$99999<=((EOMONTH(Budget!V$1,0))))*('Export (QBO)'!$J$2:$J$99999=$A58)*('Export (QBO)'!$I$2:$I$99999)) )} -> 0 | W58: {=( SUM(('Export (QBO)'!$G$2:$G$99999>=Budget!W$1)*('Export (QBO)'!$G$2:$G$99999<=((EOMONTH(Budget!W$1,0))))*('Export (QBO)'!$J$2:$J$99999=$A58)*('Export (QBO)'!$I$2:$I$99999)) )} -> 0 | ... AA58: {=( SUM(('Export (QBO)'!$G$2:$G$99999>=Budget!AA$1)*('Export (QBO)'!$G$2:$G$99999<=((EOMONTH(Budget!AA$1,0))))*('Export (QBO)'!$J$2:$J$99999=$A58)*('Export (QBO)'!$I$2:$I$99999)) )} -> 0 | AB58: =SUM(P58:AA58) -> 0
A59: Consulting | C59: {=( SUM(('Export (QBO)'!$G$2:$G$99999>=Budget!C$1)*('Export (QBO)'!$G$2:$G$99999<=((EOMONTH(Budget!C$1,0))))*('Export (QBO)'!$J$2:$J$99999=$A59)*('Export (QBO)'!$I$2:$I$99999)) )} -> 0 | D59: {=( SUM(('Export (QBO)'!$G$2:$G$99999>=Budget!D$1)*('Export (QBO)'!$G$2:$G$99999<=((EOMONTH(Budget!D$1,0))))*('Export (QBO)'!$J$2:$J$99999=$A59)*('Export (QBO)'!$I$2:$I$99999)) )} -> 0 | E59: {=( SUM(('Export (QBO)'!$G$2:$G$99999>=Budget!E$1)*('Export (QBO)'!$G$2:$G$99999<=((EOMONTH(Budget!E$1,0))))*('Export (QBO)'!$J$2:$J$99999=$A59)*('Export (QBO)'!$I$2:$I$99999)) )} -> 0 | F59: {=( SUM(('Export (QBO)'!$G$2:$G$99999>=Budget!F$1)*('Export (QBO)'!$G$2:$G$99999<=((EOMONTH(Budget!F$1,0))))*('Export (QBO)'!$J$2:$J$99999=$A59)*('Export (QBO)'!$I$2:$I$99999)) )} -> 0 | G59: {=( SUM(('Export (QBO)'!$G$2:$G$99999>=Budget!G$1)*('Export (QBO)'!$G$2:$G$99999<=((EOMONTH(Budget!G$1,0))))*('Export (QBO)'!$J$2:$J$99999=$A59)*('Export (QBO)'!$I$2:$I$99999)) )} -> 0 | H59: {=( SUM(('Export (QBO)'!$G$2:$G$99999>=Budget!H$1)*('Export (QBO)'!$G$2:$G$99999<=((EOMONTH(Budget!H$1,0))))*('Export (QBO)'!$J$2:$J$99999=$A59)*('Export (QBO)'!$I$2:$I$99999)) )} -> 0 | I59: {=( SUM(('Export (QBO)'!$G$2:$G$99999>=Budget!I$1)*('Export (QBO)'!$G$2:$G$99999<=((EOMONTH(Budget!I$1,0))))*('Export (QBO)'!$J$2:$J$99999=$A59)*('Export (QBO)'!$I$2:$I$99999)) )} -> 0 | J59: {=( SUM(('Export (QBO)'!$G$2:$G$99999>=Budget!J$1)*('Export (QBO)'!$G$2:$G$99999<=((EOMONTH(Budget!J$1,0))))*('Export (QBO)'!$J$2:$J$99999=$A59)*('Export (QBO)'!$I$2:$I$99999)) )} -> 0 | ... N59: {=( SUM(('Export (QBO)'!$G$2:$G$99999>=Budget!N$1)*('Export (QBO)'!$G$2:$G$99999<=((EOMONTH(Budget!N$1,0))))*('Export (QBO)'!$J$2:$J$99999=$A59)*('Export (QBO)'!$I$2:$I$99999)) )} -> 0 | O59: =SUM(C59:N59) -> 0 | P59: {=( SUM(('Export (QBO)'!$G$2:$G$99999>=Budget!P$1)*('Export (QBO)'!$G$2:$G$99999<=((EOMONTH(Budget!P$1,0))))*('Export (QBO)'!$J$2:$J$99999=$A59)*('Export (QBO)'!$I$2:$I$99999)) )} -> 0 | Q59: {=( SUM(('Export (QBO)'!$G$2:$G$99999>=Budget!Q$1)*('Export (QBO)'!$G$2:$G$99999<=((EOMONTH(Budget!Q$1,0))))*('Export (QBO)'!$J$2:$J$99999=$A59)*('Export (QBO)'!$I$2:$I$99999)) )} -> 0 | R59: {=( SUM(('Export (QBO)'!$G$2:$G$99999>=Budget!R$1)*('Export (QBO)'!$G$2:$G$99999<=((EOMONTH(Budget!R$1,0))))*('Export (QBO)'!$J$2:$J$99999=$A59)*('Export (QBO)'!$I$2:$I$99999)) )} -> 0 | S59: {=( SUM(('Export (QBO)'!$G$2:$G$99999>=Budget!S$1)*('Export (QBO)'!$G$2:$G$99999<=((EOMONTH(Budget!S$1,0))))*('Export (QBO)'!$J$2:$J$99999=$A59)*('Export (QBO)'!$I$2:$I$99999)) )} -> 0 | T59: {=( SUM(('Export (QBO)'!$G$2:$G$99999>=Budget!T$1)*('Export (QBO)'!$G$2:$G$99999<=((EOMONTH(Budget!T$1,0))))*('Export (QBO)'!$J$2:$J$99999=$A59)*('Export (QBO)'!$I$2:$I$99999)) )} -> 0 | U59: {=( SUM(('Export (QBO)'!$G$2:$G$99999>=Budget!U$1)*('Export (QBO)'!$G$2:$G$99999<=((EOMONTH(Budget!U$1,0))))*('Export (QBO)'!$J$2:$J$99999=$A59)*('Export (QBO)'!$I$2:$I$99999)) )} -> 0 | V59: {=( SUM(('Export (QBO)'!$G$2:$G$99999>=Budget!V$1)*('Export (QBO)'!$G$2:$G$99999<=((EOMONTH(Budget!V$1,0))))*('Export (QBO)'!$J$2:$J$99999=$A59)*('Export (QBO)'!$I$2:$I$99999)) )} -> 0 | W59: {=( SUM(('Export (QBO)'!$G$2:$G$99999>=Budget!W$1)*('Export (QBO)'!$G$2:$G$99999<=((EOMONTH(Budget!W$1,0))))*('Export (QBO)'!$J$2:$J$99999=$A59)*('Export (QBO)'!$I$2:$I$99999)) )} -> 0 | ... AA59: {=( SUM(('Export (QBO)'!$G$2:$G$99999>=Budget!AA$1)*('Export (QBO)'!$G$2:$G$99999<=((EOMONTH(Budget!AA$1,0))))*('Export (QBO)'!$J$2:$J$99999=$A59)*('Export (QBO)'!$I$2:$I$99999)) )} -> 0 | AB59: =SUM(P59:AA59) -> 0
A60: Courier & Postage | C60: {=( SUM(('Export (QBO)'!$G$2:$G$99999>=Budget!C$1)*('Export (QBO)'!$G$2:$G$99999<=((EOMONTH(Budget!C$1,0))))*('Export (QBO)'!$J$2:$J$99999=$A60)*('Export (QBO)'!$I$2:$I$99999)) )} -> 0 | D60: {=( SUM(('Export (QBO)'!$G$2:$G$99999>=Budget!D$1)*('Export (QBO)'!$G$2:$G$99999<=((EOMONTH(Budget!D$1,0))))*('Export (QBO)'!$J$2:$J$99999=$A60)*('Export (QBO)'!$I$2:$I$99999)) )} -> 0 | E60: {=( SUM(('Export (QBO)'!$G$2:$G$99999>=Budget!E$1)*('Export (QBO)'!$G$2:$G$99999<=((EOMONTH(Budget!E$1,0))))*('Export (QBO)'!$J$2:$J$99999=$A60)*('Export (QBO)'!$I$2:$I$99999)) )} -> 0 | F60: {=( SUM(('Export (QBO)'!$G$2:$G$99999>=Budget!F$1)*('Export (QBO)'!$G$2:$G$99999<=((EOMONTH(Budget!F$1,0))))*('Export (QBO)'!$J$2:$J$99999=$A60)*('Export (QBO)'!$I$2:$I$99999)) )} -> 0 | G60: {=( SUM(('Export (QBO)'!$G$2:$G$99999>=Budget!G$1)*('Export (QBO)'!$G$2:$G$99999<=((EOMONTH(Budget!G$1,0))))*('Export (QBO)'!$J$2:$J$99999=$A60)*('Export (QBO)'!$I$2:$I$99999)) )} -> 0 | H60: {=( SUM(('Export (QBO)'!$G$2:$G$99999>=Budget!H$1)*('Export (QBO)'!$G$2:$G$99999<=((EOMONTH(Budget!H$1,0))))*('Export (QBO)'!$J$2:$J$99999=$A60)*('Export (QBO)'!$I$2:$I$99999)) )} -> 0 | I60: {=( SUM(('Export (QBO)'!$G$2:$G$99999>=Budget!I$1)*('Export (QBO)'!$G$2:$G$99999<=((EOMONTH(Budget!I$1,0))))*('Export (QBO)'!$J$2:$J$99999=$A60)*('Export (QBO)'!$I$2:$I$99999)) )} -> 0 | J60: {=( SUM(('Export (QBO)'!$G$2:$G$99999>=Budget!J$1)*('Export (QBO)'!$G$2:$G$99999<=((EOMONTH(Budget!J$1,0))))*('Export (QBO)'!$J$2:$J$99999=$A60)*('Export (QBO)'!$I$2:$I$99999)) )} -> 0 | ... N60: {=( SUM(('Export (QBO)'!$G$2:$G$99999>=Budget!N$1)*('Export (QBO)'!$G$2:$G$99999<=((EOMONTH(Budget!N$1,0))))*('Export (QBO)'!$J$2:$J$99999=$A60)*('Export (QBO)'!$I$2:$I$99999)) )} -> 0 | O60: =SUM(C60:N60) -> 0 | P60: {=( SUM(('Export (QBO)'!$G$2:$G$99999>=Budget!P$1)*('Export (QBO)'!$G$2:$G$99999<=((EOMONTH(Budget!P$1,0))))*('Export (QBO)'!$J$2:$J$99999=$A60)*('Export (QBO)'!$I$2:$I$99999)) )} -> 0 | Q60: {=( SUM(('Export (QBO)'!$G$2:$G$99999>=Budget!Q$1)*('Export (QBO)'!$G$2:$G$99999<=((EOMONTH(Budget!Q$1,0))))*('Export (QBO)'!$J$2:$J$99999=$A60)*('Export (QBO)'!$I$2:$I$99999)) )} -> 0 | R60: {=( SUM(('Export (QBO)'!$G$2:$G$99999>=Budget!R$1)*('Export (QBO)'!$G$2:$G$99999<=((EOMONTH(Budget!R$1,0))))*('Export (QBO)'!$J$2:$J$99999=$A60)*('Export (QBO)'!$I$2:$I$99999)) )} -> 0 | S60: {=( SUM(('Export (QBO)'!$G$2:$G$99999>=Budget!S$1)*('Export (QBO)'!$G$2:$G$99999<=((EOMONTH(Budget!S$1,0))))*('Export (QBO)'!$J$2:$J$99999=$A60)*('Export (QBO)'!$I$2:$I$99999)) )} -> 0 | T60: {=( SUM(('Export (QBO)'!$G$2:$G$99999>=Budget!T$1)*('Export (QBO)'!$G$2:$G$99999<=((EOMONTH(Budget!T$1,0))))*('Export (QBO)'!$J$2:$J$99999=$A60)*('Export (QBO)'!$I$2:$I$99999)) )} -> 0 | U60: {=( SUM(('Export (QBO)'!$G$2:$G$99999>=Budget!U$1)*('Export (QBO)'!$G$2:$G$99999<=((EOMONTH(Budget!U$1,0))))*('Export (QBO)'!$J$2:$J$99999=$A60)*('Export (QBO)'!$I$2:$I$99999)) )} -> 0 | V60: {=( SUM(('Export (QBO)'!$G$2:$G$99999>=Budget!V$1)*('Export (QBO)'!$G$2:$G$99999<=((EOMONTH(Budget!V$1,0))))*('Export (QBO)'!$J$2:$J$99999=$A60)*('Export (QBO)'!$I$2:$I$99999)) )} -> 0 | W60: {=( SUM(('Export (QBO)'!$G$2:$G$99999>=Budget!W$1)*('Export (QBO)'!$G$2:$G$99999<=((EOMONTH(Budget!W$1,0))))*('Export (QBO)'!$J$2:$J$99999=$A60)*('Export (QBO)'!$I$2:$I$99999)) )} -> 0 | ... AA60: {=( SUM(('Export (QBO)'!$G$2:$G$99999>=Budget!AA$1)*('Export (QBO)'!$G$2:$G$99999<=((EOMONTH(Budget!AA$1,0))))*('Export (QBO)'!$J$2:$J$99999=$A60)*('Export (QBO)'!$I$2:$I$99999)) )} -> 0 | AB60: =SUM(P60:AA60) -> 0
A61: CRA Interest & Penalties | C61: {=( SUM(('Export (QBO)'!$G$2:$G$99999>=Budget!C$1)*('Export (QBO)'!$G$2:$G$99999<=((EOMONTH(Budget!C$1,0))))*('Export (QBO)'!$J$2:$J$99999=$A61)*('Export (QBO)'!$I$2:$I$99999)) )} -> 8431.42 | D61: {=( SUM(('Export (QBO)'!$G$2:$G$99999>=Budget!D$1)*('Export (QBO)'!$G$2:$G$99999<=((EOMONTH(Budget!D$1,0))))*('Export (QBO)'!$J$2:$J$99999=$A61)*('Export (QBO)'!$I$2:$I$99999)) )} -> 0 | E61: {=( SUM(('Export (QBO)'!$G$2:$G$99999>=Budget!E$1)*('Export (QBO)'!$G$2:$G$99999<=((EOMONTH(Budget!E$1,0))))*('Export (QBO)'!$J$2:$J$99999=$A61)*('Export (QBO)'!$I$2:$I$99999)) )} -> 0 | F61: {=( SUM(('Export (QBO)'!$G$2:$G$99999>=Budget!F$1)*('Export (QBO)'!$G$2:$G$99999<=((EOMONTH(Budget!F$1,0))))*('Export (QBO)'!$J$2:$J$99999=$A61)*('Export (QBO)'!$I$2:$I$99999)) )} -> 0 | G61: {=( SUM(('Export (QBO)'!$G$2:$G$99999>=Budget!G$1)*('Export (QBO)'!$G$2:$G$99999<=((EOMONTH(Budget!G$1,0))))*('Export (QBO)'!$J$2:$J$99999=$A61)*('Export (QBO)'!$I$2:$I$99999)) )} -> 0 | H61: {=( SUM(('Export (QBO)'!$G$2:$G$99999>=Budget!H$1)*('Export (QBO)'!$G$2:$G$99999<=((EOMONTH(Budget!H$1,0))))*('Export (QBO)'!$J$2:$J$99999=$A61)*('Export (QBO)'!$I$2:$I$99999)) )} -> 0 | I61: {=( SUM(('Export (QBO)'!$G$2:$G$99999>=Budget!I$1)*('Export (QBO)'!$G$2:$G$99999<=((EOMONTH(Budget!I$1,0))))*('Export (QBO)'!$J$2:$J$99999=$A61)*('Export (QBO)'!$I$2:$I$99999)) )} -> 0 | J61: {=( SUM(('Export (QBO)'!$G$2:$G$99999>=Budget!J$1)*('Export (QBO)'!$G$2:$G$99999<=((EOMONTH(Budget!J$1,0))))*('Export (QBO)'!$J$2:$J$99999=$A61)*('Export (QBO)'!$I$2:$I$99999)) )} -> 0 | ... N61: {=( SUM(('Export (QBO)'!$G$2:$G$99999>=Budget!N$1)*('Export (QBO)'!$G$2:$G$99999<=((EOMONTH(Budget!N$1,0))))*('Export (QBO)'!$J$2:$J$99999=$A61)*('Export (QBO)'!$I$2:$I$99999)) )} -> 0 | O61: =SUM(C61:N61) -> 8431.42 | P61: {=( SUM(('Export (QBO)'!$G$2:$G$99999>=Budget!P$1)*('Export (QBO)'!$G$2:$G$99999<=((EOMONTH(Budget!P$1,0))))*('Export (QBO)'!$J$2:$J$99999=$A61)*('Export (QBO)'!$I$2:$I$99999)) )} -> 0 | Q61: {=( SUM(('Export (QBO)'!$G$2:$G$99999>=Budget!Q$1)*('Export (QBO)'!$G$2:$G$99999<=((EOMONTH(Budget!Q$1,0))))*('Export (QBO)'!$J$2:$J$99999=$A61)*('Export (QBO)'!$I$2:$I$99999)) )} -> 0 | R61: {=( SUM(('Export (QBO)'!$G$2:$G$99999>=Budget!R$1)*('Export (QBO)'!$G$2:$G$99999<=((EOMONTH(Budget!R$1,0))))*('Export (QBO)'!$J$2:$J$99999=$A61)*('Export (QBO)'!$I$2:$I$99999)) )} -> 0 | S61: {=( SUM(('Export (QBO)'!$G$2:$G$99999>=Budget!S$1)*('Export (QBO)'!$G$2:$G$99999<=((EOMONTH(Budget!S$1,0))))*('Export (QBO)'!$J$2:$J$99999=$A61)*('Export (QBO)'!$I$2:$I$99999)) )} -> 0 | T61: {=( SUM(('Export (QBO)'!$G$2:$G$99999>=Budget!T$1)*('Export (QBO)'!$G$2:$G$99999<=((EOMONTH(Budget!T$1,0))))*('Export (QBO)'!$J$2:$J$99999=$A61)*('Export (QBO)'!$I$2:$I$99999)) )} -> 0 | U61: {=( SUM(('Export (QBO)'!$G$2:$G$99999>=Budget!U$1)*('Export (QBO)'!$G$2:$G$99999<=((EOMONTH(Budget!U$1,0))))*('Export (QBO)'!$J$2:$J$99999=$A61)*('Export (QBO)'!$I$2:$I$99999)) )} -> 0 | V61: {=( SUM(('Export (QBO)'!$G$2:$G$99999>=Budget!V$1)*('Export (QBO)'!$G$2:$G$99999<=((EOMONTH(Budget!V$1,0))))*('Export (QBO)'!$J$2:$J$99999=$A61)*('Export (QBO)'!$I$2:$I$99999)) )} -> 0 | W61: {=( SUM(('Export (QBO)'!$G$2:$G$99999>=Budget!W$1)*('Export (QBO)'!$G$2:$G$99999<=((EOMONTH(Budget!W$1,0))))*('Export (QBO)'!$J$2:$J$99999=$A61)*('Export (QBO)'!$I$2:$I$99999)) )} -> 0 | ... AA61: {=( SUM(('Export (QBO)'!$G$2:$G$99999>=Budget!AA$1)*('Export (QBO)'!$G$2:$G$99999<=((EOMONTH(Budget!AA$1,0))))*('Export (QBO)'!$J$2:$J$99999=$A61)*('Export (QBO)'!$I$2:$I$99999)) )} -> 0 | AB61: =SUM(P61:AA61) -> 0
A62: Donations | C62: {=( SUM(('Export (QBO)'!$G$2:$G$99999>=Budget!C$1)*('Export (QBO)'!$G$2:$G$99999<=((EOMONTH(Budget!C$1,0))))*('Export (QBO)'!$J$2:$J$99999=$A62)*('Export (QBO)'!$I$2:$I$99999)) )} -> 0 | D62: {=( SUM(('Export (QBO)'!$G$2:$G$99999>=Budget!D$1)*('Export (QBO)'!$G$2:$G$99999<=((EOMONTH(Budget!D$1,0))))*('Export (QBO)'!$J$2:$J$99999=$A62)*('Export (QBO)'!$I$2:$I$99999)) )} -> 0 | E62: {=( SUM(('Export (QBO)'!$G$2:$G$99999>=Budget!E$1)*('Export (QBO)'!$G$2:$G$99999<=((EOMONTH(Budget!E$1,0))))*('Export (QBO)'!$J$2:$J$99999=$A62)*('Export (QBO)'!$I$2:$I$99999)) )} -> 0 | F62: {=( SUM(('Export (QBO)'!$G$2:$G$99999>=Budget!F$1)*('Export (QBO)'!$G$2:$G$99999<=((EOMONTH(Budget!F$1,0))))*('Export (QBO)'!$J$2:$J$99999=$A62)*('Export (QBO)'!$I$2:$I$99999)) )} -> 0 | G62: {=( SUM(('Export (QBO)'!$G$2:$G$99999>=Budget!G$1)*('Export (QBO)'!$G$2:$G$99999<=((EOMONTH(Budget!G$1,0))))*('Export (QBO)'!$J$2:$J$99999=$A62)*('Export (QBO)'!$I$2:$I$99999)) )} -> 0 | H62: {=( SUM(('Export (QBO)'!$G$2:$G$99999>=Budget!H$1)*('Export (QBO)'!$G$2:$G$99999<=((EOMONTH(Budget!H$1,0))))*('Export (QBO)'!$J$2:$J$99999=$A62)*('Export (QBO)'!$I$2:$I$99999)) )} -> 0 | I62: {=( SUM(('Export (QBO)'!$G$2:$G$99999>=Budget!I$1)*('Export (QBO)'!$G$2:$G$99999<=((EOMONTH(Budget!I$1,0))))*('Export (QBO)'!$J$2:$J$99999=$A62)*('Export (QBO)'!$I$2:$I$99999)) )} -> 0 | J62: {=( SUM(('Export (QBO)'!$G$2:$G$99999>=Budget!J$1)*('Export (QBO)'!$G$2:$G$99999<=((EOMONTH(Budget!J$1,0))))*('Export (QBO)'!$J$2:$J$99999=$A62)*('Export (QBO)'!$I$2:$I$99999)) )} -> 0 | ... N62: {=( SUM(('Export (QBO)'!$G$2:$G$99999>=Budget!N$1)*('Export (QBO)'!$G$2:$G$99999<=((EOMONTH(Budget!N$1,0))))*('Export (QBO)'!$J$2:$J$99999=$A62)*('Export (QBO)'!$I$2:$I$99999)) )} -> 0 | O62: =SUM(C62:N62) -> 552.06 | P62: {=( SUM(('Export (QBO)'!$G$2:$G$99999>=Budget!P$1)*('Export (QBO)'!$G$2:$G$99999<=((EOMONTH(Budget!P$1,0))))*('Export (QBO)'!$J$2:$J$99999=$A62)*('Export (QBO)'!$I$2:$I$99999)) )} -> 0 | Q62: {=( SUM(('Export (QBO)'!$G$2:$G$99999>=Budget!Q$1)*('Export (QBO)'!$G$2:$G$99999<=((EOMONTH(Budget!Q$1,0))))*('Export (QBO)'!$J$2:$J$99999=$A62)*('Export (QBO)'!$I$2:$I$99999)) )} -> 0 | R62: {=( SUM(('Export (QBO)'!$G$2:$G$99999>=Budget!R$1)*('Export (QBO)'!$G$2:$G$99999<=((EOMONTH(Budget!R$1,0))))*('Export (QBO)'!$J$2:$J$99999=$A62)*('Export (QBO)'!$I$2:$I$99999)) )} -> 0 | S62: {=( SUM(('Export (QBO)'!$G$2:$G$99999>=Budget!S$1)*('Export (QBO)'!$G$2:$G$99999<=((EOMONTH(Budget!S$1,0))))*('Export (QBO)'!$J$2:$J$99999=$A62)*('Export (QBO)'!$I$2:$I$99999)) )} -> 0 | T62: {=( SUM(('Export (QBO)'!$G$2:$G$99999>=Budget!T$1)*('Export (QBO)'!$G$2:$G$99999<=((EOMONTH(Budget!T$1,0))))*('Export (QBO)'!$J$2:$J$99999=$A62)*('Export (QBO)'!$I$2:$I$99999)) )} -> 0 | U62: {=( SUM(('Export (QBO)'!$G$2:$G$99999>=Budget!U$1)*('Export (QBO)'!$G$2:$G$99999<=((EOMONTH(Budget!U$1,0))))*('Export (QBO)'!$J$2:$J$99999=$A62)*('Export (QBO)'!$I$2:$I$99999)) )} -> 0 | V62: {=( SUM(('Export (QBO)'!$G$2:$G$99999>=Budget!V$1)*('Export (QBO)'!$G$2:$G$99999<=((EOMONTH(Budget!V$1,0))))*('Export (QBO)'!$J$2:$J$99999=$A62)*('Export (QBO)'!$I$2:$I$99999)) )} -> 0 | W62: {=( SUM(('Export (QBO)'!$G$2:$G$99999>=Budget!W$1)*('Export (QBO)'!$G$2:$G$99999<=((EOMONTH(Budget!W$1,0))))*('Export (QBO)'!$J$2:$J$99999=$A62)*('Export (QBO)'!$I$2:$I$99999)) )} -> 0 | ... AA62: {=( SUM(('Export (QBO)'!$G$2:$G$99999>=Budget!AA$1)*('Export (QBO)'!$G$2:$G$99999<=((EOMONTH(Budget!AA$1,0))))*('Export (QBO)'!$J$2:$J$99999=$A62)*('Export (QBO)'!$I$2:$I$99999)) )} -> 0 | AB62: =SUM(P62:AA62) -> 0
A63: Gifts & Giveaways | C63: {=( SUM(('Export (QBO)'!$G$2:$G$99999>=Budget!C$1)*('Export (QBO)'!$G$2:$G$99999<=((EOMONTH(Budget!C$1,0))))*('Export (QBO)'!$J$2:$J$99999=$A63)*('Export (QBO)'!$I$2:$I$99999)) )} -> 0 | D63: {=( SUM(('Export (QBO)'!$G$2:$G$99999>=Budget!D$1)*('Export (QBO)'!$G$2:$G$99999<=((EOMONTH(Budget!D$1,0))))*('Export (QBO)'!$J$2:$J$99999=$A63)*('Export (QBO)'!$I$2:$I$99999)) )} -> 0 | E63: {=( SUM(('Export (QBO)'!$G$2:$G$99999>=Budget!E$1)*('Export (QBO)'!$G$2:$G$99999<=((EOMONTH(Budget!E$1,0))))*('Export (QBO)'!$J$2:$J$99999=$A63)*('Export (QBO)'!$I$2:$I$99999)) )} -> 0 | F63: {=( SUM(('Export (QBO)'!$G$2:$G$99999>=Budget!F$1)*('Export (QBO)'!$G$2:$G$99999<=((EOMONTH(Budget!F$1,0))))*('Export (QBO)'!$J$2:$J$99999=$A63)*('Export (QBO)'!$I$2:$I$99999)) )} -> 0 | G63: {=( SUM(('Export (QBO)'!$G$2:$G$99999>=Budget!G$1)*('Export (QBO)'!$G$2:$G$99999<=((EOMONTH(Budget!G$1,0))))*('Export (QBO)'!$J$2:$J$99999=$A63)*('Export (QBO)'!$I$2:$I$99999)) )} -> 267.81 | H63: {=( SUM(('Export (QBO)'!$G$2:$G$99999>=Budget!H$1)*('Export (QBO)'!$G$2:$G$99999<=((EOMONTH(Budget!H$1,0))))*('Export (QBO)'!$J$2:$J$99999=$A63)*('Export (QBO)'!$I$2:$I$99999)) )} -> 492.19 | I63: {=( SUM(('Export (QBO)'!$G$2:$G$99999>=Budget!I$1)*('Export (QBO)'!$G$2:$G$99999<=((EOMONTH(Budget!I$1,0))))*('Export (QBO)'!$J$2:$J$99999=$A63)*('Export (QBO)'!$I$2:$I$99999)) )} -> 0 | J63: {=( SUM(('Export (QBO)'!$G$2:$G$99999>=Budget!J$1)*('Export (QBO)'!$G$2:$G$99999<=((EOMONTH(Budget!J$1,0))))*('Export (QBO)'!$J$2:$J$99999=$A63)*('Export (QBO)'!$I$2:$I$99999)) )} -> 0 | ... N63: {=( SUM(('Export (QBO)'!$G$2:$G$99999>=Budget!N$1)*('Export (QBO)'!$G$2:$G$99999<=((EOMONTH(Budget!N$1,0))))*('Export (QBO)'!$J$2:$J$99999=$A63)*('Export (QBO)'!$I$2:$I$99999)) )} -> 4582.52 | O63: =SUM(C63:N63) -> 5502.5 | P63: {=( SUM(('Export (QBO)'!$G$2:$G$99999>=Budget!P$1)*('Export (QBO)'!$G$2:$G$99999<=((EOMONTH(Budget!P$1,0))))*('Export (QBO)'!$J$2:$J$99999=$A63)*('Export (QBO)'!$I$2:$I$99999)) )} -> 0 | Q63: {=( SUM(('Export (QBO)'!$G$2:$G$99999>=Budget!Q$1)*('Export (QBO)'!$G$2:$G$99999<=((EOMONTH(Budget!Q$1,0))))*('Export (QBO)'!$J$2:$J$99999=$A63)*('Export (QBO)'!$I$2:$I$99999)) )} -> 0 | R63: {=( SUM(('Export (QBO)'!$G$2:$G$99999>=Budget!R$1)*('Export (QBO)'!$G$2:$G$99999<=((EOMONTH(Budget!R$1,0))))*('Export (QBO)'!$J$2:$J$99999=$A63)*('Export (QBO)'!$I$2:$I$99999)) )} -> 0 | S63: {=( SUM(('Export (QBO)'!$G$2:$G$99999>=Budget!S$1)*('Export (QBO)'!$G$2:$G$99999<=((EOMONTH(Budget!S$1,0))))*('Export (QBO)'!$J$2:$J$99999=$A63)*('Export (QBO)'!$I$2:$I$99999)) )} -> 0 | T63: {=( SUM(('Export (QBO)'!$G$2:$G$99999>=Budget!T$1)*('Export (QBO)'!$G$2:$G$99999<=((EOMONTH(Budget!T$1,0))))*('Export (QBO)'!$J$2:$J$99999=$A63)*('Export (QBO)'!$I$2:$I$99999)) )} -> 0 | U63: {=( SUM(('Export (QBO)'!$G$2:$G$99999>=Budget!U$1)*('Export (QBO)'!$G$2:$G$99999<=((EOMONTH(Budget!U$1,0))))*('Export (QBO)'!$J$2:$J$99999=$A63)*('Export (QBO)'!$I$2:$I$99999)) )} -> 0 | V63: {=( SUM(('Export (QBO)'!$G$2:$G$99999>=Budget!V$1)*('Export (QBO)'!$G$2:$G$99999<=((EOMONTH(Budget!V$1,0))))*('Export (QBO)'!$J$2:$J$99999=$A63)*('Export (QBO)'!$I$2:$I$99999)) )} -> 0 | W63: {=( SUM(('Export (QBO)'!$G$2:$G$99999>=Budget!W$1)*('Export (QBO)'!$G$2:$G$99999<=((EOMONTH(Budget!W$1,0))))*('Export (QBO)'!$J$2:$J$99999=$A63)*('Export (QBO)'!$I$2:$I$99999)) )} -> 0 | ... AA63: {=( SUM(('Export (QBO)'!$G$2:$G$99999>=Budget!AA$1)*('Export (QBO)'!$G$2:$G$99999<=((EOMONTH(Budget!AA$1,0))))*('Export (QBO)'!$J$2:$J$99999=$A63)*('Export (QBO)'!$I$2:$I$99999)) )} -> 0 | AB63: =SUM(P63:AA63) -> 0
A64: Insurance - General | C64: {=( SUM(('Export (QBO)'!$G$2:$G$99999>=Budget!C$1)*('Export (QBO)'!$G$2:$G$99999<=((EOMONTH(Budget!C$1,0))))*('Export (QBO)'!$J$2:$J$99999=$A64)*('Export (QBO)'!$I$2:$I$99999)) )} -> 0 | D64: {=( SUM(('Export (QBO)'!$G$2:$G$99999>=Budget!D$1)*('Export (QBO)'!$G$2:$G$99999<=((EOMONTH(Budget!D$1,0))))*('Export (QBO)'!$J$2:$J$99999=$A64)*('Export (QBO)'!$I$2:$I$99999)) )} -> 0 | E64: {=( SUM(('Export (QBO)'!$G$2:$G$99999>=Budget!E$1)*('Export (QBO)'!$G$2:$G$99999<=((EOMONTH(Budget!E$1,0))))*('Export (QBO)'!$J$2:$J$99999=$A64)*('Export (QBO)'!$I$2:$I$99999)) )} -> 0 | F64: {=( SUM(('Export (QBO)'!$G$2:$G$99999>=Budget!F$1)*('Export (QBO)'!$G$2:$G$99999<=((EOMONTH(Budget!F$1,0))))*('Export (QBO)'!$J$2:$J$99999=$A64)*('Export (QBO)'!$I$2:$I$99999)) )} -> 0 | G64: {=( SUM(('Export (QBO)'!$G$2:$G$99999>=Budget!G$1)*('Export (QBO)'!$G$2:$G$99999<=((EOMONTH(Budget!G$1,0))))*('Export (QBO)'!$J$2:$J$99999=$A64)*('Export (QBO)'!$I$2:$I$99999)) )} -> 0 | H64: {=( SUM(('Export (QBO)'!$G$2:$G$99999>=Budget!H$1)*('Export (QBO)'!$G$2:$G$99999<=((EOMONTH(Budget!H$1,0))))*('Export (QBO)'!$J$2:$J$99999=$A64)*('Export (QBO)'!$I$2:$I$99999)) )} -> 0 | I64: {=( SUM(('Export (QBO)'!$G$2:$G$99999>=Budget!I$1)*('Export (QBO)'!$G$2:$G$99999<=((EOMONTH(Budget!I$1,0))))*('Export (QBO)'!$J$2:$J$99999=$A64)*('Export (QBO)'!$I$2:$I$99999)) )} -> 0 | J64: {=( SUM(('Export (QBO)'!$G$2:$G$99999>=Budget!J$1)*('Export (QBO)'!$G$2:$G$99999<=((EOMONTH(Budget!J$1,0))))*('Export (QBO)'!$J$2:$J$99999=$A64)*('Export (QBO)'!$I$2:$I$99999)) )} -> 0 | ... N64: {=( SUM(('Export (QBO)'!$G$2:$G$99999>=Budget!N$1)*('Export (QBO)'!$G$2:$G$99999<=((EOMONTH(Budget!N$1,0))))*('Export (QBO)'!$J$2:$J$99999=$A64)*('Export (QBO)'!$I$2:$I$99999)) )} -> 0 | O64: =SUM(C64:N64) -> 0 | P64: {=( SUM(('Export (QBO)'!$G$2:$G$99999>=Budget!P$1)*('Export (QBO)'!$G$2:$G$99999<=((EOMONTH(Budget!P$1,0))))*('Export (QBO)'!$J$2:$J$99999=$A64)*('Export (QBO)'!$I$2:$I$99999)) )} -> 1252.44 | Q64: {=( SUM(('Export (QBO)'!$G$2:$G$99999>=Budget!Q$1)*('Export (QBO)'!$G$2:$G$99999<=((EOMONTH(Budget!Q$1,0))))*('Export (QBO)'!$J$2:$J$99999=$A64)*('Export (QBO)'!$I$2:$I$99999)) )} -> 0 | R64: {=( SUM(('Export (QBO)'!$G$2:$G$99999>=Budget!R$1)*('Export (QBO)'!$G$2:$G$99999<=((EOMONTH(Budget!R$1,0))))*('Export (QBO)'!$J$2:$J$99999=$A64)*('Export (QBO)'!$I$2:$I$99999)) )} -> 0 | S64: {=( SUM(('Export (QBO)'!$G$2:$G$99999>=Budget!S$1)*('Export (QBO)'!$G$2:$G$99999<=((EOMONTH(Budget!S$1,0))))*('Export (QBO)'!$J$2:$J$99999=$A64)*('Export (QBO)'!$I$2:$I$99999)) )} -> 0 | T64: {=( SUM(('Export (QBO)'!$G$2:$G$99999>=Budget!T$1)*('Export (QBO)'!$G$2:$G$99999<=((EOMONTH(Budget!T$1,0))))*('Export (QBO)'!$J$2:$J$99999=$A64)*('Export (QBO)'!$I$2:$I$99999)) )} -> 0 | U64: {=( SUM(('Export (QBO)'!$G$2:$G$99999>=Budget!U$1)*('Export (QBO)'!$G$2:$G$99999<=((EOMONTH(Budget!U$1,0))))*('Export (QBO)'!$J$2:$J$99999=$A64)*('Export (QBO)'!$I$2:$I$99999)) )} -> 0 | V64: {=( SUM(('Export (QBO)'!$G$2:$G$99999>=Budget!V$1)*('Export (QBO)'!$G$2:$G$99999<=((EOMONTH(Budget!V$1,0))))*('Export (QBO)'!$J$2:$J$99999=$A64)*('Export (QBO)'!$I$2:$I$99999)) )} -> 0 | W64: {=( SUM(('Export (QBO)'!$G$2:$G$99999>=Budget!W$1)*('Export (QBO)'!$G$2:$G$99999<=((EOMONTH(Budget!W$1,0))))*('Export (QBO)'!$J$2:$J$99999=$A64)*('Export (QBO)'!$I$2:$I$99999)) )} -> 0 | ... AA64: {=( SUM(('Export (QBO)'!$G$2:$G$99999>=Budget!AA$1)*('Export (QBO)'!$G$2:$G$99999<=((EOMONTH(Budget!AA$1,0))))*('Export (QBO)'!$J$2:$J$99999=$A64)*('Export (QBO)'!$I$2:$I$99999)) )} -> 0 | AB64: =SUM(P64:AA64) -> 1252.44
A65: Insurance - Office | C65: {=( SUM(('Export (QBO)'!$G$2:$G$99999>=Budget!C$1)*('Export (QBO)'!$G$2:$G$99999<=((EOMONTH(Budget!C$1,0))))*('Export (QBO)'!$J$2:$J$99999=$A65)*('Export (QBO)'!$I$2:$I$99999)) )} -> 0 | D65: {=( SUM(('Export (QBO)'!$G$2:$G$99999>=Budget!D$1)*('Export (QBO)'!$G$2:$G$99999<=((EOMONTH(Budget!D$1,0))))*('Export (QBO)'!$J$2:$J$99999=$A65)*('Export (QBO)'!$I$2:$I$99999)) )} -> 0 | E65: {=( SUM(('Export (QBO)'!$G$2:$G$99999>=Budget!E$1)*('Export (QBO)'!$G$2:$G$99999<=((EOMONTH(Budget!E$1,0))))*('Export (QBO)'!$J$2:$J$99999=$A65)*('Export (QBO)'!$I$2:$I$99999)) )} -> 0 | F65: {=( SUM(('Export (QBO)'!$G$2:$G$99999>=Budget!F$1)*('Export (QBO)'!$G$2:$G$99999<=((EOMONTH(Budget!F$1,0))))*('Export (QBO)'!$J$2:$J$99999=$A65)*('Export (QBO)'!$I$2:$I$99999)) )} -> 0 | G65: {=( SUM(('Export (QBO)'!$G$2:$G$99999>=Budget!G$1)*('Export (QBO)'!$G$2:$G$99999<=((EOMONTH(Budget!G$1,0))))*('Export (QBO)'!$J$2:$J$99999=$A65)*('Export (QBO)'!$I$2:$I$99999)) )} -> 0 | H65: {=( SUM(('Export (QBO)'!$G$2:$G$99999>=Budget!H$1)*('Export (QBO)'!$G$2:$G$99999<=((EOMONTH(Budget!H$1,0))))*('Export (QBO)'!$J$2:$J$99999=$A65)*('Export (QBO)'!$I$2:$I$99999)) )} -> 0 | I65: {=( SUM(('Export (QBO)'!$G$2:$G$99999>=Budget!I$1)*('Export (QBO)'!$G$2:$G$99999<=((EOMONTH(Budget!I$1,0))))*('Export (QBO)'!$J$2:$J$99999=$A65)*('Export (QBO)'!$I$2:$I$99999)) )} -> 0 | J65: {=( SUM(('Export (QBO)'!$G$2:$G$99999>=Budget!J$1)*('Export (QBO)'!$G$2:$G$99999<=((EOMONTH(Budget!J$1,0))))*('Export (QBO)'!$J$2:$J$99999=$A65)*('Export (QBO)'!$I$2:$I$99999)) )} -> 0 | ... N65: {=( SUM(('Export (QBO)'!$G$2:$G$99999>=Budget!N$1)*('Export (QBO)'!$G$2:$G$99999<=((EOMONTH(Budget!N$1,0))))*('Export (QBO)'!$J$2:$J$99999=$A65)*('Export (QBO)'!$I$2:$I$99999)) )} -> 0 | O65: =SUM(C65:N65) -> 0 | P65: {=( SUM(('Export (QBO)'!$G$2:$G$99999>=Budget!P$1)*('Export (QBO)'!$G$2:$G$99999<=((EOMONTH(Budget!P$1,0))))*('Export (QBO)'!$J$2:$J$99999=$A65)*('Export (QBO)'!$I$2:$I$99999)) )} -> 0 | Q65: {=( SUM(('Export (QBO)'!$G$2:$G$99999>=Budget!Q$1)*('Export (QBO)'!$G$2:$G$99999<=((EOMONTH(Budget!Q$1,0))))*('Export (QBO)'!$J$2:$J$99999=$A65)*('Export (QBO)'!$I$2:$I$99999)) )} -> 0 | R65: {=( SUM(('Export (QBO)'!$G$2:$G$99999>=Budget!R$1)*('Export (QBO)'!$G$2:$G$99999<=((EOMONTH(Budget!R$1,0))))*('Export (QBO)'!$J$2:$J$99999=$A65)*('Export (QBO)'!$I$2:$I$99999)) )} -> 0 | S65: {=( SUM(('Export (QBO)'!$G$2:$G$99999>=Budget!S$1)*('Export (QBO)'!$G$2:$G$99999<=((EOMONTH(Budget!S$1,0))))*('Export (QBO)'!$J$2:$J$99999=$A65)*('Export (QBO)'!$I$2:$I$99999)) )} -> 0 | T65: {=( SUM(('Export (QBO)'!$G$2:$G$99999>=Budget!T$1)*('Export (QBO)'!$G$2:$G$99999<=((EOMONTH(Budget!T$1,0))))*('Export (QBO)'!$J$2:$J$99999=$A65)*('Export (QBO)'!$I$2:$I$99999)) )} -> 0 | U65: {=( SUM(('Export (QBO)'!$G$2:$G$99999>=Budget!U$1)*('Export (QBO)'!$G$2:$G$99999<=((EOMONTH(Budget!U$1,0))))*('Export (QBO)'!$J$2:$J$99999=$A65)*('Export (QBO)'!$I$2:$I$99999)) )} -> 0 | V65: {=( SUM(('Export (QBO)'!$G$2:$G$99999>=Budget!V$1)*('Export (QBO)'!$G$2:$G$99999<=((EOMONTH(Budget!V$1,0))))*('Export (QBO)'!$J$2:$J$99999=$A65)*('Export (QBO)'!$I$2:$I$99999)) )} -> 0 | W65: {=( SUM(('Export (QBO)'!$G$2:$G$99999>=Budget!W$1)*('Export (QBO)'!$G$2:$G$99999<=((EOMONTH(Budget!W$1,0))))*('Export (QBO)'!$J$2:$J$99999=$A65)*('Export (QBO)'!$I$2:$I$99999)) )} -> 0 | ... AA65: {=( SUM(('Export (QBO)'!$G$2:$G$99999>=Budget!AA$1)*('Export (QBO)'!$G$2:$G$99999<=((EOMONTH(Budget!AA$1,0))))*('Export (QBO)'!$J$2:$J$99999=$A65)*('Export (QBO)'!$I$2:$I$99999)) )} -> 0 | AB65: =SUM(P65:AA65) -> 0
... A81: Tools | C81: {=( SUM(('Export (QBO)'!$G$2:$G$99999>=Budget!C$1)*('Export (QBO)'!$G$2:$G$99999<=((EOMONTH(Budget!C$1,0))))*('Export (QBO)'!$J$2:$J$99999=$A81)*('Export (QBO)'!$I$2:$I$99999)) )} -> 0 | D81: {=( SUM(('Export (QBO)'!$G$2:$G$99999>=Budget!D$1)*('Export (QBO)'!$G$2:$G$99999<=((EOMONTH(Budget!D$1,0))))*('Export (QBO)'!$J$2:$J$99999=$A81)*('Export (QBO)'!$I$2:$I$99999)) )} -> 0 | E81: {=( SUM(('Export (QBO)'!$G$2:$G$99999>=Budget!E$1)*('Export (QBO)'!$G$2:$G$99999<=((EOMONTH(Budget!E$1,0))))*('Export (QBO)'!$J$2:$J$99999=$A81)*('Export (QBO)'!$I$2:$I$99999)) )} -> 0 | F81: {=( SUM(('Export (QBO)'!$G$2:$G$99999>=Budget!F$1)*('Export (QBO)'!$G$2:$G$99999<=((EOMONTH(Budget!F$1,0))))*('Export (QBO)'!$J$2:$J$99999=$A81)*('Export (QBO)'!$I$2:$I$99999)) )} -> 0 | G81: {=( SUM(('Export (QBO)'!$G$2:$G$99999>=Budget!G$1)*('Export (QBO)'!$G$2:$G$99999<=((EOMONTH(Budget!G$1,0))))*('Export (QBO)'!$J$2:$J$99999=$A81)*('Export (QBO)'!$I$2:$I$99999)) )} -> 0 | H81: {=( SUM(('Export (QBO)'!$G$2:$G$99999>=Budget!H$1)*('Export (QBO)'!$G$2:$G$99999<=((EOMONTH(Budget!H$1,0))))*('Export (QBO)'!$J$2:$J$99999=$A81)*('Export (QBO)'!$I$2:$I$99999)) )} -> 144.99 | I81: {=( SUM(('Export (QBO)'!$G$2:$G$99999>=Budget!I$1)*('Export (QBO)'!$G$2:$G$99999<=((EOMONTH(Budget!I$1,0))))*('Export (QBO)'!$J$2:$J$99999=$A81)*('Export (QBO)'!$I$2:$I$99999)) )} -> 0 | J81: {=( SUM(('Export (QBO)'!$G$2:$G$99999>=Budget!J$1)*('Export (QBO)'!$G$2:$G$99999<=((EOMONTH(Budget!J$1,0))))*('Export (QBO)'!$J$2:$J$99999=$A81)*('Export (QBO)'!$I$2:$I$99999)) )} -> 0 | ... N81: {=( SUM(('Export (QBO)'!$G$2:$G$99999>=Budget!N$1)*('Export (QBO)'!$G$2:$G$99999<=((EOMONTH(Budget!N$1,0))))*('Export (QBO)'!$J$2:$J$99999=$A81)*('Export (QBO)'!$I$2:$I$99999)) )} -> 0 | O81: =SUM(C81:N81) -> 144.99 | P81: {=( SUM(('Export (QBO)'!$G$2:$G$99999>=Budget!P$1)*('Export (QBO)'!$G$2:$G$99999<=((EOMONTH(Budget!P$1,0))))*('Export (QBO)'!$J$2:$J$99999=$A81)*('Export (QBO)'!$I$2:$I$99999)) )} -> 0 | Q81: {=( SUM(('Export (QBO)'!$G$2:$G$99999>=Budget!Q$1)*('Export (QBO)'!$G$2:$G$99999<=((EOMONTH(Budget!Q$1,0))))*('Export (QBO)'!$J$2:$J$99999=$A81)*('Export (QBO)'!$I$2:$I$99999)) )} -> 0 | R81: {=( SUM(('Export (QBO)'!$G$2:$G$99999>=Budget!R$1)*('Export (QBO)'!$G$2:$G$99999<=((EOMONTH(Budget!R$1,0))))*('Export (QBO)'!$J$2:$J$99999=$A81)*('Export (QBO)'!$I$2:$I$99999)) )} -> 0 | S81: {=( SUM(('Export (QBO)'!$G$2:$G$99999>=Budget!S$1)*('Export (QBO)'!$G$2:$G$99999<=((EOMONTH(Budget!S$1,0))))*('Export (QBO)'!$J$2:$J$99999=$A81)*('Export (QBO)'!$I$2:$I$99999)) )} -> 0 | T81: {=( SUM(('Export (QBO)'!$G$2:$G$99999>=Budget!T$1)*('Export (QBO)'!$G$2:$G$99999<=((EOMONTH(Budget!T$1,0))))*('Export (QBO)'!$J$2:$J$99999=$A81)*('Export (QBO)'!$I$2:$I$99999)) )} -> 0 | U81: {=( SUM(('Export (QBO)'!$G$2:$G$99999>=Budget!U$1)*('Export (QBO)'!$G$2:$G$99999<=((EOMONTH(Budget!U$1,0))))*('Export (QBO)'!$J$2:$J$99999=$A81)*('Export (QBO)'!$I$2:$I$99999)) )} -> 0 | V81: {=( SUM(('Export (QBO)'!$G$2:$G$99999>=Budget!V$1)*('Export (QBO)'!$G$2:$G$99999<=((EOMONTH(Budget!V$1,0))))*('Export (QBO)'!$J$2:$J$99999=$A81)*('Export (QBO)'!$I$2:$I$99999)) )} -> 0 | W81: {=( SUM(('Export (QBO)'!$G$2:$G$99999>=Budget!W$1)*('Export (QBO)'!$G$2:$G$99999<=((EOMONTH(Budget!W$1,0))))*('Export (QBO)'!$J$2:$J$99999=$A81)*('Export (QBO)'!$I$2:$I$99999)) )} -> 0 | ... AA81: {=( SUM(('Export (QBO)'!$G$2:$G$99999>=Budget!AA$1)*('Export (QBO)'!$G$2:$G$99999<=((EOMONTH(Budget!AA$1,0))))*('Export (QBO)'!$J$2:$J$99999=$A81)*('Export (QBO)'!$I$2:$I$99999)) )} -> 0 | AB81: =SUM(P81:AA81) -> 0
A83: Total Expenses | C83: =SUM(C53:C82) -> -229846.74 | D83: =SUM(D53:D82) -> 236742.64 | E83: =SUM(E53:E82) -> -79905.63 | F83: =SUM(F53:F82) -> 74109.16 | G83: =SUM(G53:G82) -> -1270.5 | H83: =SUM(H53:H82) -> -50950.72 | I83: =SUM(I53:I82) -> 60500.2 | J83: =SUM(J53:J82) -> 36445.31 | ... N83: =SUM(N53:N82) -> 13091.92 | O83: =SUM(C83:N83) -> 46885.27 | P83: =SUM(P53:P82) -> 1300.66 | Q83: =SUM(Q53:Q82) -> 0 | R83: =SUM(R53:R82) -> 0 | S83: =SUM(S53:S82) -> 0 | T83: =SUM(T53:T82) -> 0 | U83: =SUM(U53:U82) -> 0 | V83: =SUM(V53:V82) -> 0 | W83: =SUM(W53:W82) -> 0 | ... AA83: =SUM(AA53:AA82) -> 0 | AB83: =SUM(P83:AA83) -> 1300.66
A85: Shareholder Loans
A86: Due to/from Saltire Rentals | C86: {=( SUM(('Export (QBO)'!$G$2:$G$99999>=Budget!C$1)*('Export (QBO)'!$G$2:$G$99999<=((EOMONTH(Budget!C$1,0))))*('Export (QBO)'!$J$2:$J$99999=$A86)*('Export (QBO)'!$I$2:$I$99999)) )} -> 10000 | D86: {=( SUM(('Export (QBO)'!$G$2:$G$99999>=Budget!D$1)*('Export (QBO)'!$G$2:$G$99999<=((EOMONTH(Budget!D$1,0))))*('Export (QBO)'!$J$2:$J$99999=$A86)*('Export (QBO)'!$I$2:$I$99999)) )} -> 0 | E86: {=( SUM(('Export (QBO)'!$G$2:$G$99999>=Budget!E$1)*('Export (QBO)'!$G$2:$G$99999<=((EOMONTH(Budget!E$1,0))))*('Export (QBO)'!$J$2:$J$99999=$A86)*('Export (QBO)'!$I$2:$I$99999)) )} -> 0 | F86: {=( SUM(('Export (QBO)'!$G$2:$G$99999>=Budget!F$1)*('Export (QBO)'!$G$2:$G$99999<=((EOMONTH(Budget!F$1,0))))*('Export (QBO)'!$J$2:$J$99999=$A86)*('Export (QBO)'!$I$2:$I$99999)) )} -> 9000 | G86: {=( SUM(('Export (QBO)'!$G$2:$G$99999>=Budget!G$1)*('Export (QBO)'!$G$2:$G$99999<=((EOMONTH(Budget!G$1,0))))*('Export (QBO)'!$J$2:$J$99999=$A86)*('Export (QBO)'!$I$2:$I$99999)) )} -> 0 | H86: {=( SUM(('Export (QBO)'!$G$2:$G$99999>=Budget!H$1)*('Export (QBO)'!$G$2:$G$99999<=((EOMONTH(Budget!H$1,0))))*('Export (QBO)'!$J$2:$J$99999=$A86)*('Export (QBO)'!$I$2:$I$99999)) )} -> 5000 | I86: {=( SUM(('Export (QBO)'!$G$2:$G$99999>=Budget!I$1)*('Export (QBO)'!$G$2:$G$99999<=((EOMONTH(Budget!I$1,0))))*('Export (QBO)'!$J$2:$J$99999=$A86)*('Export (QBO)'!$I$2:$I$99999)) )} -> 5000 | J86: {=( SUM(('Export (QBO)'!$G$2:$G$99999>=Budget!J$1)*('Export (QBO)'!$G$2:$G$99999<=((EOMONTH(Budget!J$1,0))))*('Export (QBO)'!$J$2:$J$99999=$A86)*('Export (QBO)'!$I$2:$I$99999)) )} -> 5000 | ... N86: {=( SUM(('Export (QBO)'!$G$2:$G$99999>=Budget!N$1)*('Export (QBO)'!$G$2:$G$99999<=((EOMONTH(Budget!N$1,0))))*('Export (QBO)'!$J$2:$J$99999=$A86)*('Export (QBO)'!$I$2:$I$99999)) )} -> 7000 | O86: =SUM(C86:N86) -> 56000 | P86: {=( SUM(('Export (QBO)'!$G$2:$G$99999>=Budget!P$1)*('Export (QBO)'!$G$2:$G$99999<=((EOMONTH(Budget!P$1,0))))*('Export (QBO)'!$J$2:$J$99999=$A86)*('Export (QBO)'!$I$2:$I$99999)) )} -> 0 | Q86: {=( SUM(('Export (QBO)'!$G$2:$G$99999>=Budget!Q$1)*('Export (QBO)'!$G$2:$G$99999<=((EOMONTH(Budget!Q$1,0))))*('Export (QBO)'!$J$2:$J$99999=$A86)*('Export (QBO)'!$I$2:$I$99999)) )} -> 0 | R86: {=( SUM(('Export (QBO)'!$G$2:$G$99999>=Budget!R$1)*('Export (QBO)'!$G$2:$G$99999<=((EOMONTH(Budget!R$1,0))))*('Export (QBO)'!$J$2:$J$99999=$A86)*('Export (QBO)'!$I$2:$I$99999)) )} -> 0 | S86: {=( SUM(('Export (QBO)'!$G$2:$G$99999>=Budget!S$1)*('Export (QBO)'!$G$2:$G$99999<=((EOMONTH(Budget!S$1,0))))*('Export (QBO)'!$J$2:$J$99999=$A86)*('Export (QBO)'!$I$2:$I$99999)) )} -> 0 | T86: {=( SUM(('Export (QBO)'!$G$2:$G$99999>=Budget!T$1)*('Export (QBO)'!$G$2:$G$99999<=((EOMONTH(Budget!T$1,0))))*('Export (QBO)'!$J$2:$J$99999=$A86)*('Export (QBO)'!$I$2:$I$99999)) )} -> 0 | U86: {=( SUM(('Export (QBO)'!$G$2:$G$99999>=Budget!U$1)*('Export (QBO)'!$G$2:$G$99999<=((EOMONTH(Budget!U$1,0))))*('Export (QBO)'!$J$2:$J$99999=$A86)*('Export (QBO)'!$I$2:$I$99999)) )} -> 0 | V86: {=( SUM(('Export (QBO)'!$G$2:$G$99999>=Budget!V$1)*('Export (QBO)'!$G$2:$G$99999<=((EOMONTH(Budget!V$1,0))))*('Export (QBO)'!$J$2:$J$99999=$A86)*('Export (QBO)'!$I$2:$I$99999)) )} -> 0 | W86: {=( SUM(('Export (QBO)'!$G$2:$G$99999>=Budget!W$1)*('Export (QBO)'!$G$2:$G$99999<=((EOMONTH(Budget!W$1,0))))*('Export (QBO)'!$J$2:$J$99999=$A86)*('Export (QBO)'!$I$2:$I$99999)) )} -> 0 | ... AA86: {=( SUM(('Export (QBO)'!$G$2:$G$99999>=Budget!AA$1)*('Export (QBO)'!$G$2:$G$99999<=((EOMONTH(Budget!AA$1,0))))*('Export (QBO)'!$J$2:$J$99999=$A86)*('Export (QBO)'!$I$2:$I$99999)) )} -> 0 | AB86: =SUM(P86:AA86) -> 0
A87: Due to/from Saltire Holdings | C87: {=( SUM(('Export (QBO)'!$G$2:$G$99999>=Budget!C$1)*('Export (QBO)'!$G$2:$G$99999<=((EOMONTH(Budget!C$1,0))))*('Export (QBO)'!$J$2:$J$99999=$A87)*('Export (QBO)'!$I$2:$I$99999)) )} -> 0 | D87: {=( SUM(('Export (QBO)'!$G$2:$G$99999>=Budget!D$1)*('Export (QBO)'!$G$2:$G$99999<=((EOMONTH(Budget!D$1,0))))*('Export (QBO)'!$J$2:$J$99999=$A87)*('Export (QBO)'!$I$2:$I$99999)) )} -> 32500 | E87: {=( SUM(('Export (QBO)'!$G$2:$G$99999>=Budget!E$1)*('Export (QBO)'!$G$2:$G$99999<=((EOMONTH(Budget!E$1,0))))*('Export (QBO)'!$J$2:$J$99999=$A87)*('Export (QBO)'!$I$2:$I$99999)) )} -> 0 | F87: {=( SUM(('Export (QBO)'!$G$2:$G$99999>=Budget!F$1)*('Export (QBO)'!$G$2:$G$99999<=((EOMONTH(Budget!F$1,0))))*('Export (QBO)'!$J$2:$J$99999=$A87)*('Export (QBO)'!$I$2:$I$99999)) )} -> 0 | G87: {=( SUM(('Export (QBO)'!$G$2:$G$99999>=Budget!G$1)*('Export (QBO)'!$G$2:$G$99999<=((EOMONTH(Budget!G$1,0))))*('Export (QBO)'!$J$2:$J$99999=$A87)*('Export (QBO)'!$I$2:$I$99999)) )} -> 0 | H87: {=( SUM(('Export (QBO)'!$G$2:$G$99999>=Budget!H$1)*('Export (QBO)'!$G$2:$G$99999<=((EOMONTH(Budget!H$1,0))))*('Export (QBO)'!$J$2:$J$99999=$A87)*('Export (QBO)'!$I$2:$I$99999)) )} -> 0 | I87: {=( SUM(('Export (QBO)'!$G$2:$G$99999>=Budget!I$1)*('Export (QBO)'!$G$2:$G$99999<=((EOMONTH(Budget!I$1,0))))*('Export (QBO)'!$J$2:$J$99999=$A87)*('Export (QBO)'!$I$2:$I$99999)) )} -> 0 | J87: {=( SUM(('Export (QBO)'!$G$2:$G$99999>=Budget!J$1)*('Export (QBO)'!$G$2:$G$99999<=((EOMONTH(Budget!J$1,0))))*('Export (QBO)'!$J$2:$J$99999=$A87)*('Export (QBO)'!$I$2:$I$99999)) )} -> 0 | ... N87: {=( SUM(('Export (QBO)'!$G$2:$G$99999>=Budget!N$1)*('Export (QBO)'!$G$2:$G$99999<=((EOMONTH(Budget!N$1,0))))*('Export (QBO)'!$J$2:$J$99999=$A87)*('Export (QBO)'!$I$2:$I$99999)) )} -> 0 | O87: =SUM(C87:N87) -> 33675 | P87: {=( SUM(('Export (QBO)'!$G$2:$G$99999>=Budget!P$1)*('Export (QBO)'!$G$2:$G$99999<=((EOMONTH(Budget!P$1,0))))*('Export (QBO)'!$J$2:$J$99999=$A87)*('Export (QBO)'!$I$2:$I$99999)) )} -> 0 | Q87: {=( SUM(('Export (QBO)'!$G$2:$G$99999>=Budget!Q$1)*('Export (QBO)'!$G$2:$G$99999<=((EOMONTH(Budget!Q$1,0))))*('Export (QBO)'!$J$2:$J$99999=$A87)*('Export (QBO)'!$I$2:$I$99999)) )} -> 0 | R87: {=( SUM(('Export (QBO)'!$G$2:$G$99999>=Budget!R$1)*('Export (QBO)'!$G$2:$G$99999<=((EOMONTH(Budget!R$1,0))))*('Export (QBO)'!$J$2:$J$99999=$A87)*('Export (QBO)'!$I$2:$I$99999)) )} -> 0 | S87: {=( SUM(('Export (QBO)'!$G$2:$G$99999>=Budget!S$1)*('Export (QBO)'!$G$2:$G$99999<=((EOMONTH(Budget!S$1,0))))*('Export (QBO)'!$J$2:$J$99999=$A87)*('Export (QBO)'!$I$2:$I$99999)) )} -> 0 | T87: {=( SUM(('Export (QBO)'!$G$2:$G$99999>=Budget!T$1)*('Export (QBO)'!$G$2:$G$99999<=((EOMONTH(Budget!T$1,0))))*('Export (QBO)'!$J$2:$J$99999=$A87)*('Export (QBO)'!$I$2:$I$99999)) )} -> 0 | U87: {=( SUM(('Export (QBO)'!$G$2:$G$99999>=Budget!U$1)*('Export (QBO)'!$G$2:$G$99999<=((EOMONTH(Budget!U$1,0))))*('Export (QBO)'!$J$2:$J$99999=$A87)*('Export (QBO)'!$I$2:$I$99999)) )} -> 0 | V87: {=( SUM(('Export (QBO)'!$G$2:$G$99999>=Budget!V$1)*('Export (QBO)'!$G$2:$G$99999<=((EOMONTH(Budget!V$1,0))))*('Export (QBO)'!$J$2:$J$99999=$A87)*('Export (QBO)'!$I$2:$I$99999)) )} -> 0 | W87: {=( SUM(('Export (QBO)'!$G$2:$G$99999>=Budget!W$1)*('Export (QBO)'!$G$2:$G$99999<=((EOMONTH(Budget!W$1,0))))*('Export (QBO)'!$J$2:$J$99999=$A87)*('Export (QBO)'!$I$2:$I$99999)) )} -> 0 | ... AA87: {=( SUM(('Export (QBO)'!$G$2:$G$99999>=Budget!AA$1)*('Export (QBO)'!$G$2:$G$99999<=((EOMONTH(Budget!AA$1,0))))*('Export (QBO)'!$J$2:$J$99999=$A87)*('Export (QBO)'!$I$2:$I$99999)) )} -> 0 | AB87: =SUM(P87:AA87) -> 0
A88: Due to/from Kelly Gordon | C88: {=( SUM(('Export (QBO)'!$G$2:$G$99999>=Budget!C$1)*('Export (QBO)'!$G$2:$G$99999<=((EOMONTH(Budget!C$1,0))))*('Export (QBO)'!$J$2:$J$99999=$A88)*('Export (QBO)'!$I$2:$I$99999)) )} -> 0 | D88: {=( SUM(('Export (QBO)'!$G$2:$G$99999>=Budget!D$1)*('Export (QBO)'!$G$2:$G$99999<=((EOMONTH(Budget!D$1,0))))*('Export (QBO)'!$J$2:$J$99999=$A88)*('Export (QBO)'!$I$2:$I$99999)) )} -> 0 | E88: {=( SUM(('Export (QBO)'!$G$2:$G$99999>=Budget!E$1)*('Export (QBO)'!$G$2:$G$99999<=((EOMONTH(Budget!E$1,0))))*('Export (QBO)'!$J$2:$J$99999=$A88)*('Export (QBO)'!$I$2:$I$99999)) )} -> 0 | F88: {=( SUM(('Export (QBO)'!$G$2:$G$99999>=Budget!F$1)*('Export (QBO)'!$G$2:$G$99999<=((EOMONTH(Budget!F$1,0))))*('Export (QBO)'!$J$2:$J$99999=$A88)*('Export (QBO)'!$I$2:$I$99999)) )} -> 0 | G88: {=( SUM(('Export (QBO)'!$G$2:$G$99999>=Budget!G$1)*('Export (QBO)'!$G$2:$G$99999<=((EOMONTH(Budget!G$1,0))))*('Export (QBO)'!$J$2:$J$99999=$A88)*('Export (QBO)'!$I$2:$I$99999)) )} -> -50000 | H88: {=( SUM(('Export (QBO)'!$G$2:$G$99999>=Budget!H$1)*('Export (QBO)'!$G$2:$G$99999<=((EOMONTH(Budget!H$1,0))))*('Export (QBO)'!$J$2:$J$99999=$A88)*('Export (QBO)'!$I$2:$I$99999)) )} -> 0 | I88: {=( SUM(('Export (QBO)'!$G$2:$G$99999>=Budget!I$1)*('Export (QBO)'!$G$2:$G$99999<=((EOMONTH(Budget!I$1,0))))*('Export (QBO)'!$J$2:$J$99999=$A88)*('Export (QBO)'!$I$2:$I$99999)) )} -> 0 | J88: {=( SUM(('Export (QBO)'!$G$2:$G$99999>=Budget!J$1)*('Export (QBO)'!$G$2:$G$99999<=((EOMONTH(Budget!J$1,0))))*('Export (QBO)'!$J$2:$J$99999=$A88)*('Export (QBO)'!$I$2:$I$99999)) )} -> 0 | ... N88: {=( SUM(('Export (QBO)'!$G$2:$G$99999>=Budget!N$1)*('Export (QBO)'!$G$2:$G$99999<=((EOMONTH(Budget!N$1,0))))*('Export (QBO)'!$J$2:$J$99999=$A88)*('Export (QBO)'!$I$2:$I$99999)) )} -> 0 | O88: =SUM(C88:N88) -> -65000 | P88: {=( SUM(('Export (QBO)'!$G$2:$G$99999>=Budget!P$1)*('Export (QBO)'!$G$2:$G$99999<=((EOMONTH(Budget!P$1,0))))*('Export (QBO)'!$J$2:$J$99999=$A88)*('Export (QBO)'!$I$2:$I$99999)) )} -> 0 | Q88: {=( SUM(('Export (QBO)'!$G$2:$G$99999>=Budget!Q$1)*('Export (QBO)'!$G$2:$G$99999<=((EOMONTH(Budget!Q$1,0))))*('Export (QBO)'!$J$2:$J$99999=$A88)*('Export (QBO)'!$I$2:$I$99999)) )} -> 0 | R88: {=( SUM(('Export (QBO)'!$G$2:$G$99999>=Budget!R$1)*('Export (QBO)'!$G$2:$G$99999<=((EOMONTH(Budget!R$1,0))))*('Export (QBO)'!$J$2:$J$99999=$A88)*('Export (QBO)'!$I$2:$I$99999)) )} -> 0 | S88: {=( SUM(('Export (QBO)'!$G$2:$G$99999>=Budget!S$1)*('Export (QBO)'!$G$2:$G$99999<=((EOMONTH(Budget!S$1,0))))*('Export (QBO)'!$J$2:$J$99999=$A88)*('Export (QBO)'!$I$2:$I$99999)) )} -> 0 | T88: {=( SUM(('Export (QBO)'!$G$2:$G$99999>=Budget!T$1)*('Export (QBO)'!$G$2:$G$99999<=((EOMONTH(Budget!T$1,0))))*('Export (QBO)'!$J$2:$J$99999=$A88)*('Export (QBO)'!$I$2:$I$99999)) )} -> 0 | U88: {=( SUM(('Export (QBO)'!$G$2:$G$99999>=Budget!U$1)*('Export (QBO)'!$G$2:$G$99999<=((EOMONTH(Budget!U$1,0))))*('Export (QBO)'!$J$2:$J$99999=$A88)*('Export (QBO)'!$I$2:$I$99999)) )} -> 0 | V88: {=( SUM(('Export (QBO)'!$G$2:$G$99999>=Budget!V$1)*('Export (QBO)'!$G$2:$G$99999<=((EOMONTH(Budget!V$1,0))))*('Export (QBO)'!$J$2:$J$99999=$A88)*('Export (QBO)'!$I$2:$I$99999)) )} -> 0 | W88: {=( SUM(('Export (QBO)'!$G$2:$G$99999>=Budget!W$1)*('Export (QBO)'!$G$2:$G$99999<=((EOMONTH(Budget!W$1,0))))*('Export (QBO)'!$J$2:$J$99999=$A88)*('Export (QBO)'!$I$2:$I$99999)) )} -> 0 | ... AA88: {=( SUM(('Export (QBO)'!$G$2:$G$99999>=Budget!AA$1)*('Export (QBO)'!$G$2:$G$99999<=((EOMONTH(Budget!AA$1,0))))*('Export (QBO)'!$J$2:$J$99999=$A88)*('Export (QBO)'!$I$2:$I$99999)) )} -> 0 | AB88: =SUM(P88:AA88) -> 0
A89: Shareholder Loan | C89: {=( SUM(('Export (QBO)'!$G$2:$G$99999>=Budget!C$1)*('Export (QBO)'!$G$2:$G$99999<=((EOMONTH(Budget!C$1,0))))*('Export (QBO)'!$J$2:$J$99999=$A89)*('Export (QBO)'!$I$2:$I$99999)) )} -> -2182.59 | D89: {=( SUM(('Export (QBO)'!$G$2:$G$99999>=Budget!D$1)*('Export (QBO)'!$G$2:$G$99999<=((EOMONTH(Budget!D$1,0))))*('Export (QBO)'!$J$2:$J$99999=$A89)*('Export (QBO)'!$I$2:$I$99999)) )} -> -2020.5 | E89: {=( SUM(('Export (QBO)'!$G$2:$G$99999>=Budget!E$1)*('Export (QBO)'!$G$2:$G$99999<=((EOMONTH(Budget!E$1,0))))*('Export (QBO)'!$J$2:$J$99999=$A89)*('Export (QBO)'!$I$2:$I$99999)) )} -> -1986.71 | F89: {=( SUM(('Export (QBO)'!$G$2:$G$99999>=Budget!F$1)*('Export (QBO)'!$G$2:$G$99999<=((EOMONTH(Budget!F$1,0))))*('Export (QBO)'!$J$2:$J$99999=$A89)*('Export (QBO)'!$I$2:$I$99999)) )} -> -2147.08 | G89: {=( SUM(('Export (QBO)'!$G$2:$G$99999>=Budget!G$1)*('Export (QBO)'!$G$2:$G$99999<=((EOMONTH(Budget!G$1,0))))*('Export (QBO)'!$J$2:$J$99999=$A89)*('Export (QBO)'!$I$2:$I$99999)) )} -> -1975.07 | H89: {=( SUM(('Export (QBO)'!$G$2:$G$99999>=Budget!H$1)*('Export (QBO)'!$G$2:$G$99999<=((EOMONTH(Budget!H$1,0))))*('Export (QBO)'!$J$2:$J$99999=$A89)*('Export (QBO)'!$I$2:$I$99999)) )} -> -1969.29 | I89: {=( SUM(('Export (QBO)'!$G$2:$G$99999>=Budget!I$1)*('Export (QBO)'!$G$2:$G$99999<=((EOMONTH(Budget!I$1,0))))*('Export (QBO)'!$J$2:$J$99999=$A89)*('Export (QBO)'!$I$2:$I$99999)) )} -> -1943.79 | J89: {=( SUM(('Export (QBO)'!$G$2:$G$99999>=Budget!J$1)*('Export (QBO)'!$G$2:$G$99999<=((EOMONTH(Budget!J$1,0))))*('Export (QBO)'!$J$2:$J$99999=$A89)*('Export (QBO)'!$I$2:$I$99999)) )} -> 56621.01 | ... N89: {=( SUM(('Export (QBO)'!$G$2:$G$99999>=Budget!N$1)*('Export (QBO)'!$G$2:$G$99999<=((EOMONTH(Budget!N$1,0))))*('Export (QBO)'!$J$2:$J$99999=$A89)*('Export (QBO)'!$I$2:$I$99999)) )} -> -2322.7 | O89: =SUM(C89:N89) -> 32869.04 | P89: {=( SUM(('Export (QBO)'!$G$2:$G$99999>=Budget!P$1)*('Export (QBO)'!$G$2:$G$99999<=((EOMONTH(Budget!P$1,0))))*('Export (QBO)'!$J$2:$J$99999=$A89)*('Export (QBO)'!$I$2:$I$99999)) )} -> 0 | Q89: {=( SUM(('Export (QBO)'!$G$2:$G$99999>=Budget!Q$1)*('Export (QBO)'!$G$2:$G$99999<=((EOMONTH(Budget!Q$1,0))))*('Export (QBO)'!$J$2:$J$99999=$A89)*('Export (QBO)'!$I$2:$I$99999)) )} -> 0 | R89: {=( SUM(('Export (QBO)'!$G$2:$G$99999>=Budget!R$1)*('Export (QBO)'!$G$2:$G$99999<=((EOMONTH(Budget!R$1,0))))*('Export (QBO)'!$J$2:$J$99999=$A89)*('Export (QBO)'!$I$2:$I$99999)) )} -> 0 | S89: {=( SUM(('Export (QBO)'!$G$2:$G$99999>=Budget!S$1)*('Export (QBO)'!$G$2:$G$99999<=((EOMONTH(Budget!S$1,0))))*('Export (QBO)'!$J$2:$J$99999=$A89)*('Export (QBO)'!$I$2:$I$99999)) )} -> 0 | T89: {=( SUM(('Export (QBO)'!$G$2:$G$99999>=Budget!T$1)*('Export (QBO)'!$G$2:$G$99999<=((EOMONTH(Budget!T$1,0))))*('Export (QBO)'!$J$2:$J$99999=$A89)*('Export (QBO)'!$I$2:$I$99999)) )} -> 0 | U89: {=( SUM(('Export (QBO)'!$G$2:$G$99999>=Budget!U$1)*('Export (QBO)'!$G$2:$G$99999<=((EOMONTH(Budget!U$1,0))))*('Export (QBO)'!$J$2:$J$99999=$A89)*('Export (QBO)'!$I$2:$I$99999)) )} -> 0 | V89: {=( SUM(('Export (QBO)'!$G$2:$G$99999>=Budget!V$1)*('Export (QBO)'!$G$2:$G$99999<=((EOMONTH(Budget!V$1,0))))*('Export (QBO)'!$J$2:$J$99999=$A89)*('Export (QBO)'!$I$2:$I$99999)) )} -> 0 | W89: {=( SUM(('Export (QBO)'!$G$2:$G$99999>=Budget!W$1)*('Export (QBO)'!$G$2:$G$99999<=((EOMONTH(Budget!W$1,0))))*('Export (QBO)'!$J$2:$J$99999=$A89)*('Export (QBO)'!$I$2:$I$99999)) )} -> 0 | ... AA89: {=( SUM(('Export (QBO)'!$G$2:$G$99999>=Budget!AA$1)*('Export (QBO)'!$G$2:$G$99999<=((EOMONTH(Budget!AA$1,0))))*('Export (QBO)'!$J$2:$J$99999=$A89)*('Export (QBO)'!$I$2:$I$99999)) )} -> 0 | AB89: =SUM(P89:AA89) -> 0
A91: Total Shareholder Loans | C91: =SUM(C85:C90) -> 7817.41 | D91: =SUM(D85:D90) -> 30479.5 | E91: =SUM(E85:E90) -> -1986.71 | F91: =SUM(F85:F90) -> 6852.92 | G91: =SUM(G85:G90) -> -51975.07 | H91: =SUM(H85:H90) -> 3030.71 | I91: =SUM(I85:I90) -> 3056.21 | J91: =SUM(J85:J90) -> 61621.01 | ... N91: =SUM(N85:N90) -> 4677.3 | O91: =SUM(C91:N91) -> 57544.04 | P91: =SUM(P85:P90) -> 0 | Q91: =SUM(Q85:Q90) -> 0 | R91: =SUM(R85:R90) -> 0 | S91: =SUM(S85:S90) -> 0 | T91: =SUM(T85:T90) -> 0 | U91: =SUM(U85:U90) -> 0 | V91: =SUM(V85:V90) -> 0 | W91: =SUM(W85:W90) -> 0 | ... AA91: =SUM(AA85:AA90) -> 0 | AB91: =SUM(P91:AA91) -> 0
C95: =C$1 -> 45292 | D95: =D$1 -> 45323 | E95: =E$1 -> 45352 | F95: =F$1 -> 45383 | G95: =G$1 -> 45413 | H95: =H$1 -> 45444 | I95: =I$1 -> 45474 | J95: =J$1 -> 45505 | ... AB95: =AB$1 -> FY 24 | AD95: =AD$1 -> Budget | AF95: =AF$1 -> Variance
C96: =C$2 -> M 01 | D96: =D$2 -> M 02 | E96: =E$2 -> M 03 | F96: =F$2 -> M 04 | G96: =G$2 -> M 05 | H96: =H$2 -> M 06 | I96: =I$2 -> M 07 | J96: =J$2 -> M 08 | ... AB96: =AB$2 -> Y 03 | AD96: =AD$2 -> 2025
A101: Uncategorized
A102: Suspense | C102: {=( SUM(('Export (QBO)'!$G$2:$G$99999>=Budget!C$1)*('Export (QBO)'!$G$2:$G$99999<=((EOMONTH(Budget!C$1,0))))*('Export (QBO)'!$J$2:$J$99999=$A102)*('Export (QBO)'!$I$2:$I$99999)) )} -> -25437.53 | D102: {=( SUM(('Export (QBO)'!$G$2:$G$99999>=Budget!D$1)*('Export (QBO)'!$G$2:$G$99999<=((EOMONTH(Budget!D$1,0))))*('Export (QBO)'!$J$2:$J$99999=$A102)*('Export (QBO)'!$I$2:$I$99999)) )} -> -27574.22 | E102: {=( SUM(('Export (QBO)'!$G$2:$G$99999>=Budget!E$1)*('Export (QBO)'!$G$2:$G$99999<=((EOMONTH(Budget!E$1,0))))*('Export (QBO)'!$J$2:$J$99999=$A102)*('Export (QBO)'!$I$2:$I$99999)) )} -> -46917.84 | F102: {=( SUM(('Export (QBO)'!$G$2:$G$99999>=Budget!F$1)*('Export (QBO)'!$G$2:$G$99999<=((EOMONTH(Budget!F$1,0))))*('Export (QBO)'!$J$2:$J$99999=$A102)*('Export (QBO)'!$I$2:$I$99999)) )} -> 39382.72 | G102: {=( SUM(('Export (QBO)'!$G$2:$G$99999>=Budget!G$1)*('Export (QBO)'!$G$2:$G$99999<=((EOMONTH(Budget!G$1,0))))*('Export (QBO)'!$J$2:$J$99999=$A102)*('Export (QBO)'!$I$2:$I$99999)) )} -> -45606.26 | H102: {=( SUM(('Export (QBO)'!$G$2:$G$99999>=Budget!H$1)*('Export (QBO)'!$G$2:$G$99999<=((EOMONTH(Budget!H$1,0))))*('Export (QBO)'!$J$2:$J$99999=$A102)*('Export (QBO)'!$I$2:$I$99999)) )} -> 270198.27 | I102: {=( SUM(('Export (QBO)'!$G$2:$G$99999>=Budget!I$1)*('Export (QBO)'!$G$2:$G$99999<=((EOMONTH(Budget!I$1,0))))*('Export (QBO)'!$J$2:$J$99999=$A102)*('Export (QBO)'!$I$2:$I$99999)) )} -> -383.65 | J102: {=( SUM(('Export (QBO)'!$G$2:$G$99999>=Budget!J$1)*('Export (QBO)'!$G$2:$G$99999<=((EOMONTH(Budget!J$1,0))))*('Export (QBO)'!$J$2:$J$99999=$A102)*('Export (QBO)'!$I$2:$I$99999)) )} -> 6648.93 | ... N102: {=( SUM(('Export (QBO)'!$G$2:$G$99999>=Budget!N$1)*('Export (QBO)'!$G$2:$G$99999<=((EOMONTH(Budget!N$1,0))))*('Export (QBO)'!$J$2:$J$99999=$A102)*('Export (QBO)'!$I$2:$I$99999)) )} -> 419.7 | O102: =SUM(C102:N102) -> 173693.72 | P102: {=( SUM(('Export (QBO)'!$G$2:$G$99999>=Budget!P$1)*('Export (QBO)'!$G$2:$G$99999<=((EOMONTH(Budget!P$1,0))))*('Export (QBO)'!$J$2:$J$99999=$A102)*('Export (QBO)'!$I$2:$I$99999)) )} -> 0 | Q102: {=( SUM(('Export (QBO)'!$G$2:$G$99999>=Budget!Q$1)*('Export (QBO)'!$G$2:$G$99999<=((EOMONTH(Budget!Q$1,0))))*('Export (QBO)'!$J$2:$J$99999=$A102)*('Export (QBO)'!$I$2:$I$99999)) )} -> 0 | R102: {=( SUM(('Export (QBO)'!$G$2:$G$99999>=Budget!R$1)*('Export (QBO)'!$G$2:$G$99999<=((EOMONTH(Budget!R$1,0))))*('Export (QBO)'!$J$2:$J$99999=$A102)*('Export (QBO)'!$I$2:$I$99999)) )} -> 0 | S102: {=( SUM(('Export (QBO)'!$G$2:$G$99999>=Budget!S$1)*('Export (QBO)'!$G$2:$G$99999<=((EOMONTH(Budget!S$1,0))))*('Export (QBO)'!$J$2:$J$99999=$A102)*('Export (QBO)'!$I$2:$I$99999)) )} -> 0 | T102: {=( SUM(('Export (QBO)'!$G$2:$G$99999>=Budget!T$1)*('Export (QBO)'!$G$2:$G$99999<=((EOMONTH(Budget!T$1,0))))*('Export (QBO)'!$J$2:$J$99999=$A102)*('Export (QBO)'!$I$2:$I$99999)) )} -> 0 | U102: {=( SUM(('Export (QBO)'!$G$2:$G$99999>=Budget!U$1)*('Export (QBO)'!$G$2:$G$99999<=((EOMONTH(Budget!U$1,0))))*('Export (QBO)'!$J$2:$J$99999=$A102)*('Export (QBO)'!$I$2:$I$99999)) )} -> 0 | V102: {=( SUM(('Export (QBO)'!$G$2:$G$99999>=Budget!V$1)*('Export (QBO)'!$G$2:$G$99999<=((EOMONTH(Budget!V$1,0))))*('Export (QBO)'!$J$2:$J$99999=$A102)*('Export (QBO)'!$I$2:$I$99999)) )} -> 0 | W102: {=( SUM(('Export (QBO)'!$G$2:$G$99999>=Budget!W$1)*('Export (QBO)'!$G$2:$G$99999<=((EOMONTH(Budget!W$1,0))))*('Export (QBO)'!$J$2:$J$99999=$A102)*('Export (QBO)'!$I$2:$I$99999)) )} -> 0 | ... AA102: {=( SUM(('Export (QBO)'!$G$2:$G$99999>=Budget!AA$1)*('Export (QBO)'!$G$2:$G$99999<=((EOMONTH(Budget!AA$1,0))))*('Export (QBO)'!$J$2:$J$99999=$A102)*('Export (QBO)'!$I$2:$I$99999)) )} -> 0 | AB102: =SUM(P102:AA102) -> 0
A103: Allowance for Doubtful Accounts | C103: {=( SUM(('Export (QBO)'!$G$2:$G$99999>=Budget!C$1)*('Export (QBO)'!$G$2:$G$99999<=((EOMONTH(Budget!C$1,0))))*('Export (QBO)'!$J$2:$J$99999=$A103)*('Export (QBO)'!$I$2:$I$99999)) )} -> 0 | D103: {=( SUM(('Export (QBO)'!$G$2:$G$99999>=Budget!D$1)*('Export (QBO)'!$G$2:$G$99999<=((EOMONTH(Budget!D$1,0))))*('Export (QBO)'!$J$2:$J$99999=$A103)*('Export (QBO)'!$I$2:$I$99999)) )} -> 0 | E103: {=( SUM(('Export (QBO)'!$G$2:$G$99999>=Budget!E$1)*('Export (QBO)'!$G$2:$G$99999<=((EOMONTH(Budget!E$1,0))))*('Export (QBO)'!$J$2:$J$99999=$A103)*('Export (QBO)'!$I$2:$I$99999)) )} -> 0 | F103: {=( SUM(('Export (QBO)'!$G$2:$G$99999>=Budget!F$1)*('Export (QBO)'!$G$2:$G$99999<=((EOMONTH(Budget!F$1,0))))*('Export (QBO)'!$J$2:$J$99999=$A103)*('Export (QBO)'!$I$2:$I$99999)) )} -> 0 | G103: {=( SUM(('Export (QBO)'!$G$2:$G$99999>=Budget!G$1)*('Export (QBO)'!$G$2:$G$99999<=((EOMONTH(Budget!G$1,0))))*('Export (QBO)'!$J$2:$J$99999=$A103)*('Export (QBO)'!$I$2:$I$99999)) )} -> 0 | H103: {=( SUM(('Export (QBO)'!$G$2:$G$99999>=Budget!H$1)*('Export (QBO)'!$G$2:$G$99999<=((EOMONTH(Budget!H$1,0))))*('Export (QBO)'!$J$2:$J$99999=$A103)*('Export (QBO)'!$I$2:$I$99999)) )} -> 0 | I103: {=( SUM(('Export (QBO)'!$G$2:$G$99999>=Budget!I$1)*('Export (QBO)'!$G$2:$G$99999<=((EOMONTH(Budget!I$1,0))))*('Export (QBO)'!$J$2:$J$99999=$A103)*('Export (QBO)'!$I$2:$I$99999)) )} -> 0 | J103: {=( SUM(('Export (QBO)'!$G$2:$G$99999>=Budget!J$1)*('Export (QBO)'!$G$2:$G$99999<=((EOMONTH(Budget!J$1,0))))*('Export (QBO)'!$J$2:$J$99999=$A103)*('Export (QBO)'!$I$2:$I$99999)) )} -> 0 | ... N103: {=( SUM(('Export (QBO)'!$G$2:$G$99999>=Budget!N$1)*('Export (QBO)'!$G$2:$G$99999<=((EOMONTH(Budget!N$1,0))))*('Export (QBO)'!$J$2:$J$99999=$A103)*('Export (QBO)'!$I$2:$I$99999)) )} -> 0 | O103: =SUM(C103:N103) -> 0 | P103: {=( SUM(('Export (QBO)'!$G$2:$G$99999>=Budget!P$1)*('Export (QBO)'!$G$2:$G$99999<=((EOMONTH(Budget!P$1,0))))*('Export (QBO)'!$J$2:$J$99999=$A103)*('Export (QBO)'!$I$2:$I$99999)) )} -> 0 | Q103: {=( SUM(('Export (QBO)'!$G$2:$G$99999>=Budget!Q$1)*('Export (QBO)'!$G$2:$G$99999<=((EOMONTH(Budget!Q$1,0))))*('Export (QBO)'!$J$2:$J$99999=$A103)*('Export (QBO)'!$I$2:$I$99999)) )} -> 0 | R103: {=( SUM(('Export (QBO)'!$G$2:$G$99999>=Budget!R$1)*('Export (QBO)'!$G$2:$G$99999<=((EOMONTH(Budget!R$1,0))))*('Export (QBO)'!$J$2:$J$99999=$A103)*('Export (QBO)'!$I$2:$I$99999)) )} -> 0 | S103: {=( SUM(('Export (QBO)'!$G$2:$G$99999>=Budget!S$1)*('Export (QBO)'!$G$2:$G$99999<=((EOMONTH(Budget!S$1,0))))*('Export (QBO)'!$J$2:$J$99999=$A103)*('Export (QBO)'!$I$2:$I$99999)) )} -> 0 | T103: {=( SUM(('Export (QBO)'!$G$2:$G$99999>=Budget!T$1)*('Export (QBO)'!$G$2:$G$99999<=((EOMONTH(Budget!T$1,0))))*('Export (QBO)'!$J$2:$J$99999=$A103)*('Export (QBO)'!$I$2:$I$99999)) )} -> 0 | U103: {=( SUM(('Export (QBO)'!$G$2:$G$99999>=Budget!U$1)*('Export (QBO)'!$G$2:$G$99999<=((EOMONTH(Budget!U$1,0))))*('Export (QBO)'!$J$2:$J$99999=$A103)*('Export (QBO)'!$I$2:$I$99999)) )} -> 0 | V103: {=( SUM(('Export (QBO)'!$G$2:$G$99999>=Budget!V$1)*('Export (QBO)'!$G$2:$G$99999<=((EOMONTH(Budget!V$1,0))))*('Export (QBO)'!$J$2:$J$99999=$A103)*('Export (QBO)'!$I$2:$I$99999)) )} -> 0 | W103: {=( SUM(('Export (QBO)'!$G$2:$G$99999>=Budget!W$1)*('Export (QBO)'!$G$2:$G$99999<=((EOMONTH(Budget!W$1,0))))*('Export (QBO)'!$J$2:$J$99999=$A103)*('Export (QBO)'!$I$2:$I$99999)) )} -> 0 | ... AA103: {=( SUM(('Export (QBO)'!$G$2:$G$99999>=Budget!AA$1)*('Export (QBO)'!$G$2:$G$99999<=((EOMONTH(Budget!AA$1,0))))*('Export (QBO)'!$J$2:$J$99999=$A103)*('Export (QBO)'!$I$2:$I$99999)) )} -> 0 | AB103: =SUM(P103:AA103) -> 0
A104: Car - Aston Martin | C104: {=( SUM(('Export (QBO)'!$G$2:$G$99999>=Budget!C$1)*('Export (QBO)'!$G$2:$G$99999<=((EOMONTH(Budget!C$1,0))))*('Export (QBO)'!$J$2:$J$99999=$A104)*('Export (QBO)'!$I$2:$I$99999)) )} -> 0 | D104: {=( SUM(('Export (QBO)'!$G$2:$G$99999>=Budget!D$1)*('Export (QBO)'!$G$2:$G$99999<=((EOMONTH(Budget!D$1,0))))*('Export (QBO)'!$J$2:$J$99999=$A104)*('Export (QBO)'!$I$2:$I$99999)) )} -> 0 | E104: {=( SUM(('Export (QBO)'!$G$2:$G$99999>=Budget!E$1)*('Export (QBO)'!$G$2:$G$99999<=((EOMONTH(Budget!E$1,0))))*('Export (QBO)'!$J$2:$J$99999=$A104)*('Export (QBO)'!$I$2:$I$99999)) )} -> 0 | F104: {=( SUM(('Export (QBO)'!$G$2:$G$99999>=Budget!F$1)*('Export (QBO)'!$G$2:$G$99999<=((EOMONTH(Budget!F$1,0))))*('Export (QBO)'!$J$2:$J$99999=$A104)*('Export (QBO)'!$I$2:$I$99999)) )} -> 0 | G104: {=( SUM(('Export (QBO)'!$G$2:$G$99999>=Budget!G$1)*('Export (QBO)'!$G$2:$G$99999<=((EOMONTH(Budget!G$1,0))))*('Export (QBO)'!$J$2:$J$99999=$A104)*('Export (QBO)'!$I$2:$I$99999)) )} -> 0 | H104: {=( SUM(('Export (QBO)'!$G$2:$G$99999>=Budget!H$1)*('Export (QBO)'!$G$2:$G$99999<=((EOMONTH(Budget!H$1,0))))*('Export (QBO)'!$J$2:$J$99999=$A104)*('Export (QBO)'!$I$2:$I$99999)) )} -> 0 | I104: {=( SUM(('Export (QBO)'!$G$2:$G$99999>=Budget!I$1)*('Export (QBO)'!$G$2:$G$99999<=((EOMONTH(Budget!I$1,0))))*('Export (QBO)'!$J$2:$J$99999=$A104)*('Export (QBO)'!$I$2:$I$99999)) )} -> 0 | J104: {=( SUM(('Export (QBO)'!$G$2:$G$99999>=Budget!J$1)*('Export (QBO)'!$G$2:$G$99999<=((EOMONTH(Budget!J$1,0))))*('Export (QBO)'!$J$2:$J$99999=$A104)*('Export (QBO)'!$I$2:$I$99999)) )} -> 0 | ... N104: {=( SUM(('Export (QBO)'!$G$2:$G$99999>=Budget!N$1)*('Export (QBO)'!$G$2:$G$99999<=((EOMONTH(Budget!N$1,0))))*('Export (QBO)'!$J$2:$J$99999=$A104)*('Export (QBO)'!$I$2:$I$99999)) )} -> 0 | O104: =SUM(C104:N104) -> 0 | P104: {=( SUM(('Export (QBO)'!$G$2:$G$99999>=Budget!P$1)*('Export (QBO)'!$G$2:$G$99999<=((EOMONTH(Budget!P$1,0))))*('Export (QBO)'!$J$2:$J$99999=$A104)*('Export (QBO)'!$I$2:$I$99999)) )} -> 0 | Q104: {=( SUM(('Export (QBO)'!$G$2:$G$99999>=Budget!Q$1)*('Export (QBO)'!$G$2:$G$99999<=((EOMONTH(Budget!Q$1,0))))*('Export (QBO)'!$J$2:$J$99999=$A104)*('Export (QBO)'!$I$2:$I$99999)) )} -> 0 | R104: {=( SUM(('Export (QBO)'!$G$2:$G$99999>=Budget!R$1)*('Export (QBO)'!$G$2:$G$99999<=((EOMONTH(Budget!R$1,0))))*('Export (QBO)'!$J$2:$J$99999=$A104)*('Export (QBO)'!$I$2:$I$99999)) )} -> 0 | S104: {=( SUM(('Export (QBO)'!$G$2:$G$99999>=Budget!S$1)*('Export (QBO)'!$G$2:$G$99999<=((EOMONTH(Budget!S$1,0))))*('Export (QBO)'!$J$2:$J$99999=$A104)*('Export (QBO)'!$I$2:$I$99999)) )} -> 0 | T104: {=( SUM(('Export (QBO)'!$G$2:$G$99999>=Budget!T$1)*('Export (QBO)'!$G$2:$G$99999<=((EOMONTH(Budget!T$1,0))))*('Export (QBO)'!$J$2:$J$99999=$A104)*('Export (QBO)'!$I$2:$I$99999)) )} -> 0 | U104: {=( SUM(('Export (QBO)'!$G$2:$G$99999>=Budget!U$1)*('Export (QBO)'!$G$2:$G$99999<=((EOMONTH(Budget!U$1,0))))*('Export (QBO)'!$J$2:$J$99999=$A104)*('Export (QBO)'!$I$2:$I$99999)) )} -> 0 | V104: {=( SUM(('Export (QBO)'!$G$2:$G$99999>=Budget!V$1)*('Export (QBO)'!$G$2:$G$99999<=((EOMONTH(Budget!V$1,0))))*('Export (QBO)'!$J$2:$J$99999=$A104)*('Export (QBO)'!$I$2:$I$99999)) )} -> 0 | W104: {=( SUM(('Export (QBO)'!$G$2:$G$99999>=Budget!W$1)*('Export (QBO)'!$G$2:$G$99999<=((EOMONTH(Budget!W$1,0))))*('Export (QBO)'!$J$2:$J$99999=$A104)*('Export (QBO)'!$I$2:$I$99999)) )} -> 0 | ... AA104: {=( SUM(('Export (QBO)'!$G$2:$G$99999>=Budget!AA$1)*('Export (QBO)'!$G$2:$G$99999<=((EOMONTH(Budget!AA$1,0))))*('Export (QBO)'!$J$2:$J$99999=$A104)*('Export (QBO)'!$I$2:$I$99999)) )} -> 0 | AB104: =SUM(P104:AA104) -> 0
A105: Chequing (TD) | C105: {=( SUM(('Export (QBO)'!$G$2:$G$99999>=Budget!C$1)*('Export (QBO)'!$G$2:$G$99999<=((EOMONTH(Budget!C$1,0))))*('Export (QBO)'!$J$2:$J$99999=$A105)*('Export (QBO)'!$I$2:$I$99999)) )} -> 0 | D105: {=( SUM(('Export (QBO)'!$G$2:$G$99999>=Budget!D$1)*('Export (QBO)'!$G$2:$G$99999<=((EOMONTH(Budget!D$1,0))))*('Export (QBO)'!$J$2:$J$99999=$A105)*('Export (QBO)'!$I$2:$I$99999)) )} -> 0 | E105: {=( SUM(('Export (QBO)'!$G$2:$G$99999>=Budget!E$1)*('Export (QBO)'!$G$2:$G$99999<=((EOMONTH(Budget!E$1,0))))*('Export (QBO)'!$J$2:$J$99999=$A105)*('Export (QBO)'!$I$2:$I$99999)) )} -> 0 | F105: {=( SUM(('Export (QBO)'!$G$2:$G$99999>=Budget!F$1)*('Export (QBO)'!$G$2:$G$99999<=((EOMONTH(Budget!F$1,0))))*('Export (QBO)'!$J$2:$J$99999=$A105)*('Export (QBO)'!$I$2:$I$99999)) )} -> 0 | G105: {=( SUM(('Export (QBO)'!$G$2:$G$99999>=Budget!G$1)*('Export (QBO)'!$G$2:$G$99999<=((EOMONTH(Budget!G$1,0))))*('Export (QBO)'!$J$2:$J$99999=$A105)*('Export (QBO)'!$I$2:$I$99999)) )} -> 0 | H105: {=( SUM(('Export (QBO)'!$G$2:$G$99999>=Budget!H$1)*('Export (QBO)'!$G$2:$G$99999<=((EOMONTH(Budget!H$1,0))))*('Export (QBO)'!$J$2:$J$99999=$A105)*('Export (QBO)'!$I$2:$I$99999)) )} -> 0 | I105: {=( SUM(('Export (QBO)'!$G$2:$G$99999>=Budget!I$1)*('Export (QBO)'!$G$2:$G$99999<=((EOMONTH(Budget!I$1,0))))*('Export (QBO)'!$J$2:$J$99999=$A105)*('Export (QBO)'!$I$2:$I$99999)) )} -> 0 | J105: {=( SUM(('Export (QBO)'!$G$2:$G$99999>=Budget!J$1)*('Export (QBO)'!$G$2:$G$99999<=((EOMONTH(Budget!J$1,0))))*('Export (QBO)'!$J$2:$J$99999=$A105)*('Export (QBO)'!$I$2:$I$99999)) )} -> 0 | ... N105: {=( SUM(('Export (QBO)'!$G$2:$G$99999>=Budget!N$1)*('Export (QBO)'!$G$2:$G$99999<=((EOMONTH(Budget!N$1,0))))*('Export (QBO)'!$J$2:$J$99999=$A105)*('Export (QBO)'!$I$2:$I$99999)) )} -> 0 | O105: =SUM(C105:N105) -> 0 | P105: {=( SUM(('Export (QBO)'!$G$2:$G$99999>=Budget!P$1)*('Export (QBO)'!$G$2:$G$99999<=((EOMONTH(Budget!P$1,0))))*('Export (QBO)'!$J$2:$J$99999=$A105)*('Export (QBO)'!$I$2:$I$99999)) )} -> 0 | Q105: {=( SUM(('Export (QBO)'!$G$2:$G$99999>=Budget!Q$1)*('Export (QBO)'!$G$2:$G$99999<=((EOMONTH(Budget!Q$1,0))))*('Export (QBO)'!$J$2:$J$99999=$A105)*('Export (QBO)'!$I$2:$I$99999)) )} -> 0 | R105: {=( SUM(('Export (QBO)'!$G$2:$G$99999>=Budget!R$1)*('Export (QBO)'!$G$2:$G$99999<=((EOMONTH(Budget!R$1,0))))*('Export (QBO)'!$J$2:$J$99999=$A105)*('Export (QBO)'!$I$2:$I$99999)) )} -> 0 | S105: {=( SUM(('Export (QBO)'!$G$2:$G$99999>=Budget!S$1)*('Export (QBO)'!$G$2:$G$99999<=((EOMONTH(Budget!S$1,0))))*('Export (QBO)'!$J$2:$J$99999=$A105)*('Export (QBO)'!$I$2:$I$99999)) )} -> 0 | T105: {=( SUM(('Export (QBO)'!$G$2:$G$99999>=Budget!T$1)*('Export (QBO)'!$G$2:$G$99999<=((EOMONTH(Budget!T$1,0))))*('Export (QBO)'!$J$2:$J$99999=$A105)*('Export (QBO)'!$I$2:$I$99999)) )} -> 0 | U105: {=( SUM(('Export (QBO)'!$G$2:$G$99999>=Budget!U$1)*('Export (QBO)'!$G$2:$G$99999<=((EOMONTH(Budget!U$1,0))))*('Export (QBO)'!$J$2:$J$99999=$A105)*('Export (QBO)'!$I$2:$I$99999)) )} -> 0 | V105: {=( SUM(('Export (QBO)'!$G$2:$G$99999>=Budget!V$1)*('Export (QBO)'!$G$2:$G$99999<=((EOMONTH(Budget!V$1,0))))*('Export (QBO)'!$J$2:$J$99999=$A105)*('Export (QBO)'!$I$2:$I$99999)) )} -> 0 | W105: {=( SUM(('Export (QBO)'!$G$2:$G$99999>=Budget!W$1)*('Export (QBO)'!$G$2:$G$99999<=((EOMONTH(Budget!W$1,0))))*('Export (QBO)'!$J$2:$J$99999=$A105)*('Export (QBO)'!$I$2:$I$99999)) )} -> 0 | ... AA105: {=( SUM(('Export (QBO)'!$G$2:$G$99999>=Budget!AA$1)*('Export (QBO)'!$G$2:$G$99999<=((EOMONTH(Budget!AA$1,0))))*('Export (QBO)'!$J$2:$J$99999=$A105)*('Export (QBO)'!$I$2:$I$99999)) )} -> 0 | AB105: =SUM(P105:AA105) -> 0
A106: COGS - Analytics | C106: {=( SUM(('Export (QBO)'!$G$2:$G$99999>=Budget!C$1)*('Export (QBO)'!$G$2:$G$99999<=((EOMONTH(Budget!C$1,0))))*('Export (QBO)'!$J$2:$J$99999=$A106)*('Export (QBO)'!$I$2:$I$99999)) )} -> 0 | D106: {=( SUM(('Export (QBO)'!$G$2:$G$99999>=Budget!D$1)*('Export (QBO)'!$G$2:$G$99999<=((EOMONTH(Budget!D$1,0))))*('Export (QBO)'!$J$2:$J$99999=$A106)*('Export (QBO)'!$I$2:$I$99999)) )} -> 0 | E106: {=( SUM(('Export (QBO)'!$G$2:$G$99999>=Budget!E$1)*('Export (QBO)'!$G$2:$G$99999<=((EOMONTH(Budget!E$1,0))))*('Export (QBO)'!$J$2:$J$99999=$A106)*('Export (QBO)'!$I$2:$I$99999)) )} -> 0 | F106: {=( SUM(('Export (QBO)'!$G$2:$G$99999>=Budget!F$1)*('Export (QBO)'!$G$2:$G$99999<=((EOMONTH(Budget!F$1,0))))*('Export (QBO)'!$J$2:$J$99999=$A106)*('Export (QBO)'!$I$2:$I$99999)) )} -> 0 | G106: {=( SUM(('Export (QBO)'!$G$2:$G$99999>=Budget!G$1)*('Export (QBO)'!$G$2:$G$99999<=((EOMONTH(Budget!G$1,0))))*('Export (QBO)'!$J$2:$J$99999=$A106)*('Export (QBO)'!$I$2:$I$99999)) )} -> 0 | H106: {=( SUM(('Export (QBO)'!$G$2:$G$99999>=Budget!H$1)*('Export (QBO)'!$G$2:$G$99999<=((EOMONTH(Budget!H$1,0))))*('Export (QBO)'!$J$2:$J$99999=$A106)*('Export (QBO)'!$I$2:$I$99999)) )} -> 0 | I106: {=( SUM(('Export (QBO)'!$G$2:$G$99999>=Budget!I$1)*('Export (QBO)'!$G$2:$G$99999<=((EOMONTH(Budget!I$1,0))))*('Export (QBO)'!$J$2:$J$99999=$A106)*('Export (QBO)'!$I$2:$I$99999)) )} -> 0 | J106: {=( SUM(('Export (QBO)'!$G$2:$G$99999>=Budget!J$1)*('Export (QBO)'!$G$2:$G$99999<=((EOMONTH(Budget!J$1,0))))*('Export (QBO)'!$J$2:$J$99999=$A106)*('Export (QBO)'!$I$2:$I$99999)) )} -> 0 | ... N106: {=( SUM(('Export (QBO)'!$G$2:$G$99999>=Budget!N$1)*('Export (QBO)'!$G$2:$G$99999<=((EOMONTH(Budget!N$1,0))))*('Export (QBO)'!$J$2:$J$99999=$A106)*('Export (QBO)'!$I$2:$I$99999)) )} -> 0 | O106: =SUM(C106:N106) -> 0 | P106: {=( SUM(('Export (QBO)'!$G$2:$G$99999>=Budget!P$1)*('Export (QBO)'!$G$2:$G$99999<=((EOMONTH(Budget!P$1,0))))*('Export (QBO)'!$J$2:$J$99999=$A106)*('Export (QBO)'!$I$2:$I$99999)) )} -> 0 | Q106: {=( SUM(('Export (QBO)'!$G$2:$G$99999>=Budget!Q$1)*('Export (QBO)'!$G$2:$G$99999<=((EOMONTH(Budget!Q$1,0))))*('Export (QBO)'!$J$2:$J$99999=$A106)*('Export (QBO)'!$I$2:$I$99999)) )} -> 0 | R106: {=( SUM(('Export (QBO)'!$G$2:$G$99999>=Budget!R$1)*('Export (QBO)'!$G$2:$G$99999<=((EOMONTH(Budget!R$1,0))))*('Export (QBO)'!$J$2:$J$99999=$A106)*('Export (QBO)'!$I$2:$I$99999)) )} -> 0 | S106: {=( SUM(('Export (QBO)'!$G$2:$G$99999>=Budget!S$1)*('Export (QBO)'!$G$2:$G$99999<=((EOMONTH(Budget!S$1,0))))*('Export (QBO)'!$J$2:$J$99999=$A106)*('Export (QBO)'!$I$2:$I$99999)) )} -> 0 | T106: {=( SUM(('Export (QBO)'!$G$2:$G$99999>=Budget!T$1)*('Export (QBO)'!$G$2:$G$99999<=((EOMONTH(Budget!T$1,0))))*('Export (QBO)'!$J$2:$J$99999=$A106)*('Export (QBO)'!$I$2:$I$99999)) )} -> 0 | U106: {=( SUM(('Export (QBO)'!$G$2:$G$99999>=Budget!U$1)*('Export (QBO)'!$G$2:$G$99999<=((EOMONTH(Budget!U$1,0))))*('Export (QBO)'!$J$2:$J$99999=$A106)*('Export (QBO)'!$I$2:$I$99999)) )} -> 0 | V106: {=( SUM(('Export (QBO)'!$G$2:$G$99999>=Budget!V$1)*('Export (QBO)'!$G$2:$G$99999<=((EOMONTH(Budget!V$1,0))))*('Export (QBO)'!$J$2:$J$99999=$A106)*('Export (QBO)'!$I$2:$I$99999)) )} -> 0 | W106: {=( SUM(('Export (QBO)'!$G$2:$G$99999>=Budget!W$1)*('Export (QBO)'!$G$2:$G$99999<=((EOMONTH(Budget!W$1,0))))*('Export (QBO)'!$J$2:$J$99999=$A106)*('Export (QBO)'!$I$2:$I$99999)) )} -> 0 | ... AA106: {=( SUM(('Export (QBO)'!$G$2:$G$99999>=Budget!AA$1)*('Export (QBO)'!$G$2:$G$99999<=((EOMONTH(Budget!AA$1,0))))*('Export (QBO)'!$J$2:$J$99999=$A106)*('Export (QBO)'!$I$2:$I$99999)) )} -> 0 | AB106: =SUM(P106:AA106) -> 0
A107: COGS - Disposal | C107: {=( SUM(('Export (QBO)'!$G$2:$G$99999>=Budget!C$1)*('Export (QBO)'!$G$2:$G$99999<=((EOMONTH(Budget!C$1,0))))*('Export (QBO)'!$J$2:$J$99999=$A107)*('Export (QBO)'!$I$2:$I$99999)) )} -> 326 | D107: {=( SUM(('Export (QBO)'!$G$2:$G$99999>=Budget!D$1)*('Export (QBO)'!$G$2:$G$99999<=((EOMONTH(Budget!D$1,0))))*('Export (QBO)'!$J$2:$J$99999=$A107)*('Export (QBO)'!$I$2:$I$99999)) )} -> 1075 | E107: {=( SUM(('Export (QBO)'!$G$2:$G$99999>=Budget!E$1)*('Export (QBO)'!$G$2:$G$99999<=((EOMONTH(Budget!E$1,0))))*('Export (QBO)'!$J$2:$J$99999=$A107)*('Export (QBO)'!$I$2:$I$99999)) )} -> 68 | F107: {=( SUM(('Export (QBO)'!$G$2:$G$99999>=Budget!F$1)*('Export (QBO)'!$G$2:$G$99999<=((EOMONTH(Budget!F$1,0))))*('Export (QBO)'!$J$2:$J$99999=$A107)*('Export (QBO)'!$I$2:$I$99999)) )} -> 1200.15 | G107: {=( SUM(('Export (QBO)'!$G$2:$G$99999>=Budget!G$1)*('Export (QBO)'!$G$2:$G$99999<=((EOMONTH(Budget!G$1,0))))*('Export (QBO)'!$J$2:$J$99999=$A107)*('Export (QBO)'!$I$2:$I$99999)) )} -> 309 | H107: {=( SUM(('Export (QBO)'!$G$2:$G$99999>=Budget!H$1)*('Export (QBO)'!$G$2:$G$99999<=((EOMONTH(Budget!H$1,0))))*('Export (QBO)'!$J$2:$J$99999=$A107)*('Export (QBO)'!$I$2:$I$99999)) )} -> 583 | I107: {=( SUM(('Export (QBO)'!$G$2:$G$99999>=Budget!I$1)*('Export (QBO)'!$G$2:$G$99999<=((EOMONTH(Budget!I$1,0))))*('Export (QBO)'!$J$2:$J$99999=$A107)*('Export (QBO)'!$I$2:$I$99999)) )} -> 1120.2 | J107: {=( SUM(('Export (QBO)'!$G$2:$G$99999>=Budget!J$1)*('Export (QBO)'!$G$2:$G$99999<=((EOMONTH(Budget!J$1,0))))*('Export (QBO)'!$J$2:$J$99999=$A107)*('Export (QBO)'!$I$2:$I$99999)) )} -> 295.65 | ... N107: {=( SUM(('Export (QBO)'!$G$2:$G$99999>=Budget!N$1)*('Export (QBO)'!$G$2:$G$99999<=((EOMONTH(Budget!N$1,0))))*('Export (QBO)'!$J$2:$J$99999=$A107)*('Export (QBO)'!$I$2:$I$99999)) )} -> 520 | O107: =SUM(C107:N107) -> 19274 | P107: {=( SUM(('Export (QBO)'!$G$2:$G$99999>=Budget!P$1)*('Export (QBO)'!$G$2:$G$99999<=((EOMONTH(Budget!P$1,0))))*('Export (QBO)'!$J$2:$J$99999=$A107)*('Export (QBO)'!$I$2:$I$99999)) )} -> 0 | Q107: {=( SUM(('Export (QBO)'!$G$2:$G$99999>=Budget!Q$1)*('Export (QBO)'!$G$2:$G$99999<=((EOMONTH(Budget!Q$1,0))))*('Export (QBO)'!$J$2:$J$99999=$A107)*('Export (QBO)'!$I$2:$I$99999)) )} -> 0 | R107: {=( SUM(('Export (QBO)'!$G$2:$G$99999>=Budget!R$1)*('Export (QBO)'!$G$2:$G$99999<=((EOMONTH(Budget!R$1,0))))*('Export (QBO)'!$J$2:$J$99999=$A107)*('Export (QBO)'!$I$2:$I$99999)) )} -> 0 | S107: {=( SUM(('Export (QBO)'!$G$2:$G$99999>=Budget!S$1)*('Export (QBO)'!$G$2:$G$99999<=((EOMONTH(Budget!S$1,0))))*('Export (QBO)'!$J$2:$J$99999=$A107)*('Export (QBO)'!$I$2:$I$99999)) )} -> 0 | T107: {=( SUM(('Export (QBO)'!$G$2:$G$99999>=Budget!T$1)*('Export (QBO)'!$G$2:$G$99999<=((EOMONTH(Budget!T$1,0))))*('Export (QBO)'!$J$2:$J$99999=$A107)*('Export (QBO)'!$I$2:$I$99999)) )} -> 0 | U107: {=( SUM(('Export (QBO)'!$G$2:$G$99999>=Budget!U$1)*('Export (QBO)'!$G$2:$G$99999<=((EOMONTH(Budget!U$1,0))))*('Export (QBO)'!$J$2:$J$99999=$A107)*('Export (QBO)'!$I$2:$I$99999)) )} -> 0 | V107: {=( SUM(('Export (QBO)'!$G$2:$G$99999>=Budget!V$1)*('Export (QBO)'!$G$2:$G$99999<=((EOMONTH(Budget!V$1,0))))*('Export (QBO)'!$J$2:$J$99999=$A107)*('Export (QBO)'!$I$2:$I$99999)) )} -> 0 | W107: {=( SUM(('Export (QBO)'!$G$2:$G$99999>=Budget!W$1)*('Export (QBO)'!$G$2:$G$99999<=((EOMONTH(Budget!W$1,0))))*('Export (QBO)'!$J$2:$J$99999=$A107)*('Export (QBO)'!$I$2:$I$99999)) )} -> 0 | ... AA107: {=( SUM(('Export (QBO)'!$G$2:$G$99999>=Budget!AA$1)*('Export (QBO)'!$G$2:$G$99999<=((EOMONTH(Budget!AA$1,0))))*('Export (QBO)'!$J$2:$J$99999=$A107)*('Export (QBO)'!$I$2:$I$99999)) )} -> 0 | AB107: =SUM(P107:AA107) -> 0
A108: COGS - Fees | C108: {=( SUM(('Export (QBO)'!$G$2:$G$99999>=Budget!C$1)*('Export (QBO)'!$G$2:$G$99999<=((EOMONTH(Budget!C$1,0))))*('Export (QBO)'!$J$2:$J$99999=$A108)*('Export (QBO)'!$I$2:$I$99999)) )} -> 0 | D108: {=( SUM(('Export (QBO)'!$G$2:$G$99999>=Budget!D$1)*('Export (QBO)'!$G$2:$G$99999<=((EOMONTH(Budget!D$1,0))))*('Export (QBO)'!$J$2:$J$99999=$A108)*('Export (QBO)'!$I$2:$I$99999)) )} -> 0 | E108: {=( SUM(('Export (QBO)'!$G$2:$G$99999>=Budget!E$1)*('Export (QBO)'!$G$2:$G$99999<=((EOMONTH(Budget!E$1,0))))*('Export (QBO)'!$J$2:$J$99999=$A108)*('Export (QBO)'!$I$2:$I$99999)) )} -> 0 | F108: {=( SUM(('Export (QBO)'!$G$2:$G$99999>=Budget!F$1)*('Export (QBO)'!$G$2:$G$99999<=((EOMONTH(Budget!F$1,0))))*('Export (QBO)'!$J$2:$J$99999=$A108)*('Export (QBO)'!$I$2:$I$99999)) )} -> 0 | G108: {=( SUM(('Export (QBO)'!$G$2:$G$99999>=Budget!G$1)*('Export (QBO)'!$G$2:$G$99999<=((EOMONTH(Budget!G$1,0))))*('Export (QBO)'!$J$2:$J$99999=$A108)*('Export (QBO)'!$I$2:$I$99999)) )} -> 0 | H108: {=( SUM(('Export (QBO)'!$G$2:$G$99999>=Budget!H$1)*('Export (QBO)'!$G$2:$G$99999<=((EOMONTH(Budget!H$1,0))))*('Export (QBO)'!$J$2:$J$99999=$A108)*('Export (QBO)'!$I$2:$I$99999)) )} -> 0 | I108: {=( SUM(('Export (QBO)'!$G$2:$G$99999>=Budget!I$1)*('Export (QBO)'!$G$2:$G$99999<=((EOMONTH(Budget!I$1,0))))*('Export (QBO)'!$J$2:$J$99999=$A108)*('Export (QBO)'!$I$2:$I$99999)) )} -> 0 | J108: {=( SUM(('Export (QBO)'!$G$2:$G$99999>=Budget!J$1)*('Export (QBO)'!$G$2:$G$99999<=((EOMONTH(Budget!J$1,0))))*('Export (QBO)'!$J$2:$J$99999=$A108)*('Export (QBO)'!$I$2:$I$99999)) )} -> 0 | ... N108: {=( SUM(('Export (QBO)'!$G$2:$G$99999>=Budget!N$1)*('Export (QBO)'!$G$2:$G$99999<=((EOMONTH(Budget!N$1,0))))*('Export (QBO)'!$J$2:$J$99999=$A108)*('Export (QBO)'!$I$2:$I$99999)) )} -> 1000 | O108: =SUM(C108:N108) -> 1000 | P108: {=( SUM(('Export (QBO)'!$G$2:$G$99999>=Budget!P$1)*('Export (QBO)'!$G$2:$G$99999<=((EOMONTH(Budget!P$1,0))))*('Export (QBO)'!$J$2:$J$99999=$A108)*('Export (QBO)'!$I$2:$I$99999)) )} -> 0 | Q108: {=( SUM(('Export (QBO)'!$G$2:$G$99999>=Budget!Q$1)*('Export (QBO)'!$G$2:$G$99999<=((EOMONTH(Budget!Q$1,0))))*('Export (QBO)'!$J$2:$J$99999=$A108)*('Export (QBO)'!$I$2:$I$99999)) )} -> 0 | R108: {=( SUM(('Export (QBO)'!$G$2:$G$99999>=Budget!R$1)*('Export (QBO)'!$G$2:$G$99999<=((EOMONTH(Budget!R$1,0))))*('Export (QBO)'!$J$2:$J$99999=$A108)*('Export (QBO)'!$I$2:$I$99999)) )} -> 0 | S108: {=( SUM(('Export (QBO)'!$G$2:$G$99999>=Budget!S$1)*('Export (QBO)'!$G$2:$G$99999<=((EOMONTH(Budget!S$1,0))))*('Export (QBO)'!$J$2:$J$99999=$A108)*('Export (QBO)'!$I$2:$I$99999)) )} -> 0 | T108: {=( SUM(('Export (QBO)'!$G$2:$G$99999>=Budget!T$1)*('Export (QBO)'!$G$2:$G$99999<=((EOMONTH(Budget!T$1,0))))*('Export (QBO)'!$J$2:$J$99999=$A108)*('Export (QBO)'!$I$2:$I$99999)) )} -> 0 | U108: {=( SUM(('Export (QBO)'!$G$2:$G$99999>=Budget!U$1)*('Export (QBO)'!$G$2:$G$99999<=((EOMONTH(Budget!U$1,0))))*('Export (QBO)'!$J$2:$J$99999=$A108)*('Export (QBO)'!$I$2:$I$99999)) )} -> 0 | V108: {=( SUM(('Export (QBO)'!$G$2:$G$99999>=Budget!V$1)*('Export (QBO)'!$G$2:$G$99999<=((EOMONTH(Budget!V$1,0))))*('Export (QBO)'!$J$2:$J$99999=$A108)*('Export (QBO)'!$I$2:$I$99999)) )} -> 0 | W108: {=( SUM(('Export (QBO)'!$G$2:$G$99999>=Budget!W$1)*('Export (QBO)'!$G$2:$G$99999<=((EOMONTH(Budget!W$1,0))))*('Export (QBO)'!$J$2:$J$99999=$A108)*('Export (QBO)'!$I$2:$I$99999)) )} -> 0 | ... AA108: {=( SUM(('Export (QBO)'!$G$2:$G$99999>=Budget!AA$1)*('Export (QBO)'!$G$2:$G$99999<=((EOMONTH(Budget!AA$1,0))))*('Export (QBO)'!$J$2:$J$99999=$A108)*('Export (QBO)'!$I$2:$I$99999)) )} -> 0 | AB108: =SUM(P108:AA108) -> 0
A109: COGS - Freight / Shipping & Handling | C109: {=( SUM(('Export (QBO)'!$G$2:$G$99999>=Budget!C$1)*('Export (QBO)'!$G$2:$G$99999<=((EOMONTH(Budget!C$1,0))))*('Export (QBO)'!$J$2:$J$99999=$A109)*('Export (QBO)'!$I$2:$I$99999)) )} -> 0 | D109: {=( SUM(('Export (QBO)'!$G$2:$G$99999>=Budget!D$1)*('Export (QBO)'!$G$2:$G$99999<=((EOMONTH(Budget!D$1,0))))*('Export (QBO)'!$J$2:$J$99999=$A109)*('Export (QBO)'!$I$2:$I$99999)) )} -> 0 | E109: {=( SUM(('Export (QBO)'!$G$2:$G$99999>=Budget!E$1)*('Export (QBO)'!$G$2:$G$99999<=((EOMONTH(Budget!E$1,0))))*('Export (QBO)'!$J$2:$J$99999=$A109)*('Export (QBO)'!$I$2:$I$99999)) )} -> 0 | F109: {=( SUM(('Export (QBO)'!$G$2:$G$99999>=Budget!F$1)*('Export (QBO)'!$G$2:$G$99999<=((EOMONTH(Budget!F$1,0))))*('Export (QBO)'!$J$2:$J$99999=$A109)*('Export (QBO)'!$I$2:$I$99999)) )} -> 0 | G109: {=( SUM(('Export (QBO)'!$G$2:$G$99999>=Budget!G$1)*('Export (QBO)'!$G$2:$G$99999<=((EOMONTH(Budget!G$1,0))))*('Export (QBO)'!$J$2:$J$99999=$A109)*('Export (QBO)'!$I$2:$I$99999)) )} -> 0 | H109: {=( SUM(('Export (QBO)'!$G$2:$G$99999>=Budget!H$1)*('Export (QBO)'!$G$2:$G$99999<=((EOMONTH(Budget!H$1,0))))*('Export (QBO)'!$J$2:$J$99999=$A109)*('Export (QBO)'!$I$2:$I$99999)) )} -> 0 | I109: {=( SUM(('Export (QBO)'!$G$2:$G$99999>=Budget!I$1)*('Export (QBO)'!$G$2:$G$99999<=((EOMONTH(Budget!I$1,0))))*('Export (QBO)'!$J$2:$J$99999=$A109)*('Export (QBO)'!$I$2:$I$99999)) )} -> 0 | J109: {=( SUM(('Export (QBO)'!$G$2:$G$99999>=Budget!J$1)*('Export (QBO)'!$G$2:$G$99999<=((EOMONTH(Budget!J$1,0))))*('Export (QBO)'!$J$2:$J$99999=$A109)*('Export (QBO)'!$I$2:$I$99999)) )} -> 0 | ... N109: {=( SUM(('Export (QBO)'!$G$2:$G$99999>=Budget!N$1)*('Export (QBO)'!$G$2:$G$99999<=((EOMONTH(Budget!N$1,0))))*('Export (QBO)'!$J$2:$J$99999=$A109)*('Export (QBO)'!$I$2:$I$99999)) )} -> 0 | O109: =SUM(C109:N109) -> 0 | P109: {=( SUM(('Export (QBO)'!$G$2:$G$99999>=Budget!P$1)*('Export (QBO)'!$G$2:$G$99999<=((EOMONTH(Budget!P$1,0))))*('Export (QBO)'!$J$2:$J$99999=$A109)*('Export (QBO)'!$I$2:$I$99999)) )} -> 0 | Q109: {=( SUM(('Export (QBO)'!$G$2:$G$99999>=Budget!Q$1)*('Export (QBO)'!$G$2:$G$99999<=((EOMONTH(Budget!Q$1,0))))*('Export (QBO)'!$J$2:$J$99999=$A109)*('Export (QBO)'!$I$2:$I$99999)) )} -> 0 | R109: {=( SUM(('Export (QBO)'!$G$2:$G$99999>=Budget!R$1)*('Export (QBO)'!$G$2:$G$99999<=((EOMONTH(Budget!R$1,0))))*('Export (QBO)'!$J$2:$J$99999=$A109)*('Export (QBO)'!$I$2:$I$99999)) )} -> 0 | S109: {=( SUM(('Export (QBO)'!$G$2:$G$99999>=Budget!S$1)*('Export (QBO)'!$G$2:$G$99999<=((EOMONTH(Budget!S$1,0))))*('Export (QBO)'!$J$2:$J$99999=$A109)*('Export (QBO)'!$I$2:$I$99999)) )} -> 0 | T109: {=( SUM(('Export (QBO)'!$G$2:$G$99999>=Budget!T$1)*('Export (QBO)'!$G$2:$G$99999<=((EOMONTH(Budget!T$1,0))))*('Export (QBO)'!$J$2:$J$99999=$A109)*('Export (QBO)'!$I$2:$I$99999)) )} -> 0 | U109: {=( SUM(('Export (QBO)'!$G$2:$G$99999>=Budget!U$1)*('Export (QBO)'!$G$2:$G$99999<=((EOMONTH(Budget!U$1,0))))*('Export (QBO)'!$J$2:$J$99999=$A109)*('Export (QBO)'!$I$2:$I$99999)) )} -> 0 | V109: {=( SUM(('Export (QBO)'!$G$2:$G$99999>=Budget!V$1)*('Export (QBO)'!$G$2:$G$99999<=((EOMONTH(Budget!V$1,0))))*('Export (QBO)'!$J$2:$J$99999=$A109)*('Export (QBO)'!$I$2:$I$99999)) )} -> 0 | W109: {=( SUM(('Export (QBO)'!$G$2:$G$99999>=Budget!W$1)*('Export (QBO)'!$G$2:$G$99999<=((EOMONTH(Budget!W$1,0))))*('Export (QBO)'!$J$2:$J$99999=$A109)*('Export (QBO)'!$I$2:$I$99999)) )} -> 0 | ... AA109: {=( SUM(('Export (QBO)'!$G$2:$G$99999>=Budget!AA$1)*('Export (QBO)'!$G$2:$G$99999<=((EOMONTH(Budget!AA$1,0))))*('Export (QBO)'!$J$2:$J$99999=$A109)*('Export (QBO)'!$I$2:$I$99999)) )} -> 0 | AB109: =SUM(P109:AA109) -> 0
A110: COGS - Fuel | C110: {=( SUM(('Export (QBO)'!$G$2:$G$99999>=Budget!C$1)*('Export (QBO)'!$G$2:$G$99999<=((EOMONTH(Budget!C$1,0))))*('Export (QBO)'!$J$2:$J$99999=$A110)*('Export (QBO)'!$I$2:$I$99999)) )} -> 1865.47 | D110: {=( SUM(('Export (QBO)'!$G$2:$G$99999>=Budget!D$1)*('Export (QBO)'!$G$2:$G$99999<=((EOMONTH(Budget!D$1,0))))*('Export (QBO)'!$J$2:$J$99999=$A110)*('Export (QBO)'!$I$2:$I$99999)) )} -> 1848.46 | E110: {=( SUM(('Export (QBO)'!$G$2:$G$99999>=Budget!E$1)*('Export (QBO)'!$G$2:$G$99999<=((EOMONTH(Budget!E$1,0))))*('Export (QBO)'!$J$2:$J$99999=$A110)*('Export (QBO)'!$I$2:$I$99999)) )} -> 1730.66 | F110: {=( SUM(('Export (QBO)'!$G$2:$G$99999>=Budget!F$1)*('Export (QBO)'!$G$2:$G$99999<=((EOMONTH(Budget!F$1,0))))*('Export (QBO)'!$J$2:$J$99999=$A110)*('Export (QBO)'!$I$2:$I$99999)) )} -> 2864.94 | G110: {=( SUM(('Export (QBO)'!$G$2:$G$99999>=Budget!G$1)*('Export (QBO)'!$G$2:$G$99999<=((EOMONTH(Budget!G$1,0))))*('Export (QBO)'!$J$2:$J$99999=$A110)*('Export (QBO)'!$I$2:$I$99999)) )} -> 2007.83 | H110: {=( SUM(('Export (QBO)'!$G$2:$G$99999>=Budget!H$1)*('Export (QBO)'!$G$2:$G$99999<=((EOMONTH(Budget!H$1,0))))*('Export (QBO)'!$J$2:$J$99999=$A110)*('Export (QBO)'!$I$2:$I$99999)) )} -> 1953.75 | I110: {=( SUM(('Export (QBO)'!$G$2:$G$99999>=Budget!I$1)*('Export (QBO)'!$G$2:$G$99999<=((EOMONTH(Budget!I$1,0))))*('Export (QBO)'!$J$2:$J$99999=$A110)*('Export (QBO)'!$I$2:$I$99999)) )} -> 3099.6 | J110: {=( SUM(('Export (QBO)'!$G$2:$G$99999>=Budget!J$1)*('Export (QBO)'!$G$2:$G$99999<=((EOMONTH(Budget!J$1,0))))*('Export (QBO)'!$J$2:$J$99999=$A110)*('Export (QBO)'!$I$2:$I$99999)) )} -> 2515.22 | ... N110: {=( SUM(('Export (QBO)'!$G$2:$G$99999>=Budget!N$1)*('Export (QBO)'!$G$2:$G$99999<=((EOMONTH(Budget!N$1,0))))*('Export (QBO)'!$J$2:$J$99999=$A110)*('Export (QBO)'!$I$2:$I$99999)) )} -> 1746.57 | O110: =SUM(C110:N110) -> 24989 | P110: {=( SUM(('Export (QBO)'!$G$2:$G$99999>=Budget!P$1)*('Export (QBO)'!$G$2:$G$99999<=((EOMONTH(Budget!P$1,0))))*('Export (QBO)'!$J$2:$J$99999=$A110)*('Export (QBO)'!$I$2:$I$99999)) )} -> 0 | Q110: {=( SUM(('Export (QBO)'!$G$2:$G$99999>=Budget!Q$1)*('Export (QBO)'!$G$2:$G$99999<=((EOMONTH(Budget!Q$1,0))))*('Export (QBO)'!$J$2:$J$99999=$A110)*('Export (QBO)'!$I$2:$I$99999)) )} -> 0 | R110: {=( SUM(('Export (QBO)'!$G$2:$G$99999>=Budget!R$1)*('Export (QBO)'!$G$2:$G$99999<=((EOMONTH(Budget!R$1,0))))*('Export (QBO)'!$J$2:$J$99999=$A110)*('Export (QBO)'!$I$2:$I$99999)) )} -> 0 | S110: {=( SUM(('Export (QBO)'!$G$2:$G$99999>=Budget!S$1)*('Export (QBO)'!$G$2:$G$99999<=((EOMONTH(Budget!S$1,0))))*('Export (QBO)'!$J$2:$J$99999=$A110)*('Export (QBO)'!$I$2:$I$99999)) )} -> 0 | T110: {=( SUM(('Export (QBO)'!$G$2:$G$99999>=Budget!T$1)*('Export (QBO)'!$G$2:$G$99999<=((EOMONTH(Budget!T$1,0))))*('Export (QBO)'!$J$2:$J$99999=$A110)*('Export (QBO)'!$I$2:$I$99999)) )} -> 0 | U110: {=( SUM(('Export (QBO)'!$G$2:$G$99999>=Budget!U$1)*('Export (QBO)'!$G$2:$G$99999<=((EOMONTH(Budget!U$1,0))))*('Export (QBO)'!$J$2:$J$99999=$A110)*('Export (QBO)'!$I$2:$I$99999)) )} -> 0 | V110: {=( SUM(('Export (QBO)'!$G$2:$G$99999>=Budget!V$1)*('Export (QBO)'!$G$2:$G$99999<=((EOMONTH(Budget!V$1,0))))*('Export (QBO)'!$J$2:$J$99999=$A110)*('Export (QBO)'!$I$2:$I$99999)) )} -> 0 | W110: {=( SUM(('Export (QBO)'!$G$2:$G$99999>=Budget!W$1)*('Export (QBO)'!$G$2:$G$99999<=((EOMONTH(Budget!W$1,0))))*('Export (QBO)'!$J$2:$J$99999=$A110)*('Export (QBO)'!$I$2:$I$99999)) )} -> 0 | ... AA110: {=( SUM(('Export (QBO)'!$G$2:$G$99999>=Budget!AA$1)*('Export (QBO)'!$G$2:$G$99999<=((EOMONTH(Budget!AA$1,0))))*('Export (QBO)'!$J$2:$J$99999=$A110)*('Export (QBO)'!$I$2:$I$99999)) )} -> 0 | AB110: =SUM(P110:AA110) -> 0
A111: COGS - Labour | C111: {=( SUM(('Export (QBO)'!$G$2:$G$99999>=Budget!C$1)*('Export (QBO)'!$G$2:$G$99999<=((EOMONTH(Budget!C$1,0))))*('Export (QBO)'!$J$2:$J$99999=$A111)*('Export (QBO)'!$I$2:$I$99999)) )} -> 0 | D111: {=( SUM(('Export (QBO)'!$G$2:$G$99999>=Budget!D$1)*('Export (QBO)'!$G$2:$G$99999<=((EOMONTH(Budget!D$1,0))))*('Export (QBO)'!$J$2:$J$99999=$A111)*('Export (QBO)'!$I$2:$I$99999)) )} -> 0 | E111: {=( SUM(('Export (QBO)'!$G$2:$G$99999>=Budget!E$1)*('Export (QBO)'!$G$2:$G$99999<=((EOMONTH(Budget!E$1,0))))*('Export (QBO)'!$J$2:$J$99999=$A111)*('Export (QBO)'!$I$2:$I$99999)) )} -> 0 | F111: {=( SUM(('Export (QBO)'!$G$2:$G$99999>=Budget!F$1)*('Export (QBO)'!$G$2:$G$99999<=((EOMONTH(Budget!F$1,0))))*('Export (QBO)'!$J$2:$J$99999=$A111)*('Export (QBO)'!$I$2:$I$99999)) )} -> 0 | G111: {=( SUM(('Export (QBO)'!$G$2:$G$99999>=Budget!G$1)*('Export (QBO)'!$G$2:$G$99999<=((EOMONTH(Budget!G$1,0))))*('Export (QBO)'!$J$2:$J$99999=$A111)*('Export (QBO)'!$I$2:$I$99999)) )} -> 14948.68 | H111: {=( SUM(('Export (QBO)'!$G$2:$G$99999>=Budget!H$1)*('Export (QBO)'!$G$2:$G$99999<=((EOMONTH(Budget!H$1,0))))*('Export (QBO)'!$J$2:$J$99999=$A111)*('Export (QBO)'!$I$2:$I$99999)) )} -> 0 | I111: {=( SUM(('Export (QBO)'!$G$2:$G$99999>=Budget!I$1)*('Export (QBO)'!$G$2:$G$99999<=((EOMONTH(Budget!I$1,0))))*('Export (QBO)'!$J$2:$J$99999=$A111)*('Export (QBO)'!$I$2:$I$99999)) )} -> 0 | J111: {=( SUM(('Export (QBO)'!$G$2:$G$99999>=Budget!J$1)*('Export (QBO)'!$G$2:$G$99999<=((EOMONTH(Budget!J$1,0))))*('Export (QBO)'!$J$2:$J$99999=$A111)*('Export (QBO)'!$I$2:$I$99999)) )} -> 0 | ... N111: {=( SUM(('Export (QBO)'!$G$2:$G$99999>=Budget!N$1)*('Export (QBO)'!$G$2:$G$99999<=((EOMONTH(Budget!N$1,0))))*('Export (QBO)'!$J$2:$J$99999=$A111)*('Export (QBO)'!$I$2:$I$99999)) )} -> 0 | O111: =SUM(C111:N111) -> 15460.05 | P111: {=( SUM(('Export (QBO)'!$G$2:$G$99999>=Budget!P$1)*('Export (QBO)'!$G$2:$G$99999<=((EOMONTH(Budget!P$1,0))))*('Export (QBO)'!$J$2:$J$99999=$A111)*('Export (QBO)'!$I$2:$I$99999)) )} -> 0 | Q111: {=( SUM(('Export (QBO)'!$G$2:$G$99999>=Budget!Q$1)*('Export (QBO)'!$G$2:$G$99999<=((EOMONTH(Budget!Q$1,0))))*('Export (QBO)'!$J$2:$J$99999=$A111)*('Export (QBO)'!$I$2:$I$99999)) )} -> 0 | R111: {=( SUM(('Export (QBO)'!$G$2:$G$99999>=Budget!R$1)*('Export (QBO)'!$G$2:$G$99999<=((EOMONTH(Budget!R$1,0))))*('Export (QBO)'!$J$2:$J$99999=$A111)*('Export (QBO)'!$I$2:$I$99999)) )} -> 0 | S111: {=( SUM(('Export (QBO)'!$G$2:$G$99999>=Budget!S$1)*('Export (QBO)'!$G$2:$G$99999<=((EOMONTH(Budget!S$1,0))))*('Export (QBO)'!$J$2:$J$99999=$A111)*('Export (QBO)'!$I$2:$I$99999)) )} -> 0 | T111: {=( SUM(('Export (QBO)'!$G$2:$G$99999>=Budget!T$1)*('Export (QBO)'!$G$2:$G$99999<=((EOMONTH(Budget!T$1,0))))*('Export (QBO)'!$J$2:$J$99999=$A111)*('Export (QBO)'!$I$2:$I$99999)) )} -> 0 | U111: {=( SUM(('Export (QBO)'!$G$2:$G$99999>=Budget!U$1)*('Export (QBO)'!$G$2:$G$99999<=((EOMONTH(Budget!U$1,0))))*('Export (QBO)'!$J$2:$J$99999=$A111)*('Export (QBO)'!$I$2:$I$99999)) )} -> 0 | V111: {=( SUM(('Export (QBO)'!$G$2:$G$99999>=Budget!V$1)*('Export (QBO)'!$G$2:$G$99999<=((EOMONTH(Budget!V$1,0))))*('Export (QBO)'!$J$2:$J$99999=$A111)*('Export (QBO)'!$I$2:$I$99999)) )} -> 0 | W111: {=( SUM(('Export (QBO)'!$G$2:$G$99999>=Budget!W$1)*('Export (QBO)'!$G$2:$G$99999<=((EOMONTH(Budget!W$1,0))))*('Export (QBO)'!$J$2:$J$99999=$A111)*('Export (QBO)'!$I$2:$I$99999)) )} -> 0 | ... AA111: {=( SUM(('Export (QBO)'!$G$2:$G$99999>=Budget!AA$1)*('Export (QBO)'!$G$2:$G$99999<=((EOMONTH(Budget!AA$1,0))))*('Export (QBO)'!$J$2:$J$99999=$A111)*('Export (QBO)'!$I$2:$I$99999)) )} -> 0 | AB111: =SUM(P111:AA111) -> 0
A112: COGS - Miscellaneous (Vehicle) | C112: {=( SUM(('Export (QBO)'!$G$2:$G$99999>=Budget!C$1)*('Export (QBO)'!$G$2:$G$99999<=((EOMONTH(Budget!C$1,0))))*('Export (QBO)'!$J$2:$J$99999=$A112)*('Export (QBO)'!$I$2:$I$99999)) )} -> 17123.99 | D112: {=( SUM(('Export (QBO)'!$G$2:$G$99999>=Budget!D$1)*('Export (QBO)'!$G$2:$G$99999<=((EOMONTH(Budget!D$1,0))))*('Export (QBO)'!$J$2:$J$99999=$A112)*('Export (QBO)'!$I$2:$I$99999)) )} -> 0 | E112: {=( SUM(('Export (QBO)'!$G$2:$G$99999>=Budget!E$1)*('Export (QBO)'!$G$2:$G$99999<=((EOMONTH(Budget!E$1,0))))*('Export (QBO)'!$J$2:$J$99999=$A112)*('Export (QBO)'!$I$2:$I$99999)) )} -> 182.7 | F112: {=( SUM(('Export (QBO)'!$G$2:$G$99999>=Budget!F$1)*('Export (QBO)'!$G$2:$G$99999<=((EOMONTH(Budget!F$1,0))))*('Export (QBO)'!$J$2:$J$99999=$A112)*('Export (QBO)'!$I$2:$I$99999)) )} -> 516.36 | G112: {=( SUM(('Export (QBO)'!$G$2:$G$99999>=Budget!G$1)*('Export (QBO)'!$G$2:$G$99999<=((EOMONTH(Budget!G$1,0))))*('Export (QBO)'!$J$2:$J$99999=$A112)*('Export (QBO)'!$I$2:$I$99999)) )} -> 0 | H112: {=( SUM(('Export (QBO)'!$G$2:$G$99999>=Budget!H$1)*('Export (QBO)'!$G$2:$G$99999<=((EOMONTH(Budget!H$1,0))))*('Export (QBO)'!$J$2:$J$99999=$A112)*('Export (QBO)'!$I$2:$I$99999)) )} -> 262.73 | I112: {=( SUM(('Export (QBO)'!$G$2:$G$99999>=Budget!I$1)*('Export (QBO)'!$G$2:$G$99999<=((EOMONTH(Budget!I$1,0))))*('Export (QBO)'!$J$2:$J$99999=$A112)*('Export (QBO)'!$I$2:$I$99999)) )} -> 4918.58 | J112: {=( SUM(('Export (QBO)'!$G$2:$G$99999>=Budget!J$1)*('Export (QBO)'!$G$2:$G$99999<=((EOMONTH(Budget!J$1,0))))*('Export (QBO)'!$J$2:$J$99999=$A112)*('Export (QBO)'!$I$2:$I$99999)) )} -> 2339.52 | ... N112: {=( SUM(('Export (QBO)'!$G$2:$G$99999>=Budget!N$1)*('Export (QBO)'!$G$2:$G$99999<=((EOMONTH(Budget!N$1,0))))*('Export (QBO)'!$J$2:$J$99999=$A112)*('Export (QBO)'!$I$2:$I$99999)) )} -> 2213.02 | O112: =SUM(C112:N112) -> 48940.67 | P112: {=( SUM(('Export (QBO)'!$G$2:$G$99999>=Budget!P$1)*('Export (QBO)'!$G$2:$G$99999<=((EOMONTH(Budget!P$1,0))))*('Export (QBO)'!$J$2:$J$99999=$A112)*('Export (QBO)'!$I$2:$I$99999)) )} -> 0 | Q112: {=( SUM(('Export (QBO)'!$G$2:$G$99999>=Budget!Q$1)*('Export (QBO)'!$G$2:$G$99999<=((EOMONTH(Budget!Q$1,0))))*('Export (QBO)'!$J$2:$J$99999=$A112)*('Export (QBO)'!$I$2:$I$99999)) )} -> 0 | R112: {=( SUM(('Export (QBO)'!$G$2:$G$99999>=Budget!R$1)*('Export (QBO)'!$G$2:$G$99999<=((EOMONTH(Budget!R$1,0))))*('Export (QBO)'!$J$2:$J$99999=$A112)*('Export (QBO)'!$I$2:$I$99999)) )} -> 0 | S112: {=( SUM(('Export (QBO)'!$G$2:$G$99999>=Budget!S$1)*('Export (QBO)'!$G$2:$G$99999<=((EOMONTH(Budget!S$1,0))))*('Export (QBO)'!$J$2:$J$99999=$A112)*('Export (QBO)'!$I$2:$I$99999)) )} -> 0 | T112: {=( SUM(('Export (QBO)'!$G$2:$G$99999>=Budget!T$1)*('Export (QBO)'!$G$2:$G$99999<=((EOMONTH(Budget!T$1,0))))*('Export (QBO)'!$J$2:$J$99999=$A112)*('Export (QBO)'!$I$2:$I$99999)) )} -> 0 | U112: {=( SUM(('Export (QBO)'!$G$2:$G$99999>=Budget!U$1)*('Export (QBO)'!$G$2:$G$99999<=((EOMONTH(Budget!U$1,0))))*('Export (QBO)'!$J$2:$J$99999=$A112)*('Export (QBO)'!$I$2:$I$99999)) )} -> 0 | V112: {=( SUM(('Export (QBO)'!$G$2:$G$99999>=Budget!V$1)*('Export (QBO)'!$G$2:$G$99999<=((EOMONTH(Budget!V$1,0))))*('Export (QBO)'!$J$2:$J$99999=$A112)*('Export (QBO)'!$I$2:$I$99999)) )} -> 0 | W112: {=( SUM(('Export (QBO)'!$G$2:$G$99999>=Budget!W$1)*('Export (QBO)'!$G$2:$G$99999<=((EOMONTH(Budget!W$1,0))))*('Export (QBO)'!$J$2:$J$99999=$A112)*('Export (QBO)'!$I$2:$I$99999)) )} -> 0 | ... AA112: {=( SUM(('Export (QBO)'!$G$2:$G$99999>=Budget!AA$1)*('Export (QBO)'!$G$2:$G$99999<=((EOMONTH(Budget!AA$1,0))))*('Export (QBO)'!$J$2:$J$99999=$A112)*('Export (QBO)'!$I$2:$I$99999)) )} -> 0 | AB112: =SUM(P112:AA112) -> 0
